Workbook

Sheet Listen
B1: E3 - Netz/-Umspannebenen | D1: E3 - Einspeiseart | F1: Einspeiser in E3 | H1: Energieträger E6. | J1: Kkauf - Anlagengruppe | K1: Unterer Rand StromNE | L1: Oberer Rand StromNEV | N1: Kkauf - BKZ | P1: WAV-Positionen | R1: Kategorie | T1: Tabellenblätter für Erläuterungen | V1: Vorgelagerte Netzbetreiber für Auswahl in E2 | X1: Netz- und Umspannebenen für Auswahl in E2 | Z1: Jahre für KKAuf | AB1: Hilfstab. Ausw ID E8
B2: Bitte wählen | D2: Bitte wählen | F2: Bitte wählen | H2: Bitte wählen | J2: Bitte wählen | N2: Bitte wählen | P2: Bitte wählen | R2: Verpächter | T2: Bitte wählen | V2: Bitte wählen | X2: Bitte wählen | Z2: Bitte wählen | AA2: Bitte wählen | AB2: ='E8. KKAuf_Berechnung'!B11 -> 1
B3: HöS/HS | D3: EE-Anlagen - Bestand nicht volatil | F3: BHKW | H3: BHKW | J3: Kabel 220 kV | K3: 40 | L3: 50 | N3: Baukostenzuschüsse | P3: Selbst geschaffene gewerbliche Schutzrechte und ähnliche Rechte und Werte | R3: anderer Netzbereich | T3: A. Allgemeine Informationen | V3: 50Hertz Transmission GmbH | X3: HöS | Z3: 2022 | AA3: vor 2024 | AB3: ='E8. KKAuf_Berechnung'!B18 -> 0
B4: HS | D4: EE-Anlagen - nicht volatil - Inbetriebnahme nach 2022 | F4: Biogas | H4: Biogas | J4: Kabel 110 kV | K4: 40 | L4: 50 | N4: Netzanschlusskostenbeiträge | P4: entgeltlich erworbene Konzessionen, gewerbliche Schutzrechte und ähnliche Rechte und Werte sowie Lizenzen an solchen Rechten und Werten | R4: Voll-Netzzugang (§ 26 I ARegV) nach dem Basisjahr | T4: A1. Umsatzerlöse | V4: AllgäuNetz GmbH & Co. KG | X4: HöS/HS | Z4: 2023 | AA4: 2024 | AB4: ='E8. KKAuf_Berechnung'!B25 -> 0
B5: HS/MS | D5: EE-Anlagen - volatil | F5: Biomasse | H5: Biomasse | J5: Kabel Mittelspannungsnetz | K5: 40 | L5: 45 | N5: Investitionszuschüsse | P5: Geschäfts- oder Firmenwert | R5: Teil-Netzzugang (§ 26 II, III ARegV) nach dem Basisjahr | T5: A2. Bilanz | V5: Amprion GmbH | X5: HS | Z5: 2024 | AA5: 2025 | AB5: ='E8. KKAuf_Berechnung'!B32 -> 0
B6: MS | D6: KWK-Anlagen - Bestand | F6: Deponiegas | H6: Deponiegas | J6: Kabel 1 kV | K6: 40 | L6: 45 | P6: geleistete Anzahlungen auf immaterielle Vermögensgegenstände | R6: Teil-Netzabgang (§ 26 II, III ARegV) nach dem Basisjahr | T6: A3. GuV | V6: Avacon Netz GmbH | X6: HS/MS | Z6: 2025 | AA6: 2026 | AB6: ='E8. KKAuf_Berechnung'!B39 -> 0
B7: MS/NS | D7: KWK-Anlagen - Inbetriebnahme nach 2022 | F7: Geothermie | H7: Geothermie | J7: Kabel Abnehmeranschlüsse | K7: 35 | L7: 45 | N7: Vergleich in Tab. A. | P7: geleistete Anzahlungen und Anlagen im Bau des Sachanlagevermögens | R7: sonstiger Zu- bzw. Abgang | T7: A4. Anlagenspiegel | V7: AVU Netz GmbH | X7: MS | Z7: 2026 | AA7: 2027 | AB7: ='E8. KKAuf_Berechnung'!B46 -> 0
B8: NS | D8: Sonstige Anlagen - Bestand | F8: Grubengas | H8: Grubengas | J8: Freileitungen 110-380kV | K8: 40 | L8: 50 | N8: Bitte wählen | P8: Grundstücke | T8: A5. Energiefluss | V8: badenovaNETZE GmbH | X8: MS/NS | Z8: 2027 | AA8: 2028 | AB8: ='E8. KKAuf_Berechnung'!B53 -> 0
D9: Sonstige Anlagen - Inbetriebnahme nach 2022 | F9: Klärgas | H9: Klärgas | J9: Freileitungen Mittelspannungsnetz | K9: 30 | L9: 40 | N9: Ja | P9: grundstücksgleiche Rechte | T9: A6. EE-Wälzung | V9: Bayernwerk Netz GmbH | X9: NS | Z9: 2028 | AB9: ='E8. KKAuf_Berechnung'!B60 -> 0
D10: Rückspeisung | F10: konventionelle Anlagen | H10: konventionelle Anlagen | J10: Freileitungen 1 kV | K10: 30 | L10: 40 | N10: Nein | T10: E1. Erzielb. Erlöse | V10: Bielefelder Netz GmbH | AB10: ='E8. KKAuf_Berechnung'!B67 -> 0
B11: Verfahrensart | F11: Müllverbrennung | H11: Müllverbrennung | J11: Freileitungen Abnehmeranschlüsse | K11: 30 | L11: 35 | T11: E2. Vorgelagerte Netzkosten | V11: Bonn-Netz GmbH | AB11: ='E8. KKAuf_Berechnung'!B74 -> 0
B12: Bitte wählen | F12: Rückspeisung fremde Netze | H12: Solar | J12: Stationseinrichtungen und Hilfsanlagen inklusive Trafo und Schalter | K12: 35 | L12: 45 | T12: E3. Dezentrale Einspeisung | V12: Braunschweiger Netz GmbH | AB12: ='E8. KKAuf_Berechnung'!B81 -> 0
B13: Regelverfahren | F13: Solar | H13: Wasser | J13: Schutz-, Mess- und Überspannungsschutzeinrichtungen, Fernsteuer-, Fernmelde-, Fernmess- und Automatikanlagen sowie Rundsteuerungsanlagen einschließlich Kopplungs-, Trafo- und Schaltanlagen | K13: 25 | L13: 30 | T13: E4.a. MSB (inkl. Messung) | V13: Celle-Uelzen Netz GmbH | AB13: ='E8. KKAuf_Berechnung'!B88 -> 0
B14: Vereinfachtes Verfahren | F14: Wasser | H14: Wind onshore | J14: Sonstiges | K14: 20 | L14: 30 | T14: E4.b. POG iMSys | V14: Covestro Brunsbüttel Energie GmbH | AB14: ='E8. KKAuf_Berechnung'!B95 -> 0
F15: Wind | H15: Wind offshore | J15: 380/220/110/30/10 kV-Stationen | K15: 25 | L15: 35 | T15: E6. fin.Ausgl. | V15: DB Energie GmbH | AB15: ='E8. KKAuf_Berechnung'!B102 -> 0
B16: Auswahl Hinzurechnungen | F16: Sonstiges | H16: Sonstiges | J16: Hauptverteilerstationen | K16: 25 | L16: 35 | T16: E7. BKZ_NAB_IZ | V16: Dortmunder Netz GmbH | AB16: ='E8. KKAuf_Berechnung'!B109 -> 0
B17: Nachaktivierung | J17: Ortsnetzstationen | K17: 30 | L17: 40 | T17: E8. KKauf_Berechnung | V17: E.DIS Netz GmbH | AB17: ='E8. KKAuf_Berechnung'!B116 -> 0
B18: Schlüsseländerung | J18: Kundenstationen | K18: 30 | L18: 40 | T18: E8.a. KKauf_SAV | V18: EAM Netz GmbH | AB18: ='E8. KKAuf_Berechnung'!B123 -> 0
B19: Umbuchung | J19: Stationsgebäude | K19: 30 | L19: 50 | T19: E8.b. KKauf_WAV | V19: EGC Energie- und Gebäudetechnik Control GmbH & Co. KG | AB19: ='E8. KKAuf_Berechnung'!B130 -> 0
B20: Sonstiges | J20: Allgemeine Stationseinrichtungen, Hilfsanlagen | K20: 25 | L20: 30 | T20: E8.c. KKAuf_BKZ_NAB_IZ | V20: ELE Verteilnetz GmbH | AB20: ='E8. KKAuf_Berechnung'!B137 -> 0
J21: ortsfeste Hebezeuge und Lastenaufzüge einschließlich Laufschienen, Außenbeleuchtung in Umspann- und Schaltanlagen | K21: 25 | L21: 30 | T21: E10. Sonstiges | V21: Elektrizitätswerk Max Peissker | AB21: ='E8. KKAuf_Berechnung'!B144 -> 0
B22: Auswahl Kürzung | J22: Schalteinrichtungen | K22: 30 | L22: 35 | T22: F. Zusammenfassung | V22: Elektroenergieversorgung Cottbus GmbH | AB22: ='E8. KKAuf_Berechnung'!B151 -> 0
B23: Anlagenabgang | J23: Rundsteuer-, Fernsteuer-, Fernmelde-, Fernmess-, Automatikanlagen, Strom- und Spannungswandler, Netzschutzeinrichtungen | K23: 25 | L23: 30 | T23: G. Auflösung RegKto | V23: ENA Energienetze Apolda GmbH | AB23: ='E8. KKAuf_Berechnung'!B158 -> 0
B24: Schlüsseländerung | J24: Ortsnetz-Transformatoren, Kabelverteilerschränke | K24: 30 | L24: 35 | V24: enercity Netz GmbH | AB24: ='E8. KKAuf_Berechnung'!B165 -> 0
B25: Umbuchung | J25: Zähler, Messeinrichtungen, Uhren, TFR-Empfänger | K25: 20 | L25: 25 | V25: Energie- und Wasserversorgung Altenburg GmbH | AB25: ='E8. KKAuf_Berechnung'!B172 -> 0
B26: Sonstiges | J26: Telefonleitungen | K26: 30 | L26: 40 | V26: Energie Waldeck-Frankenberg GmbH | AB26: ='E8. KKAuf_Berechnung'!B179 -> 0
J27: Fahrbare Stromaggregate | K27: 15 | L27: 25 | V27: Energienetze Berlin GmbH | AB27: ='E8. KKAuf_Berechnung'!B186 -> 0
J28: Grundstücksanlagen, Bauten für Transportwesen | K28: 25 | L28: 35 | V28: Energienetze Mittelrhein GmbH & Co. KG | AB28: ='E8. KKAuf_Berechnung'!B193 -> 0
J29: Betriebsgebäude | K29: 50 | L29: 60 | V29: Energienetze Offenbach GmbH | AB29: ='E8. KKAuf_Berechnung'!B200 -> 0
J30: Verwaltungsgebäude | K30: 60 | L30: 70 | V30: Energiequelle GmbH & Co. Windpark Feldheim 2006 KG | AB30: ='E8. KKAuf_Berechnung'!B207 -> 0
J31: Geschäftsausstattung (ohne EDV, Werkzeuge/Geräte); Vermittlungseinrichtungen | K31: 8 | L31: 10 | V31: Energieversorgung Guben GmbH | AB31: ='E8. KKAuf_Berechnung'!B214 -> 0
J32: Werkzeuge/ Geräte | K32: 14 | L32: 18 | V32: Energieversorgung Halle Netz GmbH | AB32: ='E8. KKAuf_Berechnung'!B221 -> 0
J33: Lagereinrichtung | K33: 14 | L33: 25 | V33: Energieversorgung Inselsberg GmbH | AB33: ='E8. KKAuf_Berechnung'!B228 -> 0
J34: Hardware | K34: 4 | L34: 8 | V34: Energieversorgung Sylt GmbH | AB34: ='E8. KKAuf_Berechnung'!B235 -> 0
J35: Software | K35: 3 | L35: 5 | V35: Energiewerke Zeulenroda GmbH | AB35: ='E8. KKAuf_Berechnung'!B242 -> 0
J36: Leichtfahrzeuge | K36: 5 | L36: 5 | V36: energis-Netzgesellschaft mbH | AB36: ='E8. KKAuf_Berechnung'!B249 -> 0
J37: Schwerfahrzeuge | K37: 8 | L37: 8 | V37: ENERVIE Vernetzt GmbH | AB37: ='E8. KKAuf_Berechnung'!B256 -> 0
J38: moderne Messeinrichtungen | K38: 13 | L38: 18 | V38: e-netz Südhessen AG | AB38: ='E8. KKAuf_Berechnung'!B263 -> 0
J39: Smart-Meter-Gateway | K39: 8 | L39: 13 | V39: EnR Energienetze Rudolstadt GmbH | AB39: ='E8. KKAuf_Berechnung'!B270 -> 0
V40: ENRO Ludwigsfelde Netz GmbH | AB40: ='E8. KKAuf_Berechnung'!B277 -> 0
V41: ENWG Energienetze Weimar GmbH & Co. KG | AB41: ='E8. KKAuf_Berechnung'!B284 -> 0
V42: Eurogate Technical Services GmbH | AB42: ='E8. KKAuf_Berechnung'!B291 -> 0
V43: EVB Netze GmbH | AB43: ='E8. KKAuf_Berechnung'!B298 -> 0
V44: EWE NETZ GmbH | AB44: ='E8. KKAuf_Berechnung'!B305 -> 0
V45: e-werk Sachsenwald GmbH | AB45: ='E8. KKAuf_Berechnung'!B312 -> 0
V46: E-Werk Wanfried von Scharfenberg GmbH & Co. KG | AB46: ='E8. KKAuf_Berechnung'!B319 -> 0
V47: EWR Netz GmbH | AB47: ='E8. KKAuf_Berechnung'!B326 -> 0
V48: ews - Netz GmbH | AB48: ='E8. KKAuf_Berechnung'!B333 -> 0
V49: FairNetz GmbH | AB49: ='E8. KKAuf_Berechnung'!B340 -> 0
V50: Fischereihafen-Betriebs- gesellschaft mbH | AB50: ='E8. KKAuf_Berechnung'!B347 -> 0
V51: GELSENWASSER Energienetze GmbH | AB51: ='E8. KKAuf_Berechnung'!B354 -> 0
V52: Gemeindewerke Halstenbek | AB52: ='E8. KKAuf_Berechnung'!B361 -> 0
V53: Gemeindewerke Heikendorf AöR | AB53: ='E8. KKAuf_Berechnung'!B368 -> 0
V54: Gemeindewerke Kahl Versorgungsgesellschaft mbH | AB54: ='E8. KKAuf_Berechnung'!B375 -> 0
V55: Gemeindewerke Leck-Netz GmbH | AB55: ='E8. KKAuf_Berechnung'!B382 -> 0
V56: Gemeindewerke Schönkirchen GmbH | AB56: ='E8. KKAuf_Berechnung'!B389 -> 0
V57: GeraNetz GmbH | AB57: ='E8. KKAuf_Berechnung'!B396 -> 0
V58: GETEC net GmbH | AB58: ='E8. KKAuf_Berechnung'!B403 -> 0
V59: Greizer Energienetze GmbH | AB59: ='E8. KKAuf_Berechnung'!B410 -> 0
V60: Hamburger Energienetze GmbH | AB60: ='E8. KKAuf_Berechnung'!B417 -> 0
V61: Harz Energie Netz GmbH | AB61: ='E8. KKAuf_Berechnung'!B424 -> 0
V62: Havelstrom Zehdenick GmbH | AB62: ='E8. KKAuf_Berechnung'!B431 -> 0
V63: Heinrich N. Clausen GmbH & Co. KG | AB63: ='E8. KKAuf_Berechnung'!B438 -> 0
V64: inetz GmbH | AB64: ='E8. KKAuf_Berechnung'!B445 -> 0
V65: Kommunale Energieversorgung GmbH Eisenhüttenstadt | AB65: ='E8. KKAuf_Berechnung'!B452 -> 0
V66: LEW Verteilnetz GmbH | AB66: ='E8. KKAuf_Berechnung'!B459 -> 0
V67: Licht- und Kraftwerke Sonneberg GmbH | AB67: ='E8. KKAuf_Berechnung'!B466 -> 0
V68: LSW Netz GmbH & Co. KG | AB68: ='E8. KKAuf_Berechnung'!B473 -> 0
V69: Mainfranken Netze GmbH | AB69: ='E8. KKAuf_Berechnung'!B480 -> 0
V70: Mainzer Netze GmbH | AB70: ='E8. KKAuf_Berechnung'!B487 -> 0
V71: Mitteldeutsche Netzgesellschaft Strom mbH | AB71: ='E8. KKAuf_Berechnung'!B494 -> 0
V72: Mittelhessen Netz GmbH | AB72: ='E8. KKAuf_Berechnung'!B501 -> 0
V73: MVE eurokom Ges. für Energie- und Kommunikationsleistungen mbH | AB73: ='E8. KKAuf_Berechnung'!B508 -> 0
V74: MVV Netze GmbH | AB74: ='E8. KKAuf_Berechnung'!B515 -> 0
V75: naturenergie netze GmbH | AB75: ='E8. KKAuf_Berechnung'!B522 -> 0
V76: N-ERGIE Netz GmbH | AB76: ='E8. KKAuf_Berechnung'!B529 -> 0
V77: Netz Leipzig GmbH | AB77: ='E8. KKAuf_Berechnung'!B536 -> 0
V78: NETZE Bad Langensalza GmbH | AB78: ='E8. KKAuf_Berechnung'!B543 -> 0
V79: Netze BW GmbH | AB79: ='E8. KKAuf_Berechnung'!B550 -> 0
V80: Netze Duisburg GmbH | AB80: ='E8. KKAuf_Berechnung'!B557 -> 0
V81: Netze Magdeburg GmbH | AB81: ='E8. KKAuf_Berechnung'!B564 -> 0
V82: Netze ODR GmbH | AB82: ='E8. KKAuf_Berechnung'!B571 -> 0
V83: Netzgesellschaft Düsseldorf mbH | AB83: ='E8. KKAuf_Berechnung'!B578 -> 0
V84: Netzgesellschaft Eisenberg mbH | AB84: ='E8. KKAuf_Berechnung'!B585 -> 0
V85: Netzgesellschaft Forst (Lausitz) mbH & Co. KG | AB85: ='E8. KKAuf_Berechnung'!B592 -> 0
V86: Netzgesellschaft Frankfurt (Oder) mbH | AB86: ='E8. KKAuf_Berechnung'!B599 -> 0
V87: Netzgesellschaft Panketal GmbH | AB87: ='E8. KKAuf_Berechnung'!B606 -> 0
V88: Netzgesellschaft Potsdam GmbH | AB88: ='E8. KKAuf_Berechnung'!B613 -> 0
V89: NEW Netz GmbH | AB89: ='E8. KKAuf_Berechnung'!B620 -> 0
V90: NGN Netzgesellschaft Niederrhein mbH | AB90: ='E8. KKAuf_Berechnung'!B627 -> 0
V91: Nordhausen Netz GmbH | AB91: ='E8. KKAuf_Berechnung'!B634 -> 0
V92: NordNetz GmbH | AB92: ='E8. KKAuf_Berechnung'!B641 -> 0
V93: NRM Netzdienste Rhein-Main GmbH | AB93: ='E8. KKAuf_Berechnung'!B648 -> 0
V94: Oberhausener Netzgesellschaft mbH | AB94: ='E8. KKAuf_Berechnung'!B655 -> 0
V95: Osterholzer Stadtwerke GmbH & Co. KG | AB95: ='E8. KKAuf_Berechnung'!B662 -> 0
V96: OsthessenNetz GmbH | AB96: ='E8. KKAuf_Berechnung'!B669 -> 0
V97: ovag Netz GmbH | AB97: ='E8. KKAuf_Berechnung'!B676 -> 0
V98: Pfalzwerke Netz AG | AB98: ='E8. KKAuf_Berechnung'!B683 -> 0
V99: PVU Energienetze GmbH | AB99: ='E8. KKAuf_Berechnung'!B690 -> 0
V100: Regensburg Netz GmbH | AB100: ='E8. KKAuf_Berechnung'!B697 -> 0
...

Sheet Ausfüllhilfe
B1: Ausfüllhilfe
B3: I Übersicht Tabellenblätter
B5: A. Allgemeine Informationen
B6: A1. Umsatzerlöse
B7: A2. Bilanz
B8: A3. GuV
B9: A4. Anlagenspiegel
B10: A5. Energiefluss
B11: A6. EE-Wälzung
B12: E1. Erzielb. Erlöse
B13: E2. Vorgelagerte Netzkosten
B14: E3. Dezentrale Einspeisung
... B38: A. Allgemeine Informationen
B40: Abgabedatum: | C40: Das Datum an dem der Erhebungsbogen an die Bundesnetzagentur übermittelt wurde.
B41: Firma und Rechtsform des Stromnetzbetreibers: | C41: Der aktuelle im Handelsregister eingetragene Name des Stromnetzbetreibers.
B42: Betriebsnummer der Bundesnetzagentur: | C42: Hier ist die von der Bundesnetzagentur dem Stromnetzbetreiber zugewiesene aktuelle Betriebsnummer einzutragen.
B43: Netznummer der Bundesnetzagentur: | C43: Hat der Stromnetzbetreiber mehrere Netze, so ist hier die jeweilige von der Bundesnetzagentur zugeordnete Netznummer für das betreffende Netz einzutragen.
B44: MaStR-Nr. | C44: Die Identifikationsnummer des Netzbetreibers in dem bei der Bundesnetzagentur geführten Marktstammdatenregister. Im Marktstammdatenregister werden MaStR-Nummern u. a. für Marktakteure, Marktrollen und Anlagen vergeben. Die Nummer besteht aus drei Buchstaben und zwölf Ziffern. Über die Buchstaben ist erkennbar, um was für eine Marktfunktion es sich dabei handelt, zum Beispiel "SNB" für einen Stromnetzbetreiber.
B45: Mitteilung der für die Führung des Regulierungs-kontos notwendigen Daten des Kalenderjahres: | C45: Angabe des jeweiligen Jahres.
B47: A1. Umsatzerlöse
B49: Die abgefragten Daten aus dem Jahresabschluss des jeweiligen Jahres dienen dem Abgleich der erzielten Umsatzerlöse laut Tätigkeitsabschluss des jeweiligen Jahres mit der zulässigen Erlösobergrenze. Hierzu sind zu den Erlösen aus Netzentgelten (C4) weitere Erlöse (C5:C22) zu addieren, die nicht in den Netzentgelten enthalten gewesen waren, um letztlich den Wert der erzielten Umsatzerlöse (C23) zu erreichen. Unter der Position "sonstige Erlöse aus Entgelten" können auch sonstige Buchungen, die nicht als Umsatzerlöse berücksichtigt wurden (wie beispielsweise Erlöskorrekturen aus dem Vorjahr) ausgewiesen werden. Diese sind jedoch dann näher zu erläutern.
B51: A2. Bilanz
B53: Die Darlegung der Bilanz für das letzte abgeschlossene Geschäftsjahr. Es erfolgt die Aufteilung in Sparten und Aktivitäten. Die Aktivseite der Bilanz wird unterteilt in Anlagevermögen, Umlaufvermögen, Rechnungsabgrenzungsposten und Sonderverlustkonto aus Rückstellungsbildung. Die Passivseite wird eingeteilt in Eigenkapital, Sonderposten mit Rücklagenanteil, Sonderposten für Investitionszuschüsse, Baukostenzuschüsse, Rückstellungen, Verbindlichkeiten und Rechnungsabgrenzungsposten.
B55: A3. GuV
B57: Die Darstellung der Gesamtschau des Unternehmens für das letzte abgeschlossene Geschäftsjahr. Auch hier erfolgt die Aufteilung in Sparten und Aktivitäten. Bei der Eingabe der Werte ist darauf zu achten, dass bei Aufwendungen ein Minuszeichen vorangestellt wird.
B59: A4. Anlagenspiegel
B61: ="Auf diesem Tabellenblatt sind der Anlagenspiegel der Tätigkeit Stromverteilung des Netzbetreibers anzugeben. Sofern Verpächter oder Subverpächter vorhanden sind, sind hier auch die jeweiligen Anlagenspiegel der Tätigkeit "&"Stromverteilung für jeden Verpächter bzw. Subverpächter ab der Spalte AF getrennt anzugeben. Die Bezeichnungen der Verpächter/Subverpächter sind im Tabellenblatt E8. KKauf_Berechnung anzugeben und werden aus diesem Tabellenblatt übernommen. Das "&"Tabellenblatt ist nur für die Jahre 2022 bis "&'A. Allgemeine Informationen'!C17&" zu befüllen." -> Auf diesem Tabellenblatt sind der Anlagenspiegel der Tätigkeit Stromverteilung des Netzbetreibers anzugeben. Sofern Verpächter oder Subverpächter vorhanden sind, sind hier auch die jeweiligen Anlagenspiegel der Tätigkeit Stromverteilung für jeden Verpächter bzw. Subverpächter ab der Spalte AF getrennt anzugeben. Die Bezeichnungen der Verpächter/Subverpächter sind im Tabellenblatt E8. KKauf_Berechnung anzugeben und werden aus diesem Tabellenblatt übernommen. Das Tabellenblatt ist nur für die Jahre 2022 bis 2025 zu befüllen.
B63: A5. Energiefluss
B65: Auf diesem Tabellenblatt ist der Energiefluss des Netzbetreibers anzugeben. Vom Netzbetreiber sind die gelb markierten Zellen zu befüllen, alle anderen Zellen errechnen sich aus den Angaben aus anderen Tabellenblättern des Erhebungsbogens. Eintragungen in den Spalten "Sonstige" bei den Ein- und Ausspeisungen sind im Tabellenblatt "H. Erläuterungen" zu beschreiben.
B67: A6. EE-Wälzung
B69: Dieses Tabellenblatt dient der Ermittlung der Differenzen zwischen dem Wälzungsbetrag, der unter Zugrundelegung der nach § 4 ARegV angepassten Erlösobergrenze für das Kalenderjahr t seitens des Netzbetreibers ermittelt wurde, und dem Wälzungsbetrag, der sich unter Zugrundelegung der im Nachgang im Rahmen des Regulierungskontos geprüften Erlösobergrenze für das Kalenderjahr t ergibt (vgl. Tenorziffer 10 der Festlegung BK8-24-001-A). Mit anderen Worten dient das Tabellenblatt dem Plan-/Istabgleich der EE-Kostenwälzung. In den Spalten C und E sind zunächst die Werte aus dem vorläufigen Preisblatt, das zum 15.10. veröffentlicht wurde, einzutragen. In den Spalten F und G errechnet das Tabellenblatt daraufhin den an den ÜNB gemeldeten Wälzungsbetrag sowie das Verhältnis der Kostenbasis der Netz- oder Umspannebene zur Kostenbasis Gesamt. Dieses Verhältnis dient in der Folge der vereinfachten Zuordnung der Kosten auf die betriebenen Netz- und Umspannebenen. Die Zuordnung der Kosten auf die Netz- und Umspannebenen ist im Rahmen des Regulierungskontoverfahren grundsätzlich nicht vorgesehen, für den Plan-/Istabgleich der EE-Kostenwälzung aber erforderlich. Die vereinfachte bzw. pauschale Zuordnung der Kosten erfüllt diesen Zweck bei minimalem Aufwand für Netzbetreiber und Regulierungsbehörde. Zudem kann der Netzbetreiber im Einzelfall eine abweichende, konkrete Zuordnung der Kosten vornehmen (s.u.). In den Spalten H bis N sind die Summenwerte (Differenz von Plan zu Ist) des Plan-/Istabgleichs der verschiedenen Kostenpositionen einzutragen. Mit dem zuvor errechneten Verhältnis werden die Kosten den betriebenen Netz- und Umspannebenen zugeordnet. In den Spalten O bis R wird auf dieser Basis die Differenz zwischen korrigiertem Wälzugnsbetrag, also wie er sich nach Plan-/Istabgleich der Kosten ergibt, und ursprünglichem Wälzungsbetrag errechnet. Diese Beträge (Spalte R) sind im Rahmen der nächsten EE-Kostenwälzung vom Netzbetreiber nach Abschluss des Regulierungskontoverfahrens zu berücksichtigen. Abweichend von der pauschalen Zuordnung kann der Netzbetreiber den Summenwert einer oder mehrere Kostenpositionen den einzelnen Netz- und Umspannebenen konkret zuordnen. Dieses Vorgehen ist rein optional. In diesem Fall muss der Netzbetreiber sämtliche Zellen der entsprechenden Spalte überschreiben. Möchte der Netzbetreiber beispielsweise den Summenwert des Plan-/Istabgleichs des KKAuf den einzelnen Netz- und Umspannebenen konkret zuordnen, muss er die Zellen H4 bis H8 überschreiben. Als Summe muss sich der Wert in der Zelle H10 ergeben. Es ist möglich, einzelnen Kostenpositionen (z. B. KKAuf, Spalte H) konkret zuzuordnen und im Übrigen (z. B. RegKt-Saldo, etc.) die pauschale Zuordnung zu den Netz-und Umspannebenen zu wählen. Sofern Kostenpositionen den Netz- und Umspannebenen konkret zugeordnet werden, muss jede dieser konkreten Zuordnungen im Tabellenblatt "H. Erläuterungen" nachvollziehbar beschrieben werden.
B71: E1. Erzielb. Erlöse
B73: Dieses Tabellenblatt dient zur Ermittlung der Differenz zwischen erzielbaren Erlösen und zulässigen Erlösen gemäß § 5 Abs. 1 S. 1 ARegV. Sofern der Netzbetreiber an der EE-Kostenwälzung des entsprechenden Jahres teilgenommen hat, ist in der Zelle C5 als davon-Position der nach § 4 ARegV zulässigen Erlöse der an den ÜNB am 15.10. gemeldete Wälzungsbetrag anzusetzen. Die Differenz wird mit Hilfe der Mengen und Entgelte ermittelt. Hierfür werden in der Spalte F die tatsächlichen physikalischen Absatzmengen des jeweiligen Jahres abgefragt. Es sollen nicht die abgegrenzten Absatzmengen aus dem Jahresabschluss entnommen werden. Im Ausnahmefall, dass die Netznutzung für einen RLM-Netzkunden unterjährig neu beginnt bzw. unterjährig beendet wird, ist entsprechend der von der BK6 im Musternetznutzungsvertrag unter § 8 Abs. 5 vorgegebenen Regelung zur Leistungspreisermittlung bei diesem Netznutzer die Jahreshöchstleistung tagesscharf entsprechend des Anteils der Zuordnung des Netznutzers am Abrechnungszeitraum zu berechnen (Die Berechnungsbasis entspricht bei Schaltjahren 366 Tagen, im Übrigen 365 Tagen). Wird der Leistungspreis für die Netznutzung bei diesem Netznutzer also z. B. nur für einen Monat (31 Tage) abgerechnet, ist die in die Tabelle E1. Erzielbare Erlöse einzutragende Jahreshöchstleistung als Multiplikation aus dem gemessenen maximalen Viertelstundenwert der Leistung multipliziert mit dem Faktor 31/365 zu berechnen. Soweit Netzreservekapazität beim vorgelagerten Netzbetreiber in Anspruch genommen wurde (Eintragung in Blatt E2), gilt bei der Eintragung der erzielbaren Erlöse folgendes: Die Kosten, die für die bestellte Netzreservekapazität anfallen, sind von den dezentralen Einspeisern zu entrichten, denen die Netzreservekapazität über die vermiedenen Netzentgelte zu Gute kommt. Die entsprechenden Erlöse sind vom Netzbetreiber als sonstige Erlösposition explizit auszuweisen. Bei der Kalkulation der Netzentgelte durften die entgangenen Erlöse aus § 19 Abs. 2 S. 1 und 2 StromNEV (exklusive steuerbare Verbrauchseinrichtungen in der NS gem. § 14a EnWG (z. B. Nachtspeicherheizungen und Wärmepumpen)) keinerlei Berücksichtigung finden. Dies bedeutet, dass die Netzentgeltkalkulation so zu erfolgen hatte, als ob es die Regelung gemäß § 19 Abs. 2 S. 1 und 2 StromNEV (exklusive steuerbare Verbrauchseinrichtungen in der NS gem. § 14a EnWG (z. B. Nachtspeicherheizungen und Wärmepumpen)) nicht gäbe. Dementsprechend wurden die genannten Sonderkunden gemäß § 19 Abs. 2 S. 1 und 2 StromNEV (exklusive steuerbare Verbrauchseinrichtungen in der NS gem. § 14a EnWG (z. B. Nachtspeicherheizungen und Wärmepumpen)) in der Netzentgeltkalkulation und Verprobung wie "normale" (nicht rabattierte) Kunden behandelt, so dass 100% der ungeminderten Erlöse und Mengen anzusetzen waren. Eine Erhöhung der allgemeinen Netzentgelte um die o.g. entgangenen Erlöse erfolgte somit nicht. Erlöse aus der Abrechnung von Kunden mit § 14a EnWG-Vereinbarung werden in Abhängigkeit zur Inbetriebnahme der steuerbaren Verbrauchseinrichtung in eigens dafür angelegten Feldern ermittelt. Seit 2025 ist von Verteilernetzbetreibern auch Modul 3 gemäß der Festlegung BK8-22/010-A abzurechnen. Zur Ermittlung der Erlöse durch Verbraucher mit Modul 3 sind die Arbeitspreise in der Niedriglasttarifstufe und der Hochlasttarifstufe, sowie die Anzahl der Kunden und die Jahresarbeit der Modul 3 – Kunden in den drei Tarifstufen einzupflegen. Der unterjährige Wechsel von Kunden in die § 14a EnWG Module kann über eine Durchschnittsangabe der Kundenanzahl im dafür vorgesehenen Feld abgebildet werden (vgl. auch Mengenangaben für Messstellenbetrieb)
B74: Analog zur Netzentgeltkalkulation sind die vollständigen Mengen, also auch die vollständigen Mengen der Sonderkunden gemäß § 19 Abs. 2 S. 1 und 2 StromNEV, beim Ausweis der erzielbaren Erlöse zu 100% anzusetzen. Bei dem Ausweis der erzielbaren Erlöse im Tabellenblatt "E1. Erzielb. Erlöse" wird dementsprechend keine Unterscheidung nach "normalen" Kunden und Sonderkunden gemäß § 19 Abs. 2 S. 1 und 2 StromNEV gemacht, so dass sich aus der Multiplikation der bei jedem Netznutzer ungeminderten Netzentgelte mit den vollständigen Mengen die erzielbaren Erlöse ergeben. Beim Messstellenbetrieb (einschließlich Messung) sind keine Bestandgrößen (Anfangs- oder Endbestand) sondern Durchschnittsmengen, die die erzielbaren Erlöse widerspiegeln, einzutragen. Bei den sonstigen Entgelten "Erlösminderungen aus Vereinbarungen gemäß § 3 Abs. 1 Nr. 1 KAV" sind die Erlösminderungen durch den Kommunalrabatt einzutragen (negative Beträge). Bemessungsgrundlage der Erlösminderung sind Netznutzungsentgelte ggfs. abzüglich verschiedener Netzentgeltreduzierungen nach § 14a EnWG. Die rabattierten Mengen der jeweiligen Fallklasse sind anzugeben, zugleich sind diese aber in den Entnahmemengen oben enthalten. Insolvenzbedingte Forderungsausfälle sind weder bei den Mengen der erzielbaren Erlöse, noch an anderen Stellen des Errhebungsbogens einzutragen. Sollte das Unternehmen trotz der Rechtsprechung des BGH (Beschluss vom 10.11.2020, EnVZ 5/20) eine Berücksichtigung beantragen, so ist eine solche allein im schriftlichen Antrag zu formulieren. Im Erhebungsbogen darf dazu keine Eintragung vorgenommen werden
B76: E2. Vorgelagerte Netzkosten
B78: Mit diesem Tabellenblatt wird die Differenz zwischen den tatsächlichen Kosten des vorgelagerten Netzes und den hierfür angesetzten Plankosten ermittelt. Dafür werden Daten in Bezug auf die vorgelagerten Netzbetreiber abgefragt. Diese Datenmeldung kann entweder mithilfe der Marktlokation bzw. der Meldepunkte beim vorgelagerten Netzbetreiber erfolgen oder der Netzbetreiber entscheidet sich für eine zusammengefasste Eintragung der Daten. Zusammenfassungen der Daten sind dann jeweils für einen vorgelagerten Netzbetreiber, eine Netz- bzw. Umspannebene und </> 2.500 h vorzunehmen. Im nächsten Schritt erfolgt die Abfrage der Ist-Mengen für die Positionen Leistung, Arbeit, Messstellenbetrieb (inkl. Messung). Die Leistungs- und Arbeitswerte ggü. den vorgelagerten Netzbetreibern sind grundsätzlich in den dafür vorgesehen Spalten Leistung und Arbeit einzutragen. Dies gilt auch für die Arbeits- und Leistungswerte bei Pancaking-Entgelten nach § 14 Abs. 2 S. 3 StromNEV. Rückspeisemengen in das vorgelagerte Netz sind ebenfalls in den Spalten G und H mit negativen Vorzeichen einzutragen. Die Preise für die Rückspeisung sind in den Spalten I und J einzutragen und im Tabellenblatt "H.Erläuterungen" zu erläutern. Die sich aus der Betrachtung der Rückspeisung in die vorgelagerte Netz- oder Umspannebene ergebenden vermiedenen Netzentgelte, sind durch den Betreiber der vorgelagerten Netz- oder Umspannebene zu vergüten. Bitte beachten Sie die Wechselwirkung der Rückspeisung in die vorgelagerte Netz- oder Umspannebene mit der dezentralen Einspeisung. Die weiteren Hinweise zur Aufteilung der Rückspeisung entnehmen sie bitte den Erläuterungen unter E3. Dezentrale Einspeisung. Weitere sonstige Positionen können in den vorhergesehenen Leerzeilen berücksichtigt werden. Bei Sonstiges ist der Wert direkt einzutragen. In den Zeilen „Sonstiges“ sind regelmäßig Entgelte zu erfassen, die von den üblichen Entgelten für Netznutzung, d.h. dem Jahresleistungspreissystem für Entnahme mit registrierender Lastgangmessung abweichen. Eine Zusammenfassung von Entgeltbestandteilen ist unzulässig, so sind z.B. Entgelte für singuläre Betriebsmittel nach § 19 Abs. 3 StromNEV unter „Sonstiges“ als Euro-Betrag einzutragen. In den Spalten I und J sind die im jeweiligen Jahr geltenden Entgelte zu erfassen. Die Spalte B dient der Ermittlung der tatsächlich entstandenen Kosten, es sind Formeln hinterlegt.
B80: E3. Dezentrale Einspeisung
B82: Nachweis Kosten für dezentrale Vergütung - vermiedene Netzentgelte Die Beschlusskammer 8 akzeptiert für die Prüfung des Regulierungskontos das Tool der Regulierungskammer des Freistaates Bayern als Nachweis zur Ermittlung der vermiedenen Netzentgelte. Netzbetreiber können mit Hilfe des Tools die vermiedenen Netzentgelte ermitteln, d.h. im Tabellenblatt E3 erfolgt dann keine weitere Plausibilisierung. Die tatsächlich entstandenen Kosten für die Vergütung für dezentrale Erzeugungsanlagen im Tabellenblatt E3 müssen in diesem Fall mit den im Tool der bayrischen Regulierungskammer ermittelten vermiedenen Netzentgelten übereinstimmen. Die Eintragung erfolgt in der überschreibbaren Zelle D4. Das Tool der bayrischen Regulierungskammer ist an die Beschlusskammer gemeinsam mit dem Erhebungsbogen zum Regulierungskonto zu übersenden. Die in diesem Tabellenblatt abgefragten Daten dienen der Differenzbildung zwischen den in der Erlösobergrenze enthaltenen und den tatsächlich entstandenen Kosten im jeweiligen Jahr für die Vergütung von dezentralen Einspeisern. In Zelle D5 ist der für das jeweilige Jahr in der Erlösobergrenze enthaltene Betrag einzutragen. Die tatsächlichen Kosten werden anhand der Vermeidungsarbeit und -leistung bestimmt. Ab Zeile 55 können die dezentralen Erzeugungsanlagen eingetragen werden, dabei können die Einzelanlagen zu Vergütungs- bzw. Einspeisekategorien zusammengefasst werden. z.B. können die Anlagen, differenziert nach tatsächlicher Vermeidungsleistung („Ist“) oder verstetigter Vermeidungsleistung, erfasst werden. In der Spalte B „Bezeichnung des Einspeisers (auch zusammengefasste Anlagen)“ sind insbesondere die zusammengefassten Anlagen mit einer sinnvollen Bezeichnung zu versehen. Bitte beachten Sie, dass eine Rückspeisung aus volatilen Erzeugungsanlagen (Wind und Solar) zu keiner Vergütung führt. Die Zeile wird ausgegraut. Lediglich die Leistungs- und Arbeitswerte sind einzutragen. Die in Spalte „M“ und „P“ angegebenen Korrektur- bzw. Skalierungsfaktoren sind so zu verstehen, dass dort alle relevanten Faktoren zur Berechnung des korrekten Leistungs-/Arbeitspreises aus dem Preis des Referenzpreisblattes multiplikativ verknüpft werden, bspw. der Faktor 2/3 oder 0 für volatile Einspeiser und ein Reduktionsfaktor aufgrund von Rückspeisung zur Reduzierung des Arbeitspreises. Die Zusammensetzung des Korrektur- bzw. Skalierungsfaktors ist im Tabellenblatt „H.Erläuterungen“ zu beschreiben. Ab Zeile 55 können auch diejenigen dezentralen Erzeugungsnanlagen eingetragen werden, die im Jahr 2016 in Netzteilen angeschlossen waren, die durch einen Netzübergang nach § 26 ARegV aufgenommen wurden. Für diese dezentralen Erzeugungsanlagen ist das Referenzpreisblatt des abgebenden Netzbetreibers heranzuziehen, soweit der Netzübergang nach dem 31.12.2021 erfolgte.
B83: Rückspeisungen stellen dezentrale Einspeisungen der unterlagerten Netzebene in die jeweilige vorgelagerte Netzebene dar, d.h. die Rückspeisung aus der MS-Ebene wird als dezentrale Einspeisung in die Umspannebene HS/MS eingetragen – analog zu den übrigen dezentralen Erzeugungsanlagen, die in diese Umspannebne einspeisen. Soweit nichts anderes nachgewiesen wird, sind Rückspeisungen als volatile Einspeisung zu bewerten. Abweichungen von diesem Regelfall sind im Tabellenblatt H. zu erläutern. Die Höchstspannungsebene ist von der Betrachtung der Rückspeisungen ausgenommen. Aufteilung der vermiedenen Netzentgelte für Rückspeisungen in die vorgelagerte Netz- oder Umspannebene: Eine Aufteilung nach individuellen tatsächlichen Anteilen der einzelnen dezentralen Erzeugungsanlage an diesem vermiedenen Entgelt in Arbeits- und Leistungsanteilen ist, insbesondere bei verschiedenen zuständigen Netzbetreibern, ohne großen administrativen Aufwand nicht möglich. Es ist daher sachgerecht, in Anlehnung an die Intention des Normengebers, diesen Betrag auf alle dezentralen Erzeugungsanlagen der betrachteten Netz- oder Umspannebene aufzuteilen. Als Aufteilungsschlüssel bietet sich die tatsächlich eingespeiste Arbeit der einzelnen dezentralen Erzeugungsanlage an. Die Aufteilung erfolgt anhand der eingespeisten summierten Jahresarbeitswerte pro Netz- o-der Umspannebene, einschließlich der Rückspeisung aus der nachgelagerten Netz- oder Umspannebene. Die Rückspeisung aus der nachgelagerten Netz- oder Umspannebene wird mit der rückgespeisten Arbeitsmenge im Verhältnis volatil/nicht volatil in der nachgelagerten Netz- oder Umspannebene berücksichtigt. Über den auf der Basis der Arbeitswerte ermittel-ten Schlüssel werden anschließend Arbeits- und Leistungswerte aufgeteilt. Ein nachgelagerter Netzbetreiber meldet die aufgeteilte eingespeiste Energiemenge (Arbeit) in seinem Netzgebiet an den vorgelagerten Netzbetreiber.
B85: E4.a. MSB (inkl. Messung)
B87: ="Die in diesem Tabellenblatt abgefragten Daten dienen der Ermittlung der Kostendifferenz gemäß § 5 Abs. 1 S. 3 u. 4 ARegV, welche sich aus dem Zeitraum 31.12.2021 bis zum Stichtag 31.12."&'A. Allgemeine Informationen'!C17&" ergibt. Eine Ausnahme bildet der in Zeile 12 abgefragte Sonderfall." -> Die in diesem Tabellenblatt abgefragten Daten dienen der Ermittlung der Kostendifferenz gemäß § 5 Abs. 1 S. 3 u. 4 ARegV, welche sich aus dem Zeitraum 31.12.2021 bis zum Stichtag 31.12.2025 ergibt. Eine Ausnahme bildet der in Zeile 12 abgefragte Sonderfall.
B88: § 5 Abs. 1 Satz 3 ARegV: | C88: ="Wegen der Veränderung der Zahl der Anschlussnutzer, bei denen der Messstellenbetrieb durch den Netzbetreiber durchgeführt wird, ist die Kostendifferenz in das Regulierungskonto einzustellen."&CHAR(10)&"Dies entspricht gemäß § 5 Abs. 1 S. 3 ARegV der Differenz zwischen den für das Kalenderjahr bei effizienter Leistungsergbringung entstandenen Kosten des Messstellenbetriebs und den in der Erlösobergrenze diesbezüglich enthaltenen Ansätzen."&" Dies gilt nur, wenn es sich nicht um Kosten für den Messstellenbetrieb von modernen Messeinrichtungen und intelligenten Messsystemen im Sinne des Messstellenbetriebsgesetzes handelt."&CHAR(10)&CHAR(10)&"Die Kosten für Messung sind mit den Kosten für Messstellenbetrieb zusammen zu fassen. Die Eintragungen sind so vorzunehmen, dass sich die Änderung der Zahl der Anschlussnutzer auf das gesamte Netzgebiet zum 31.12."&'A. Allgemeine Informationen'!C17&" bezieht, d.h. inklusive der Netzübergänge (Netzzugänge und Netzabgänge) ." -> Wegen der Veränderung der Zahl der Anschlussnutzer, bei denen der Messstellenbetrieb durch den Netzbetreiber durchgeführt wird, ist die Kostendifferenz in das Regulierungskonto einzustellen. Dies entspricht gemäß § 5 Abs. 1 S. 3 ARegV der Differenz zwischen den für das Kalenderjahr bei effizienter Leistungsergbringung entstandenen Kosten des Messstellenbetriebs und den in der Erlösobergrenze diesbezüglich enthaltenen Ansätzen. Dies gilt nur, wenn es sich nicht um Kosten für den Messstellenbetrieb von modernen Messeinrichtungen und intelligenten Messsystemen im Sinne des Messstellenbetriebsgesetzes handelt. Die Kosten für Messung sind mit den Kosten für Messstellenbetrieb zusammen zu fassen. Die Eintragungen sind so vorzunehmen, dass sich die Änderung der Zahl der Anschlussnutzer auf das gesamte Netzgebiet zum 31.12.2025 bezieht, d.h. inklusive der Netzübergänge (Netzzugänge und Netzabgänge) .
B89: Zelle C4: | C89: Ausgehend von dem Betrag in Zelle C6 sind die Kosten des Messstellenbetriebs um den Anteil zu bereinigen, der sich in dem jeweiligen Kalenderjahr durch die Veränderung der Anzahl der Anschlussnutzer ergibt. Dies entspricht den zulässigen Erlösen des konventionellen Messstellenbetriebs (einschließlich Messung) im Kalenderjahr unter Berücksichtigung der Abgänge von Anschlussnutzern, die zu anderen Messstellenbetreibern wechseln oder vom grundzuständigen Messstellenbetreiber für moderne Messeinrichtungen und intelligente Messsysteme (gMSB für mME und iMSys) betreut werden.
B90: Zelle C5: | C90: In dieser Zelle ist anzugeben, in welcher Höhe die für das Kalenderjahr bei effizienter Leistungserbringung entstehenden Kosten des konventionellen Messstellenbetriebs (einschließlich Messung) (§ 5 Abs. 1 S. 3 ARegV) auf Kapitalkosten entfallen.
B91: Zelle C6: | C91: ="In dieser Zelle sind die aus dem Ausgangsniveau (31.12.2021) fortgeführten Gesamtkosten des Messstellenbetriebs (einschließlich Messung) für das Kalenderjahr "&'A. Allgemeine Informationen'!C17&" anzugeben. Die aus dem Ausgangsniveau fortgeführten Kosten des Messstellenbetriebs (einschließlich Messung) haben insbesondere Anpassungen aufgrund von Netzveränderungen oder des Kapitalkostenabzugs zu berücksichtigen." -> In dieser Zelle sind die aus dem Ausgangsniveau (31.12.2021) fortgeführten Gesamtkosten des Messstellenbetriebs (einschließlich Messung) für das Kalenderjahr 2025 anzugeben. Die aus dem Ausgangsniveau fortgeführten Kosten des Messstellenbetriebs (einschließlich Messung) haben insbesondere Anpassungen aufgrund von Netzveränderungen oder des Kapitalkostenabzugs zu berücksichtigen.
B92: Zelle C7: | C92: In dieser Zelle ist anzugeben, in welcher Höhe der in der Erlösobergrenze 2024 enthaltene Ansatz der Kosten des Messstellenbetriebs (einschließlich Messung) auf Kapitalkosten entfällt.
B93: Zelle C9: | C93: ="In dieser Zelle sind die Kosten des Netzbetreibers anzugeben, die auf die Veränderung der Zahl der Anschlussnutzer mit konventionellen Messeinrichtungen zurückzuführen sind, insbesondere durch Wechsel des Messstellenbetreibers (zwischen dem"&" 31.12.2021 und dem 31.12."&'A. Allgemeine Informationen'!C17&")." -> In dieser Zelle sind die Kosten des Netzbetreibers anzugeben, die auf die Veränderung der Zahl der Anschlussnutzer mit konventionellen Messeinrichtungen zurückzuführen sind, insbesondere durch Wechsel des Messstellenbetreibers (zwischen dem 31.12.2021 und dem 31.12.2025).
B94: Zelle D10, E10 und F10: | C94: In diesen Zellen ist die Gesamtzahl der in Betrieb befindlichen konventionellen Messeinrichtungen zum jeweiligen Stichtag einzutragen.
B95: Zelle D11, E11 und F11: | C95: In diesen Zellen ist die Anzahl der Zähler einzutragen, die durch moderne Messeinrichtungen und intelligenten Messsysteme ersetzt worden sind.
B96: Zelle C11: | C96: ="In dieser Zelle sind die OPEX (zwischen dem 31.12.2021 und dem 31.12."&'A. Allgemeine Informationen'!C17&") anzugeben, die durch die Änderung der Zahl der Anschlussnutzer verursacht sind, bei denen der Zähler durch eine moderne Messeinrichtung im Sinne des § 2 Nr. 15 MsbG i.V.m. § 61 Abs. 1 Nr. 4 MsbG (Speichertiefe f. mME) oder ein intelligentes Messsystem"&" im Sinne des § 2 Nr. 7 MsbG ersetzt wurde. Diese Kosten des grundzuständigen Messstellenbetriebs für mME und iMSys sind gemäß § 7 Abs. 2 MsbG nicht mehr in den Netzentgelten zu berücksichtigen, sondern dem gMsb für mME und iMSys zuzuordnen." -> In dieser Zelle sind die OPEX (zwischen dem 31.12.2021 und dem 31.12.2025) anzugeben, die durch die Änderung der Zahl der Anschlussnutzer verursacht sind, bei denen der Zähler durch eine moderne Messeinrichtung im Sinne des § 2 Nr. 15 MsbG i.V.m. § 61 Abs. 1 Nr. 4 MsbG (Speichertiefe f. mME) oder ein intelligentes Messsystem im Sinne des § 2 Nr. 7 MsbG ersetzt wurde. Diese Kosten des grundzuständigen Messstellenbetriebs für mME und iMSys sind gemäß § 7 Abs. 2 MsbG nicht mehr in den Netzentgelten zu berücksichtigen, sondern dem gMsb für mME und iMSys zuzuordnen.
B98: Zeile 12: | C98: Für die Verprobung des Kostenträgers Messstellenbetrieb und Messung beim Verteilernetzbetreiber ist die Zahl der Messstellen ohne Berücksichtigung des geplanten Rollouts im eigenen Netzgebiet und je Netzebene im Jahr 2023 durch den - regelmäßig personenidentischen - grundzuständigen Messstellenbetreiber für moderne Messeinrichtungen (gMSB) anzusetzen. Die Berücksichtigung der tatsächlichen Abgänge durch den Übergang auf den gMSB erfolgt über das Regulierungskonto. Sollte ein Unternehmen sich entscheiden, schon in der Verprobung aufgrund der Regelung des § 5 Abs. 1 Satz 3 ARegV eine Korrektur der zulässigen Erlöse für Messstellenbetrieb und Messung des Verteilernetzbetreibers einzuplanen, so sind Mengen und Erlöse vollständig zu bereinigen. Die Beschlusskammer bewertet eine entsprechend erläuterte Unterverprobung in diesem Fall nicht als gewollten Verzicht.
B99: § 5 Abs. 1 Satz 4 ARegV: | C99: Die Kostendifferenzen, die laut § 5 Abs. 1 S. 4 ARegV auf Grund eines Wechsels des Messstellenbetreibers für konventionelle Zähler, einer Schätzung des Verbrauches im Vorjahr auf Grund nicht vorhandener Verbrauchsdaten oder Mehrfachablesung auf Wunsch des Kunden entstehen, sind im Tabellenblatt "H. Erläuterungen" anzugeben. Dies gilt ebenfalls nur, in soweit es sich nicht um Kosten für den Messstellenbetrieb von modernen Messeinrichtungen und intelligenten Messsystemen im Sinne des Messstellenbetriebsgesetzes handelt.
B101: E4.b. Beteiligung iMSys und Steuerungseinrichtungen
B103: In diesem Tabellenblatt sind die Kosten aus der Beteiligung des Anschlussnetzbetreibers an den Entgelten für die Ausstattung von Zählpunkten mit iMSys abzubilden
B104: Zelle C4 | C104: Unter Berücksichtigung der Festlegung BK8-23/007-A sind die vom Netzbetreiber in der Anpassung der EOG des jeweiligen Jahres angesetzten Plankosten für die Beteiligung an den Entgelten für die Ausstattung von Zählpunkten mit iMSys hier anzusetzen.
B105: Zelle C5 | C105: Die in dem jeweiligen Jahr tatsächlich angefallenen Kosten (Ist-Kosten) aus der Beteiligung der Anschlussnetzbetreiber an den Entgelten für die Ausstattung von Zählpunkten mit iMSys sind hier anzusetzen.
B106: Anzahl iMSys zum 01.01.2025 [Stück] und zum 31.12.2025 [Stück] | C106: In diesen Zellen ist die Gesamtzahl der iMSys zum jeweiligen Stichtag anzugeben für die der Anschlussnetzbetreiber durch den grundzuständigen oder wettbewerblichen Messstellenbetreiber an den Entgelten beteiligt wurde.
B107: Istkosten | C107: In diesen Zellen sind die Istkosten des Anschlussnetzbetreiber aus der Beteiligung an den Entgelten für die Ausstattung von Zählpunkten mit iMSys getrennt nach Pflichtrollout und optionalen Rollout anzugeben. Die Kosten für die Beteiligung an den Entgelten für die Ausstattung von Zählpunkten mit iMSys können auch unter der POG liegen, insbesondere bei Zählpunkten die erst im Laufe des Jahres mit einem iMSys oder Steuerungseinrichtung ausgestattet wurden oder bei einem Messstellenbetreiber der Entgelte unterhalb der POG nimmt. Diese Fälle sind daher separat in Zelle E12 und E16 auszuweisen. In den Zellen C20 und D20 ist die Anzahl der Zählpunkte eines Netzanschlusses seperat auszuweisen, die mit iMSys ausgestatten wurden und für die nach § 30 Abs. 5 MsbG die Abrechnung der Entgeltbeteiligung gegenüber dem Anschlusssnetzbetreiber zulässig ist. Die gemäß § 30 Abs. 5 MsbG zulässige Abrechnung aller bei diesem Anschlussnutzer mit einem intelligenten Messsystem ausgestatteten Zählpunkte ist in den Zellen E9 bis E12 und E15 bis E16 anzugeben.
B109: E6. fin.Ausgl.
B111: In dieser Tabelle werden die Zahlungen aus dem finanziellen Ausgleich im sogenannten Redispatch 2.0 gemäß § 13a Abs. 2 EnWG abgefragt (§ 11 Abs. 5 S. 1 Nr. 2 ARegV). Der Netzbetreiber soll zudem angeben, ob er die gesetzlichen Vorgaben und die Empfehlungen des Einspeisemanagement-Leitfadens der BNetzA befolgt hat. Der Netzbetreiber kann auch angeben, ob er dies bei allen den Kosten zugrunde liegenden Maßnahmen getan hat oder nur bei einem bestimmten Anteil (anzugeben in Entschädigungshöhe).
B112: Ort des Netzengpasses: | C112: Als Ort des Netzengpasses geben Sie bitte die geographische Bezeichnung des Ortes bzw. der Region der Verursachung an.
B113: Netz-/ Umspannebene: | C113: Angabe der Netz- / Umspannebene in die die geregelte(n) Anlage(n) einspeist.
B114: Ausfallarbeit (WA): | C114: Die ermittelte Arbeit, die im Zeitraum der Einspeisemanagement-Maßnahme nicht erzeugt werden konnte. Für die Ermittlung der Ausfallarbeit hat die Bundesnetzagentur im Leitfaden zum EEG-Einspeisemanagement mögliche Berechnungsverfahren vorgestellt.
B115: Entschädigungssatz: | C115: Als Entschädigungssatz ist der (durchschnittliche) Betrag in ct/kWh anzugeben, welcher den geregelten Anlagen (je Ort, Netz-/Umspannebene und Energieträger) in dem Meldejahr gezahlt wurde.
B116: Erzeugungsauslagen: | C116: Erzeugungsauslagen nach Maßgabe der Festlegung zur Feststellung einer wirksamen Verfahrensregulierung der Kosten und Erlöse bzw. Erträge aus der Beschaffung und Vergütung von Re-dispatch-Maßnahmen nach § 13 Abs. 1 Nr. 2 EnWG vom 19.05.2021 (BK8-18/0007-A)
B117: anteiliger Werteverbrauch: | C117: Anteiliger Werteverbrauch nach Maßgabe der Festlegung zur Feststellung einer wirksamen Verfahrensregulierung der Kosten und Erlöse bzw. Erträge aus der Beschaffung und Vergütung von Re-dispatch-Maßnahmen nach § 13 Abs. 1 Nr. 2 EnWG vom 19.05.2021 (BK8-18/0007-A)
B118: Entgangene Erlösmöglichkeiten: | C118: Entgangene Erlösmöglichkeiten nach Maßgabe der Festlegung zur Feststellung einer wirksamen Verfahrensregulierung der Kosten und Erlöse bzw. Erträge aus der Beschaffung und Vergütung von Re-dispatch-Maßnahmen nach § 13 Abs. 1 Nr. 2 EnWG vom 19.05.2021 (BK8-18/0007-A)
B119: Entgangene Wärmeerlöse: | C119: Die entgangenen Wärmeerlöse sind entsprechend der Wärmelieferverträge zu ermitteln. Dabei sind auch gegebenenfalls fällige Vertragsstrafen zu berücksichtigen.
B120: Auslagen Herstellung der Betriebsbereitschaft: | C120: Auslagen zur Herstellung der Betriebsbereitschaft oder für Revisionsverschiebungen nach Maßgabe der Festlegung zur Feststellung einer wirksamen Verfahrensregulierung der Kosten und Erlöse bzw. Erträge aus der Beschaffung und Vergütung von Redispatch-Maßnahmen nach § 13 Abs. 1 Nr. 2 EnWG vom 19.05.2021 (BK8-18/0007-A)
B121: Zusätzliche Aufwendungen: | C121: Zusätzliche Aufwendungen aufgrund des Stillstands bzw. des gedrosselten Betriebes oder des Hochfahrens der Anlage können angesetzt werden
B122: Ersparte Aufwendungen: | C122: Ersparte Aufwendungen aufgrund des Stillstandes bzw. des gedrosselten Betriebes der Anlage sind in Abzug zu bringen.
B123: finanzieller Ausgleich: | C123: Zahlungen des finanziellen Ausgleichs an den Anlagenbetreiber
B124: Kompensation des billanziellen Ausgleichs im Rahmen der BDEW-Übergangslösung zum gesicherten Einstieg in den Redispatch 2.0: | C124: Zahlungen einer Kompensation für den bilanziellen Ausgleich, der nicht durch den Netzbetreiber selbst, sondern durch den BKV der betroffenen Anlagen durchgeführt wurde. Sofern die Übergangslösung nicht angewendet wurde, bitte in der Bemerkungszeile erläutern.
B126: E7. BKZ_NAB_IZ
B128: In dieser Tabelle werden Daten zu Baukostenzuschüssen, Netzanschlusskostenbeiträgen und Investitionszuschüssen abgefragt. Es ist sicherzustellen, dass die drei Kategorien jeweils getrennt und nicht in Sammelpositionen erfasst werden.
B129: Zugang Baukostenzuschuss: | C129: Zugänge an Baukostenzuschüssen im entsprechenden Jahr.
B130: Zugang Netzanschlusskostenbeitrag: | C130: Zugänge an Netzanschlusskostenbeiträgen im entsprechenden Jahr.
B131: Zugang Investitionszuschuss: | C131: Zugänge an Investitionszuschüssen im entsprechenden Jahr.
B132: Restwert Baukostenzuschuss: | C132: Restwert der Baukostenzuschüsse im entsprechenden Jahr.
B133: Restwert Netzanschlusskostenbeitrag: | C133: Restwert der Netzanschlusskostenbeiträge im entsprechenden Jahr.
B134: Restwert Investitionszuschuss: | C134: Restwert der Investitionszuschüsse im entsprechenden Jahr.
B136: Einträge für die Zugangsjahre 2022 ff.: | C136: Es werden die Daten aus dem Tabellenblatt "E8. KKauf_Berechnung" übernommen.
B137: Auflösungsbeträge in den Spalten F,G und H: | C137: Die Zugänge werden über einen Zeitraum von 20 Jahren aufgelöst.
B139: E8. KKauf_Berechnung
B141: NetzID: | C141: Die einzutragende NetzID dient als eindeutige Bezeichnung eines Netzteiles. Diese NetzID muss mit der NetzID des Netzbereiches aus der Kostenprüfung des zu Grunde liegenden Basisjahres übereinstimmen, dem das Anlagengut zugeordnet wurde.
B142: Netzbezeichnung: | C142: Nähere Erläuterung des Netzteiles. Beim Netz mit der NetzID=1 handelt es sich stets um das originäre Netz des Netzbetreibers.
B143: Kategorie: | C143: Der Netzteil wird einer der vorgegebenen Kategorien aus der Auswahlliste zugeordnet.
B144: GewSt-Hebesatz (Basisjahr 2016): | C144: Es ist der Gewerbesteuerhebesatz des Basisjahres 2021 anzugeben, der in der Kostenprüfung verwendet wurde.
B145: In den übrigen Spalten werden in dieser Tabelle die Ergebnisse der eingetragenen Werte zusammengefasst und der Kapitalkostenaufschlag ermittelt.
B147: E8.a. KKauf_SAV
B149: Das Tabellenblatt dient der Eingabe der Anschaffungs- und Herstellungskosten je Anschaffungsjahr, Anlagengruppe und NetzID.
B150: NetzID: | C150: Wählen Sie über das Dropdown-Menü eine NetzID aus. Es werden alle im Tabellenblatt E8. KKauf_Berechnung eingetragenen NetzID angezeigt.
B151: Anlagengruppe: | C151: Wählen Sie die Anlagengruppe über das Dropdown-Menü aus.
B152: Anschaffungsjahr: | C152: Bitte Anschaffungsjahr ab 2022 angeben.
B153: (Erwartete) historische AK/HK im Anschaffungsjahr [negativ= Netzabgang]: | C153: Tragen Sie die AK/HK ein. Sofern es sich bei dem Netzteil um einen Netzabgang handelt, sind die Werte als negative Werte einzutragen. Hierbei sind lediglich die AK/HK nach dem Basisjahr (2021) einzutragen.
B154: Hinzurechnung: | C154: Zunächst ist die Hinzurechnung in Spalte F durch das Auswahlfeld zu bezeichnen. In Spalte G ist der Betrag einzutragen. Bei der Auswahl "Sonstiges" sind zusätzliche Erläuterungen im Tabellenblatt H. erforderlich.
B155: Kürzung: | C155: Zunächst ist die Kürzung in Spalte H durch das Auswahlfeld zu bezeichnen. In Spalte I ist der Betrag einzutragen. Bei der Auswahl "Sonstiges" sind zusätzliche Erläuterungen im Tabellenblatt H. erforderlich.
B156: davon Investitionsmaßnahmen (nicht in KKAuf): | C156: Es ist die Höhe der AK/HK der Investitionsmaßnahmen (genehmigte sowie beantragte) anzugeben, die in der dritten Regulierungsperiode fortgeführt werden. Die Beschlusskammer geht davon aus, dass der Netzbetreiber eine einheitliche Entscheidung für alle Investitionsmaßnahmen getroffen hat.
B157: 2022: | C157: Es ist die Nutzungsdauer aus der letztjährigen Genehmigung anzugeben.
B158: 2023: | C158: Es ist die Nutzungsdauer aus der letztjährigen Genehmigung anzugeben.
...

Sheet Changelog
B1: Changelog
B3: Jahr | C3: Version | D3: Datum | E3: Bezeichnung | F3: Tabellenblatt | G3: Zellbereich | H3: Beschreibung
B4: 2024 | C4: 1.0 | D4: 45849 | E4: EHB_RegKto_Strom_2024_1.0_20250711 | F4: Im Jahr 2024 gibt es erstmalig getrennte Erhebungsbögen für Verteilernetzbetreiber und Übertragungsnetzbetreiber, da die Inhalte in den letzten Jahren zunehmend auseinander gefallen sind. Daher sind alle ÜNB-spefischen Abfragen und die Netzebene Höchstspannung in diesem Erhebungsbogen weggefallen. Darüber hinaus sind folgende wesentliche Änderungen gegenüber dem Erhebungsbogen für 2023 gemacht wurden:
F5: E1. | H5: Form an Abfrage gem. § 28 Nr. 3 und 4 ARegV (Verprobung) angepasst; Eingabebereich zu §14a EnWG eingefügt
F6: E2. | H6: Form an Abfrage gem. § 28 Nr. 1 ARegV (Anpassung Erlösobergrenze) angepasst
F7: E4b. | H7: Neu eingefügt, Abfrage zu Jahresabschlussdaten gem. MSbG gelöscht
F8: E5. | H8: Löschung
F9: E7. | G9: Zeile 26 ff. | H9: Verknüpfung der Datenabfrage für Zugänge ab 2022 ff mit Tab. "E8.b."
F10: E8. | H10: Umgestaltung des Tab. aufgrund der neuen Regelungen zur Zugangsjahr-bezogenen Verzinsung
F11: E10. | G11: Zeile 17 ff. | H11: Abfrage zur Verlustenergie neu eingefügt
F12: G. | G12: C8:H8 | H12: Anpassung Zinssatz für 2024
C13: 1.1 | D13: 45897 | E13: EHB_RegKto_Strom_2024_1.1_20250825 | F13: E8. | G13: Zeilen 18 bis 20 | H13: Fehler bei der automatischen Zeilenbefüllung beseitigt
F14: E10. | G14: H12 und H16 | H14: Formelfehler korrigiert (jeweils den Divisor 100 durch 1.000 ersetzt)
C15: 1.2 | D15: 45936 | E15: EHB_RegKto_Strom_2024_1.1_20251006 | F15: F. | G15: F16 und F17 | H15: Fehler in Formeln korrigiert. Berechnung erfolgt ohne Capex
B16: 2025 | C16: '1.0 | D16: 46279 | E16: EHB_RegKto_Strom_2025_1.0_20260914 | F16: A. | G16: B14:C15 | H16: Neu eingefügt
F17: A4. | G17: Spalten C bis P | H17: Löschung der Abfrage zum Gesamtunternehmen
F18: A6. | H18: Neu eingefügt
F19: E1. | G19: B5:C8 | H19: Neu eingefügt
G20: Zeilen 76 bis 78 | H20: Löschung
G21: Zeilen 82 bis 89 | H21: Neu eingefügt
G22: Zeile 99 | H22: Neu eingefügt
G23: Zeilen 126 bis 128 | H23: Neu eingefügt
G24: B130 | H24: Umbenennung der Überschrift
G25: Zeile 163 | H25: Löschung
F26: E2. | G26: Zeile 17 | H26: Neu eingefügt
G27: C20:C21 | H27: Umbenennung der Überschrift
G28: G20:H20 | H28: Umbenennung der Überschrift
G29: D22:D221 | H29: Zellformate geändert (Zellen nunmehr überschreibbar)
F30: E3. | G30: D4 | H30: Zellformate geändert (Zelle nunmehr überschreibbar)
F31: E4.b. | G31: Zeilen 15 und 16 | H31: Zusammenfassung in eine Zeile, da seit 2025 nach einer MsbG Änderung beim optionalen Rollout für den Jahresstromverbrauch bis 6.000 kWh nur noch eine POG gilt
G32: Zeile 20 | H32: Änderung Text, da es seit 2025 nach einer MsbG-Änderung gemäß § 30 Abs.5 MsbG jetzt zulässig ist, die POG für jeden zusätzlich angebundenen Zählpunkt zu vereinnahmen
F33: E7. | G33: E4 | H33: Formel geändert
F34: E8. | G34: alle | H34: Zugangsjahr 2025 hinzugefügt, Zinssätze aktualisiert
F35: E8.a., E8.b., E8.c. | G35: Hinzurechnungen/Kürzungen | H35: Spalten zu diesbezüglichen Erläuterungen hinzugefügt
F36: E.10. | G36: C3 | H36: Umbenennung der Überschrift
F37: F. | G37: Zeilen 5 bis 8 | H37: Neu eingefügt
F38: G. | G38: C8:H8 | H38: Anpassung Zinssatz für 2025
C39: 1.1 | D39: 46287 | E39: EHB_RegKto_Strom_2025_1.1_20260922 | F39: E7. | G39: C25:E25 und I25:K25 | H39: Formelfehler korrigiert

Sheet A. Allgemeine Informationen
A1: =Changelog!E39 -> EHB_RegKto_Strom_2025_1.1_20260922
B2: Erhebungsbogen Regulierungskonto (§ 5 ARegV)
B3: A. Allgemeine Informationen Stromnetzbetreiber
B5: Abgabedatum des Erhebungsbogens:
B7: Bilanzstichtag:
B9: Firma und Rechtsform des Stromnetzbetreibers:
B11: Betriebsnummer der Bundesnetzagentur:
B12: Netznummer der Bundesnetzagentur:
B13: MaStR-Nr.:
B14: Verfahrensart bei der Bundesnetzagentur: | C14: Bitte wählen
B15: Vergleich zum FK-Zins abgeschlossen: | C15: Bitte wählen
B17: Mitteilung der für die Führung des Regulierungs- kontos notwendigen Daten des Kalenderjahres | C17: 2025

Sheet A1. Umsatzerlöse
B1: ="A1. Umsatzerlöse aus Elektrizitätsverteilung " & 'A. Allgemeine Informationen'!C17 -> A1. Umsatzerlöse aus Elektrizitätsverteilung 2025
B3: Bezeichnung | C3: [EUR]
B4: Erlöse aus Netzentgelten Elektrizität (inkl. Messung und Messstellenbetrieb)
B5: Erlöse aus Vereinbarungen gemäß § 14 Abs. 2 StromNEV
B6: Erlöse gemäß § 3 KAV
B7: Erlöse aus Vereinbarungen gemäß § 19 Abs. 2 S. 1 StromNEV
B8: Erlöse aus Vereinbarungen gemäß § 19 Abs. 2 S. 2 StromNEV
B9: Erlöse aus der Überlassung singulär genutzter Betriebsmittel gemäß § 19 Abs. 3 StromNEV
B10: Erlöse aus Vereinbarungen gemäß § 19 Abs. 4 StromNEV
B11: Erlöse aus Rückspeisung an den vorgelagerten Netzbetreiber
B12: sonstige Erlöse aus Netzentgelten Elektrizität
B13: Konzessionsabgabe
B14: Erlöse aus dem EEG-Ausgleichsmechanismus
B15: Erlöse aus dem KWKG-Belastungsausgleich
... B23: sonstige Erlöse (nicht aus Netzentgelten)
B24: = Umsatzerlöse aus Elektrizitätsverteilung | C24: =SUM(C4:C23) -> 0

Sheet A2. Bilanz
B1: ="A2. Überleitung von der handelsrechtlichen Bilanz " & 'A. Allgemeine Informationen'!C17 &" zum elektronischen Datenerhebungsbogen" -> A2. Überleitung von der handelsrechtlichen Bilanz 2025 zum elektronischen Datenerhebungsbogen
B3: Position | C3: Bilanz Gesamtunter- nehmen [EUR] | D3: Bilanz nach Sparten | H3: Bilanz Strom nach Aktivitäten
D4: Sonstige Sparten [EUR] | E4: Gas [EUR] | F4: Strom [EUR] | G4: Bilanz gesamt [EUR] | H4: Grundzuständiger Messstellen- betrieb von modernen Messein- richtungen und intelligenten Messsystemen nach MsbG [EUR] | I4: Elektromobilität [EUR] | J4: Sonstige in der Sparte Strom [EUR] | K4: Stromverteilung (Netz) gesamt [EUR]
B5: Aktiva | C5: =C6+C10+C15+C16 -> 0 | D5: =D6+D10+D15+D16 -> 0 | E5: =E6+E10+E15+E16 -> 0 | F5: =F6+F10+F15+F16 -> 0 | G5: =D5+E5+F5 -> 0 | H5: =H6+H10+H15+H16 -> 0 | I5: =I6+I10+I15+I16 -> 0 | J5: =J6+J10+J15+J16 -> 0 | K5: =K6+K10+K15+K16 -> 0
B6: A. Anlagevermögen | C6: =SUM(C7:C9) -> 0 | D6: =SUM(D7:D9) -> 0 | E6: =SUM(E7:E9) -> 0 | F6: =SUM(F7:F9) -> 0 | G6: =SUM(G7:G9) -> 0 | H6: =SUM(H7:H9) -> 0 | I6: =SUM(I7:I9) -> 0 | J6: =SUM(J7:J9) -> 0 | K6: =SUM(K7:K9) -> 0
B7: I. Immaterielle Vermögensgegenstände | G7: =D7+E7+F7 -> 0
B8: II. Sachanlagen | G8: =D8+E8+F8 -> 0
B9: III. Finanzanlagen | G9: =D9+E9+F9 -> 0
B10: B. Umlaufvermögen | C10: =SUM(C11:C14) -> 0 | D10: =SUM(D11:D14) -> 0 | E10: =SUM(E11:E14) -> 0 | F10: =SUM(F11:F14) -> 0 | G10: =SUM(G11:G14) -> 0 | H10: =SUM(H11:H14) -> 0 | I10: =SUM(I11:I14) -> 0 | J10: =SUM(J11:J14) -> 0 | K10: =SUM(K11:K14) -> 0
B11: I. Vorräte | G11: =D11+E11+F11 -> 0
B12: II. Forderungen und sonstige Vermögensgegenstände | G12: =D12+E12+F12 -> 0
B13: III. Wertpapiere | G13: =D13+E13+F13 -> 0
B14: IV. Kassenbestand, Bundesbankguthaben, Guthaben bei Kreditinstituten und Schecks | G14: =D14+E14+F14 -> 0
B15: C. Rechnungsabgrenzungsposten | G15: =D15+E15+F15 -> 0
B16: D. Sonderverlustkonto aus Rückstellungsbildung | G16: =D16+E16+F16 -> 0
B17: Passiva | C17: =C18+SUM(C24:C29) -> 0 | D17: =D18+SUM(D24:D29) -> 0 | E17: =E18+SUM(E24:E29) -> 0 | F17: =F18+SUM(F24:F29) -> 0 | G17: =G18+SUM(G24:G29) -> 0 | H17: =H18+SUM(H24:H29) -> 0 | I17: =I18+SUM(I24:I29) -> 0 | J17: =J18+SUM(J24:J29) -> 0 | K17: =K18+SUM(K24:K29) -> 0
B18: A. Eigenkapital | C18: =SUM(C19:C23) -> 0 | D18: =SUM(D19:D23) -> 0 | E18: =SUM(E19:E23) -> 0 | F18: =SUM(F19:F23) -> 0 | G18: =SUM(G19:G23) -> 0 | H18: =SUM(H19:H23) -> 0 | I18: =SUM(I19:I23) -> 0 | J18: =SUM(J19:J23) -> 0 | K18: =SUM(K19:K23) -> 0
B19: I. Gezeichnetes Kapital | G19: =D19+E19+F19 -> 0
B20: II. Kapitalrücklage | G20: =D20+E20+F20 -> 0
B21: III. Gewinnrücklagen | G21: =D21+E21+F21 -> 0
B22: IV. Gewinnvortrag/Verlustvortrag | G22: =D22+E22+F22 -> 0
B23: V. Bilanzgewinn | G23: =D23+E23+F23 -> 0
B24: B. Sonderposten mit Rücklagenanteil | G24: =D24+E24+F24 -> 0
B25: C. Sonderposten für Investitionszuschüsse | G25: =D25+E25+F25 -> 0
B26: D. Baukostenzuschüsse | G26: =D26+E26+F26 -> 0
B27: E. Rückstellungen | G27: =D27+E27+F27 -> 0
B28: F. Verbindlichkeiten | G28: =D28+E28+F28 -> 0
B29: G. Rechnungsabgrenzungsposten | G29: =D29+E29+F29 -> 0

Sheet A3. GuV
B1: ="A3. Überleitung von der handelsrechtlichen Gewinn- und Verlustrechnung " & 'A. Allgemeine Informationen'!C17 & " zum elektronischen Datenerhebungsbogen" -> A3. Überleitung von der handelsrechtlichen Gewinn- und Verlustrechnung 2025 zum elektronischen Datenerhebungsbogen
B3: Position | C3: Gewinn- und Verlustrechnung Gesamtunter- nehmen [EUR] | D3: Gewinn- und Verlustrechnung nach Sparten | H3: Gewinn- und Verlustrechnung nach Aktivitäten
D4: Sonstige Sparten [EUR] | E4: Gas [EUR] | F4: Strom [EUR] | G4: GuV gesamt [EUR] | H4: Grundzuständiger Messstellen betrieb von modernen Messein- richtungen und intelligenten Messsystemen nach MsbG [EUR] | I4: Elektromobilität [EUR] | J4: Sonstige Aktivitäten in der Sparte Strom [EUR] | K4: Stromverteilung (Netz) gesamt [EUR]
B5: 1. Umsatzerlöse | G5: =F5+E5+D5 -> 0
B6: 2. Erhöhung oder Verminderung des Bestandes an fertigen und unfertigen Erzeugnissen | G6: =F6+E6+D6 -> 0
B7: 3. andere aktivierte Eigenleistungen | G7: =F7+E7+D7 -> 0
B8: 4. sonstige betriebliche Erträge | G8: =F8+E8+D8 -> 0
B9: 5. Materialaufwand | G9: =F9+E9+D9 -> 0
B10: 6. Personalaufwand | G10: =F10+E10+D10 -> 0
B11: 7. Abschreibungen | G11: =F11+E11+D11 -> 0
B12: 8. sonstige betriebliche Aufwendungen | G12: =F12+E12+D12 -> 0
B13: 9. Erträge aus Beteiligungen | G13: =F13+E13+D13 -> 0
B14: 10. Erträge aus anderen Wertpapieren und Ausleihungen des Finanzanlagevermögens | G14: =F14+E14+D14 -> 0
B15: 11. sonstige Zinsen und ähnliche Erträge | G15: =F15+E15+D15 -> 0
B16: 12. Abschreibungen auf Finanzanlagen und auf Wertpapiere des Umlaufvermögens | G16: =F16+E16+D16 -> 0
B17: 13. Zinsen und ähnliche Aufwendungen | G17: =F17+E17+D17 -> 0
B18: 14. Ergebnis der gewöhnlichen Geschäftstätigkeit | C18: =SUM(C5:C9,C10:C17) -> 0 | D18: =SUM(D5:D9,D10:D17) -> 0 | E18: =SUM(E5:E9,E10:E17) -> 0 | F18: =SUM(F5:F9,F10:F17) -> 0 | G18: =F18+E18+D18 -> 0 | H18: =SUM(H5:H9,H10:H17) -> 0 | I18: =SUM(I5:I9,I10:I17) -> 0 | J18: =SUM(J5:J9,J10:J17) -> 0 | K18: =SUM(K5:K9,K10:K17) -> 0
B19: 15. außerordentliche Erträge | G19: =F19+E19+D19 -> 0
B20: 16. außerordentliche Aufwendungen | G20: =F20+E20+D20 -> 0
B21: 17. außerordentliches Ergebnis | C21: =C19+C20 -> 0 | D21: =D19+D20 -> 0 | E21: =E19+E20 -> 0 | F21: =F19+F20 -> 0 | G21: =F21+E21+D21 -> 0 | H21: =H19+H20 -> 0 | I21: =I19+I20 -> 0 | J21: =J19+J20 -> 0 | K21: =K19+K20 -> 0
B22: 18. Steuern vom Einkommen und vom Ertrag | G22: =F22+E22+D22 -> 0
B23: 19. sonstige Steuern | G23: =F23+E23+D23 -> 0
B24: 20. Erträge aus Verlustübernahme | G24: =F24+E24+D24 -> 0
B25: 21. Aufwendungen aus Gewinnabführung | G25: =F25+E25+D25 -> 0
B26: 22. Jahresüberschuss/Jahresfehlbetrag | C26: =SUM(C18,C21:C25) -> 0 | D26: =SUM(D18,D21:D25) -> 0 | E26: =SUM(E18,E21:E25) -> 0 | F26: =SUM(F18,F21:F25) -> 0 | G26: =F26+E26+D26 -> 0 | H26: =SUM(H18,H21:H25) -> 0 | I26: =SUM(I18,I21:I25) -> 0 | J26: =SUM(J18,J21:J25) -> 0 | K26: =SUM(K18,K21:K25) -> 0
B27: 23. Gewinnvortrag aus dem Vorjahr | G27: =F27+E27+D27 -> 0
B28: 24. Einstellung in Gewinnrücklagen | G28: =F28+E28+D28 -> 0
B29: 25. Bilanzgewinn | C29: =C26+C27+C28 -> 0 | D29: =D26+D27+D28 -> 0 | E29: =E26+E27+E28 -> 0 | F29: =F26+F27+F28 -> 0 | G29: =F29+E29+D29 -> 0 | H29: =H26+H27+H28 -> 0 | I29: =I26+I27+I28 -> 0 | J29: =J26+J27+J28 -> 0 | K29: =K26+K27+K28 -> 0

Sheet A4. Anlagenspiegel
B1: A4. Anlagenspiegel
B3: Bezeichnung | C3: ="Tätigkeit Stromverteilung für "&'A. Allgemeine Informationen'!$C$9 -> Tätigkeit Stromverteilung für | R3: ="Tätigkeit Stromverteilung für "&'E8. KKAuf_Berechnung'!D18 & " (NetzID: " &'E8. KKAuf_Berechnung'!B18&")" -> Tätigkeit Stromverteilung für (NetzID: ) | AG3: ="Tätigkeit Stromverteilung für "&'E8. KKAuf_Berechnung'!D25 & " (NetzID: " &'E8. KKAuf_Berechnung'!B25&")" -> Tätigkeit Stromverteilung für (NetzID: ) | AV3: ="Tätigkeit Stromverteilung für "&'E8. KKAuf_Berechnung'!D32 & " (NetzID: " &'E8. KKAuf_Berechnung'!B32&")" -> Tätigkeit Stromverteilung für (NetzID: ) | BK3: ="Tätigkeit Stromverteilung für "&'E8. KKAuf_Berechnung'!D39 & " (NetzID: " &'E8. KKAuf_Berechnung'!B39&")" -> Tätigkeit Stromverteilung für (NetzID: ) | BZ3: ="Tätigkeit Stromverteilung für "&'E8. KKAuf_Berechnung'!D46 & " (NetzID: " &'E8. KKAuf_Berechnung'!B46&")" -> Tätigkeit Stromverteilung für (NetzID: ) | CO3: ="Tätigkeit Stromverteilung für "&'E8. KKAuf_Berechnung'!D53 & " (NetzID: " &'E8. KKAuf_Berechnung'!B53&")" -> Tätigkeit Stromverteilung für (NetzID: ) | DD3: ="Tätigkeit Stromverteilung für "&'E8. KKAuf_Berechnung'!D60 & " (NetzID: " &'E8. KKAuf_Berechnung'!B60&")" -> Tätigkeit Stromverteilung für (NetzID: ) | DS3: ="Tätigkeit Stromverteilung für "&'E8. KKAuf_Berechnung'!D67 & " (NetzID: " &'E8. KKAuf_Berechnung'!B67&")" -> Tätigkeit Stromverteilung für (NetzID: ) | EH3: ="Tätigkeit Stromverteilung für "&'E8. KKAuf_Berechnung'!D74 & " (NetzID: " &'E8. KKAuf_Berechnung'!B74&")" -> Tätigkeit Stromverteilung für (NetzID: ) | EW3: ="Tätigkeit Stromverteilung für "&'E8. KKAuf_Berechnung'!D81 & " (NetzID: " &'E8. KKAuf_Berechnung'!B81&")" -> Tätigkeit Stromverteilung für (NetzID: ) | FL3: ="Tätigkeit Stromverteilung für "&'E8. KKAuf_Berechnung'!D88 & " (NetzID: " &'E8. KKAuf_Berechnung'!B88&")" -> Tätigkeit Stromverteilung für (NetzID: ) | GA3: ="Tätigkeit Stromverteilung für "&'E8. KKAuf_Berechnung'!D95 & " (NetzID: " &'E8. KKAuf_Berechnung'!B95&")" -> Tätigkeit Stromverteilung für (NetzID: ) | GP3: ="Tätigkeit Stromverteilung für "&'E8. KKAuf_Berechnung'!D102 & " (NetzID: " &'E8. KKAuf_Berechnung'!B102&")" -> Tätigkeit Stromverteilung für (NetzID: ) | HE3: ="Tätigkeit Stromverteilung für "&'E8. KKAuf_Berechnung'!D109 & " (NetzID: " &'E8. KKAuf_Berechnung'!B109&")" -> Tätigkeit Stromverteilung für (NetzID: ) | HT3: ="Tätigkeit Stromverteilung für "&'E8. KKAuf_Berechnung'!D116 & " (NetzID: " &'E8. KKAuf_Berechnung'!B116&")" -> Tätigkeit Stromverteilung für (NetzID: ) | II3: ="Tätigkeit Stromverteilung für "&'E8. KKAuf_Berechnung'!D123 & " (NetzID: " &'E8. KKAuf_Berechnung'!B123&")" -> Tätigkeit Stromverteilung für (NetzID: ) | IX3: ="Tätigkeit Stromverteilung für "&'E8. KKAuf_Berechnung'!D130 & " (NetzID: " &'E8. KKAuf_Berechnung'!B130&")" -> Tätigkeit Stromverteilung für (NetzID: ) | JM3: ="Tätigkeit Stromverteilung für "&'E8. KKAuf_Berechnung'!D137 & " (NetzID: " &'E8. KKAuf_Berechnung'!B137&")" -> Tätigkeit Stromverteilung für (NetzID: ) | KB3: ="Tätigkeit Stromverteilung für "&'E8. KKAuf_Berechnung'!D144 & " (NetzID: " &'E8. KKAuf_Berechnung'!B144&")" -> Tätigkeit Stromverteilung für (NetzID: ) | KQ3: ="Tätigkeit Stromverteilung für "&'E8. KKAuf_Berechnung'!D151 & " (NetzID: " &'E8. KKAuf_Berechnung'!B151&")" -> Tätigkeit Stromverteilung für (NetzID: ) | LF3: ="Tätigkeit Stromverteilung für "&'E8. KKAuf_Berechnung'!D158 & " (NetzID: " &'E8. KKAuf_Berechnung'!B158&")" -> Tätigkeit Stromverteilung für (NetzID: ) | LU3: ="Tätigkeit Stromverteilung für "&'E8. KKAuf_Berechnung'!D165 & " (NetzID: " &'E8. KKAuf_Berechnung'!B165&")" -> Tätigkeit Stromverteilung für (NetzID: ) | MJ3: ="Tätigkeit Stromverteilung für "&'E8. KKAuf_Berechnung'!D172 & " (NetzID: " &'E8. KKAuf_Berechnung'!B172&")" -> Tätigkeit Stromverteilung für (NetzID: ) | MY3: ="Tätigkeit Stromverteilung für "&'E8. KKAuf_Berechnung'!D179 & " (NetzID: " &'E8. KKAuf_Berechnung'!B179&")" -> Tätigkeit Stromverteilung für (NetzID: ) | NN3: ="Tätigkeit Stromverteilung für "&'E8. KKAuf_Berechnung'!D186 & " (NetzID: " &'E8. KKAuf_Berechnung'!B186&")" -> Tätigkeit Stromverteilung für (NetzID: ) | OC3: ="Tätigkeit Stromverteilung für "&'E8. KKAuf_Berechnung'!D193 & " (NetzID: " &'E8. KKAuf_Berechnung'!B193&")" -> Tätigkeit Stromverteilung für (NetzID: ) | OR3: ="Tätigkeit Stromverteilung für "&'E8. KKAuf_Berechnung'!D200 & " (NetzID: " &'E8. KKAuf_Berechnung'!B200&")" -> Tätigkeit Stromverteilung für (NetzID: ) | PG3: ="Tätigkeit Stromverteilung für "&'E8. KKAuf_Berechnung'!D207 & " (NetzID: " &'E8. KKAuf_Berechnung'!B207&")" -> Tätigkeit Stromverteilung für (NetzID: ) | PV3: ="Tätigkeit Stromverteilung für "&'E8. KKAuf_Berechnung'!D214 & " (NetzID: " &'E8. KKAuf_Berechnung'!B214&")" -> Tätigkeit Stromverteilung für (NetzID: ) | QK3: ="Tätigkeit Stromverteilung für "&'E8. KKAuf_Berechnung'!D221 & " (NetzID: " &'E8. KKAuf_Berechnung'!B221&")" -> Tätigkeit Stromverteilung für (NetzID: ) | QZ3: ="Tätigkeit Stromverteilung für "&'E8. KKAuf_Berechnung'!D228 & " (NetzID: " &'E8. KKAuf_Berechnung'!B228&")" -> Tätigkeit Stromverteilung für (NetzID: ) | RO3: ="Tätigkeit Stromverteilung für "&'E8. KKAuf_Berechnung'!D235 & " (NetzID: " &'E8. KKAuf_Berechnung'!B235&")" -> Tätigkeit Stromverteilung für (NetzID: ) | SD3: ="Tätigkeit Stromverteilung für "&'E8. KKAuf_Berechnung'!D242 & " (NetzID: " &'E8. KKAuf_Berechnung'!B242&")" -> Tätigkeit Stromverteilung für (NetzID: ) | SS3: ="Tätigkeit Stromverteilung für "&'E8. KKAuf_Berechnung'!D249 & " (NetzID: " &'E8. KKAuf_Berechnung'!B249&")" -> Tätigkeit Stromverteilung für (NetzID: ) | TH3: ="Tätigkeit Stromverteilung für "&'E8. KKAuf_Berechnung'!D256 & " (NetzID: " &'E8. KKAuf_Berechnung'!B256&")" -> Tätigkeit Stromverteilung für (NetzID: ) | TW3: ="Tätigkeit Stromverteilung für "&'E8. KKAuf_Berechnung'!D263 & " (NetzID: " &'E8. KKAuf_Berechnung'!B263&")" -> Tätigkeit Stromverteilung für (NetzID: ) | UL3: ="Tätigkeit Stromverteilung für "&'E8. KKAuf_Berechnung'!D270 & " (NetzID: " &'E8. KKAuf_Berechnung'!B270&")" -> Tätigkeit Stromverteilung für (NetzID: ) | VA3: ="Tätigkeit Stromverteilung für "&'E8. KKAuf_Berechnung'!D277 & " (NetzID: " &'E8. KKAuf_Berechnung'!B277&")" -> Tätigkeit Stromverteilung für (NetzID: ) | VP3: ="Tätigkeit Stromverteilung für "&'E8. KKAuf_Berechnung'!D284 & " (NetzID: " &'E8. KKAuf_Berechnung'!B284&")" -> Tätigkeit Stromverteilung für (NetzID: ) | WE3: ="Tätigkeit Stromverteilung für "&'E8. KKAuf_Berechnung'!D291 & " (NetzID: " &'E8. KKAuf_Berechnung'!B291&")" -> Tätigkeit Stromverteilung für (NetzID: ) | WT3: ="Tätigkeit Stromverteilung für "&'E8. KKAuf_Berechnung'!D298 & " (NetzID: " &'E8. KKAuf_Berechnung'!B298&")" -> Tätigkeit Stromverteilung für (NetzID: ) | XI3: ="Tätigkeit Stromverteilung für "&'E8. KKAuf_Berechnung'!D305 & " (NetzID: " &'E8. KKAuf_Berechnung'!B305&")" -> Tätigkeit Stromverteilung für (NetzID: ) | XX3: ="Tätigkeit Stromverteilung für "&'E8. KKAuf_Berechnung'!D312 & " (NetzID: " &'E8. KKAuf_Berechnung'!B312&")" -> Tätigkeit Stromverteilung für (NetzID: ) | YM3: ="Tätigkeit Stromverteilung für "&'E8. KKAuf_Berechnung'!D319 & " (NetzID: " &'E8. KKAuf_Berechnung'!B319&")" -> Tätigkeit Stromverteilung für (NetzID: ) | ZB3: ="Tätigkeit Stromverteilung für "&'E8. KKAuf_Berechnung'!D326 & " (NetzID: " &'E8. KKAuf_Berechnung'!B326&")" -> Tätigkeit Stromverteilung für (NetzID: ) | ZQ3: ="Tätigkeit Stromverteilung für "&'E8. KKAuf_Berechnung'!D333 & " (NetzID: " &'E8. KKAuf_Berechnung'!B333&")" -> Tätigkeit Stromverteilung für (NetzID: ) | AAF3: ="Tätigkeit Stromverteilung für "&'E8. KKAuf_Berechnung'!D340 & " (NetzID: " &'E8. KKAuf_Berechnung'!B340&")" -> Tätigkeit Stromverteilung für (NetzID: ) | AAU3: ="Tätigkeit Stromverteilung für "&'E8. KKAuf_Berechnung'!D347 & " (NetzID: " &'E8. KKAuf_Berechnung'!B347&")" -> Tätigkeit Stromverteilung für (NetzID: ) | ABJ3: ="Tätigkeit Stromverteilung für "&'E8. KKAuf_Berechnung'!D354 & " (NetzID: " &'E8. KKAuf_Berechnung'!B354&")" -> Tätigkeit Stromverteilung für (NetzID: ) | ABY3: ="Tätigkeit Stromverteilung für "&'E8. KKAuf_Berechnung'!D361 & " (NetzID: " &'E8. KKAuf_Berechnung'!B361&")" -> Tätigkeit Stromverteilung für (NetzID: ) | ACN3: ="Tätigkeit Stromverteilung für "&'E8. KKAuf_Berechnung'!D368 & " (NetzID: " &'E8. KKAuf_Berechnung'!B368&")" -> Tätigkeit Stromverteilung für (NetzID: ) | ADC3: ="Tätigkeit Stromverteilung für "&'E8. KKAuf_Berechnung'!D375 & " (NetzID: " &'E8. KKAuf_Berechnung'!B375&")" -> Tätigkeit Stromverteilung für (NetzID: ) | ADR3: ="Tätigkeit Stromverteilung für "&'E8. KKAuf_Berechnung'!D382 & " (NetzID: " &'E8. KKAuf_Berechnung'!B382&")" -> Tätigkeit Stromverteilung für (NetzID: ) | AEG3: ="Tätigkeit Stromverteilung für "&'E8. KKAuf_Berechnung'!D389 & " (NetzID: " &'E8. KKAuf_Berechnung'!B389&")" -> Tätigkeit Stromverteilung für (NetzID: ) | AEV3: ="Tätigkeit Stromverteilung für "&'E8. KKAuf_Berechnung'!D396 & " (NetzID: " &'E8. KKAuf_Berechnung'!B396&")" -> Tätigkeit Stromverteilung für (NetzID: ) | AFK3: ="Tätigkeit Stromverteilung für "&'E8. KKAuf_Berechnung'!D403 & " (NetzID: " &'E8. KKAuf_Berechnung'!B403&")" -> Tätigkeit Stromverteilung für (NetzID: ) | AFZ3: ="Tätigkeit Stromverteilung für "&'E8. KKAuf_Berechnung'!D410 & " (NetzID: " &'E8. KKAuf_Berechnung'!B410&")" -> Tätigkeit Stromverteilung für (NetzID: ) | AGO3: ="Tätigkeit Stromverteilung für "&'E8. KKAuf_Berechnung'!D417 & " (NetzID: " &'E8. KKAuf_Berechnung'!B417&")" -> Tätigkeit Stromverteilung für (NetzID: ) | AHD3: ="Tätigkeit Stromverteilung für "&'E8. KKAuf_Berechnung'!D424 & " (NetzID: " &'E8. KKAuf_Berechnung'!B424&")" -> Tätigkeit Stromverteilung für (NetzID: ) | AHS3: ="Tätigkeit Stromverteilung für "&'E8. KKAuf_Berechnung'!D431 & " (NetzID: " &'E8. KKAuf_Berechnung'!B431&")" -> Tätigkeit Stromverteilung für (NetzID: ) | AIH3: ="Tätigkeit Stromverteilung für "&'E8. KKAuf_Berechnung'!D438 & " (NetzID: " &'E8. KKAuf_Berechnung'!B438&")" -> Tätigkeit Stromverteilung für (NetzID: ) | AIW3: ="Tätigkeit Stromverteilung für "&'E8. KKAuf_Berechnung'!D445 & " (NetzID: " &'E8. KKAuf_Berechnung'!B445&")" -> Tätigkeit Stromverteilung für (NetzID: ) | AJL3: ="Tätigkeit Stromverteilung für "&'E8. KKAuf_Berechnung'!D452 & " (NetzID: " &'E8. KKAuf_Berechnung'!B452&")" -> Tätigkeit Stromverteilung für (NetzID: ) | AKA3: ="Tätigkeit Stromverteilung für "&'E8. KKAuf_Berechnung'!D459 & " (NetzID: " &'E8. KKAuf_Berechnung'!B459&")" -> Tätigkeit Stromverteilung für (NetzID: ) | AKP3: ="Tätigkeit Stromverteilung für "&'E8. KKAuf_Berechnung'!D466 & " (NetzID: " &'E8. KKAuf_Berechnung'!B466&")" -> Tätigkeit Stromverteilung für (NetzID: ) | ALE3: ="Tätigkeit Stromverteilung für "&'E8. KKAuf_Berechnung'!D473 & " (NetzID: " &'E8. KKAuf_Berechnung'!B473&")" -> Tätigkeit Stromverteilung für (NetzID: ) | ALT3: ="Tätigkeit Stromverteilung für "&'E8. KKAuf_Berechnung'!D480 & " (NetzID: " &'E8. KKAuf_Berechnung'!B480&")" -> Tätigkeit Stromverteilung für (NetzID: ) | AMI3: ="Tätigkeit Stromverteilung für "&'E8. KKAuf_Berechnung'!D487 & " (NetzID: " &'E8. KKAuf_Berechnung'!B487&")" -> Tätigkeit Stromverteilung für (NetzID: ) | AMX3: ="Tätigkeit Stromverteilung für "&'E8. KKAuf_Berechnung'!D494 & " (NetzID: " &'E8. KKAuf_Berechnung'!B494&")" -> Tätigkeit Stromverteilung für (NetzID: ) | ANM3: ="Tätigkeit Stromverteilung für "&'E8. KKAuf_Berechnung'!D501 & " (NetzID: " &'E8. KKAuf_Berechnung'!B501&")" -> Tätigkeit Stromverteilung für (NetzID: ) | AOB3: ="Tätigkeit Stromverteilung für "&'E8. KKAuf_Berechnung'!D508 & " (NetzID: " &'E8. KKAuf_Berechnung'!B508&")" -> Tätigkeit Stromverteilung für (NetzID: ) | AOQ3: ="Tätigkeit Stromverteilung für "&'E8. KKAuf_Berechnung'!D515 & " (NetzID: " &'E8. KKAuf_Berechnung'!B515&")" -> Tätigkeit Stromverteilung für (NetzID: ) | APF3: ="Tätigkeit Stromverteilung für "&'E8. KKAuf_Berechnung'!D522 & " (NetzID: " &'E8. KKAuf_Berechnung'!B522&")" -> Tätigkeit Stromverteilung für (NetzID: ) | APU3: ="Tätigkeit Stromverteilung für "&'E8. KKAuf_Berechnung'!D529 & " (NetzID: " &'E8. KKAuf_Berechnung'!B529&")" -> Tätigkeit Stromverteilung für (NetzID: ) | AQJ3: ="Tätigkeit Stromverteilung für "&'E8. KKAuf_Berechnung'!D536 & " (NetzID: " &'E8. KKAuf_Berechnung'!B536&")" -> Tätigkeit Stromverteilung für (NetzID: ) | AQY3: ="Tätigkeit Stromverteilung für "&'E8. KKAuf_Berechnung'!D543 & " (NetzID: " &'E8. KKAuf_Berechnung'!B543&")" -> Tätigkeit Stromverteilung für (NetzID: ) | ARN3: ="Tätigkeit Stromverteilung für "&'E8. KKAuf_Berechnung'!D550 & " (NetzID: " &'E8. KKAuf_Berechnung'!B550&")" -> Tätigkeit Stromverteilung für (NetzID: ) | ASC3: ="Tätigkeit Stromverteilung für "&'E8. KKAuf_Berechnung'!D557 & " (NetzID: " &'E8. KKAuf_Berechnung'!B557&")" -> Tätigkeit Stromverteilung für (NetzID: ) | ASR3: ="Tätigkeit Stromverteilung für "&'E8. KKAuf_Berechnung'!D564 & " (NetzID: " &'E8. KKAuf_Berechnung'!B564&")" -> Tätigkeit Stromverteilung für (NetzID: ) | ATG3: ="Tätigkeit Stromverteilung für "&'E8. KKAuf_Berechnung'!D571 & " (NetzID: " &'E8. KKAuf_Berechnung'!B571&")" -> Tätigkeit Stromverteilung für (NetzID: ) | ATV3: ="Tätigkeit Stromverteilung für "&'E8. KKAuf_Berechnung'!D578 & " (NetzID: " &'E8. KKAuf_Berechnung'!B578&")" -> Tätigkeit Stromverteilung für (NetzID: ) | AUK3: ="Tätigkeit Stromverteilung für "&'E8. KKAuf_Berechnung'!D585 & " (NetzID: " &'E8. KKAuf_Berechnung'!B585&")" -> Tätigkeit Stromverteilung für (NetzID: ) | AUZ3: ="Tätigkeit Stromverteilung für "&'E8. KKAuf_Berechnung'!D592 & " (NetzID: " &'E8. KKAuf_Berechnung'!B592&")" -> Tätigkeit Stromverteilung für (NetzID: ) | AVO3: ="Tätigkeit Stromverteilung für "&'E8. KKAuf_Berechnung'!D599 & " (NetzID: " &'E8. KKAuf_Berechnung'!B599&")" -> Tätigkeit Stromverteilung für (NetzID: ) | AWD3: ="Tätigkeit Stromverteilung für "&'E8. KKAuf_Berechnung'!D606 & " (NetzID: " &'E8. KKAuf_Berechnung'!B606&")" -> Tätigkeit Stromverteilung für (NetzID: ) | AWS3: ="Tätigkeit Stromverteilung für "&'E8. KKAuf_Berechnung'!D613 & " (NetzID: " &'E8. KKAuf_Berechnung'!B613&")" -> Tätigkeit Stromverteilung für (NetzID: ) | AXH3: ="Tätigkeit Stromverteilung für "&'E8. KKAuf_Berechnung'!D620 & " (NetzID: " &'E8. KKAuf_Berechnung'!B620&")" -> Tätigkeit Stromverteilung für (NetzID: ) | AXW3: ="Tätigkeit Stromverteilung für "&'E8. KKAuf_Berechnung'!D627 & " (NetzID: " &'E8. KKAuf_Berechnung'!B627&")" -> Tätigkeit Stromverteilung für (NetzID: ) | AYL3: ="Tätigkeit Stromverteilung für "&'E8. KKAuf_Berechnung'!D634 & " (NetzID: " &'E8. KKAuf_Berechnung'!B634&")" -> Tätigkeit Stromverteilung für (NetzID: ) | AZA3: ="Tätigkeit Stromverteilung für "&'E8. KKAuf_Berechnung'!D641 & " (NetzID: " &'E8. KKAuf_Berechnung'!B641&")" -> Tätigkeit Stromverteilung für (NetzID: ) | AZP3: ="Tätigkeit Stromverteilung für "&'E8. KKAuf_Berechnung'!D648 & " (NetzID: " &'E8. KKAuf_Berechnung'!B648&")" -> Tätigkeit Stromverteilung für (NetzID: ) | BAE3: ="Tätigkeit Stromverteilung für "&'E8. KKAuf_Berechnung'!D655 & " (NetzID: " &'E8. KKAuf_Berechnung'!B655&")" -> Tätigkeit Stromverteilung für (NetzID: ) | BAT3: ="Tätigkeit Stromverteilung für "&'E8. KKAuf_Berechnung'!D662 & " (NetzID: " &'E8. KKAuf_Berechnung'!B662&")" -> Tätigkeit Stromverteilung für (NetzID: ) | BBI3: ="Tätigkeit Stromverteilung für "&'E8. KKAuf_Berechnung'!D669 & " (NetzID: " &'E8. KKAuf_Berechnung'!B669&")" -> Tätigkeit Stromverteilung für (NetzID: ) | BBX3: ="Tätigkeit Stromverteilung für "&'E8. KKAuf_Berechnung'!D676 & " (NetzID: " &'E8. KKAuf_Berechnung'!B676&")" -> Tätigkeit Stromverteilung für (NetzID: ) | BCM3: ="Tätigkeit Stromverteilung für "&'E8. KKAuf_Berechnung'!D683 & " (NetzID: " &'E8. KKAuf_Berechnung'!B683&")" -> Tätigkeit Stromverteilung für (NetzID: ) | BDB3: ="Tätigkeit Stromverteilung für "&'E8. KKAuf_Berechnung'!D690 & " (NetzID: " &'E8. KKAuf_Berechnung'!B690&")" -> Tätigkeit Stromverteilung für (NetzID: ) | BDQ3: ="Tätigkeit Stromverteilung für "&'E8. KKAuf_Berechnung'!D697 & " (NetzID: " &'E8. KKAuf_Berechnung'!B697&")" -> Tätigkeit Stromverteilung für (NetzID: ) | BEF3: ="Tätigkeit Stromverteilung für "&'E8. KKAuf_Berechnung'!D704 & " (NetzID: " &'E8. KKAuf_Berechnung'!B704&")" -> Tätigkeit Stromverteilung für (NetzID: ) | BEU3: ="Tätigkeit Stromverteilung für "&'E8. KKAuf_Berechnung'!D711 & " (NetzID: " &'E8. KKAuf_Berechnung'!B711&")" -> Tätigkeit Stromverteilung für (NetzID: ) | BFJ3: ="Tätigkeit Stromverteilung für "&'E8. KKAuf_Berechnung'!D718 & " (NetzID: " &'E8. KKAuf_Berechnung'!B718&")" -> Tätigkeit Stromverteilung für (NetzID: ) | BFY3: ="Tätigkeit Stromverteilung für "&'E8. KKAuf_Berechnung'!D725 & " (NetzID: " &'E8. KKAuf_Berechnung'!B725&")" -> Tätigkeit Stromverteilung für (NetzID: ) | BGN3: ="Tätigkeit Stromverteilung für "&'E8. KKAuf_Berechnung'!D732 & " (NetzID: " &'E8. KKAuf_Berechnung'!B732&")" -> Tätigkeit Stromverteilung für (NetzID: ) | BHC3: ="Tätigkeit Stromverteilung für "&'E8. KKAuf_Berechnung'!D739 & " (NetzID: " &'E8. KKAuf_Berechnung'!B739&")" -> Tätigkeit Stromverteilung für (NetzID: ) | BHR3: ="Tätigkeit Stromverteilung für "&'E8. KKAuf_Berechnung'!D746 & " (NetzID: " &'E8. KKAuf_Berechnung'!B746&")" -> Tätigkeit Stromverteilung für (NetzID: ) | BIG3: ="Tätigkeit Stromverteilung für "&'E8. KKAuf_Berechnung'!D753 & " (NetzID: " &'E8. KKAuf_Berechnung'!B753&")" -> Tätigkeit Stromverteilung für (NetzID: ) | BIV3: ="Tätigkeit Stromverteilung für "&'E8. KKAuf_Berechnung'!D760 & " (NetzID: " &'E8. KKAuf_Berechnung'!B760&")" -> Tätigkeit Stromverteilung für (NetzID: ) | BJK3: ="Tätigkeit Stromverteilung für "&'E8. KKAuf_Berechnung'!D767 & " (NetzID: " &'E8. KKAuf_Berechnung'!B767&")" -> Tätigkeit Stromverteilung für (NetzID: ) | BJZ3: ="Tätigkeit Stromverteilung für "&'E8. KKAuf_Berechnung'!D774 & " (NetzID: " &'E8. KKAuf_Berechnung'!B774&")" -> Tätigkeit Stromverteilung für (NetzID: ) | BKO3: ="Tätigkeit Stromverteilung für "&'E8. KKAuf_Berechnung'!D781 & " (NetzID: " &'E8. KKAuf_Berechnung'!B781&")" -> Tätigkeit Stromverteilung für (NetzID: ) | BLD3: ="Tätigkeit Stromverteilung für "&'E8. KKAuf_Berechnung'!D788 & " (NetzID: " &'E8. KKAuf_Berechnung'!B788&")" -> Tätigkeit Stromverteilung für (NetzID: ) | BLS3: ="Tätigkeit Stromverteilung für "&'E8. KKAuf_Berechnung'!D795 & " (NetzID: " &'E8. KKAuf_Berechnung'!B795&")" -> Tätigkeit Stromverteilung für (NetzID: ) | BMH3: ="Tätigkeit Stromverteilung für "&'E8. KKAuf_Berechnung'!D802 & " (NetzID: " &'E8. KKAuf_Berechnung'!B802&")" -> Tätigkeit Stromverteilung für (NetzID: ) | BMW3: ="Tätigkeit Stromverteilung für "&'E8. KKAuf_Berechnung'!D809 & " (NetzID: " &'E8. KKAuf_Berechnung'!B809&")" -> Tätigkeit Stromverteilung für (NetzID: ) | BNL3: ="Tätigkeit Stromverteilung für "&'E8. KKAuf_Berechnung'!D816 & " (NetzID: " &'E8. KKAuf_Berechnung'!B816&")" -> Tätigkeit Stromverteilung für (NetzID: ) | BOA3: ="Tätigkeit Stromverteilung für "&'E8. KKAuf_Berechnung'!D823 & " (NetzID: " &'E8. KKAuf_Berechnung'!B823&")" -> Tätigkeit Stromverteilung für (NetzID: ) | BOP3: ="Tätigkeit Stromverteilung für "&'E8. KKAuf_Berechnung'!D830 & " (NetzID: " &'E8. KKAuf_Berechnung'!B830&")" -> Tätigkeit Stromverteilung für (NetzID: ) | BPE3: ="Tätigkeit Stromverteilung für "&'E8. KKAuf_Berechnung'!D837 & " (NetzID: " &'E8. KKAuf_Berechnung'!B837&")" -> Tätigkeit Stromverteilung für (NetzID: ) | BPT3: ="Tätigkeit Stromverteilung für "&'E8. KKAuf_Berechnung'!D844 & " (NetzID: " &'E8. KKAuf_Berechnung'!B844&")" -> Tätigkeit Stromverteilung für (NetzID: ) | BQI3: ="Tätigkeit Stromverteilung für "&'E8. KKAuf_Berechnung'!D851 & " (NetzID: " &'E8. KKAuf_Berechnung'!B851&")" -> Tätigkeit Stromverteilung für (NetzID: ) | BQX3: ="Tätigkeit Stromverteilung für "&'E8. KKAuf_Berechnung'!D858 & " (NetzID: " &'E8. KKAuf_Berechnung'!B858&")" -> Tätigkeit Stromverteilung für (NetzID: ) | BRM3: ="Tätigkeit Stromverteilung für "&'E8. KKAuf_Berechnung'!D865 & " (NetzID: " &'E8. KKAuf_Berechnung'!B865&")" -> Tätigkeit Stromverteilung für (NetzID: ) | BSB3: ="Tätigkeit Stromverteilung für "&'E8. KKAuf_Berechnung'!D872 & " (NetzID: " &'E8. KKAuf_Berechnung'!B872&")" -> Tätigkeit Stromverteilung für (NetzID: ) | BSQ3: ="Tätigkeit Stromverteilung für "&'E8. KKAuf_Berechnung'!D879 & " (NetzID: " &'E8. KKAuf_Berechnung'!B879&")" -> Tätigkeit Stromverteilung für (NetzID: ) | BTF3: ="Tätigkeit Stromverteilung für "&'E8. KKAuf_Berechnung'!D886 & " (NetzID: " &'E8. KKAuf_Berechnung'!B886&")" -> Tätigkeit Stromverteilung für (NetzID: ) | BTU3: ="Tätigkeit Stromverteilung für "&'E8. KKAuf_Berechnung'!D893 & " (NetzID: " &'E8. KKAuf_Berechnung'!B893&")" -> Tätigkeit Stromverteilung für (NetzID: ) | BUJ3: ="Tätigkeit Stromverteilung für "&'E8. KKAuf_Berechnung'!D900 & " (NetzID: " &'E8. KKAuf_Berechnung'!B900&")" -> Tätigkeit Stromverteilung für (NetzID: ) | BUY3: ="Tätigkeit Stromverteilung für "&'E8. KKAuf_Berechnung'!D907 & " (NetzID: " &'E8. KKAuf_Berechnung'!B907&")" -> Tätigkeit Stromverteilung für (NetzID: ) | BVN3: ="Tätigkeit Stromverteilung für "&'E8. KKAuf_Berechnung'!D914 & " (NetzID: " &'E8. KKAuf_Berechnung'!B914&")" -> Tätigkeit Stromverteilung für (NetzID: )
C4: Anschaffungs- bzw. Herstellungskosten | H4: kumulierte Abschreibungen | O4: Buchwert | R4: Anschaffungs- bzw. Herstellungskosten | W4: kumulierte Abschreibungen | AD4: Buchwert | AG4: Anschaffungs- bzw. Herstellungskosten | AL4: kumulierte Abschreibungen | AS4: Buchwert | AV4: Anschaffungs- bzw. Herstellungskosten | BA4: kumulierte Abschreibungen | BH4: Buchwert | BK4: Anschaffungs- bzw. Herstellungskosten | BP4: kumulierte Abschreibungen | BW4: Buchwert | BZ4: Anschaffungs- bzw. Herstellungskosten | CE4: kumulierte Abschreibungen | CL4: Buchwert | CO4: Anschaffungs- bzw. Herstellungskosten | CT4: kumulierte Abschreibungen | DA4: Buchwert | DD4: Anschaffungs- bzw. Herstellungskosten | DI4: kumulierte Abschreibungen | DP4: Buchwert | DS4: Anschaffungs- bzw. Herstellungskosten | DX4: kumulierte Abschreibungen | EE4: Buchwert | EH4: Anschaffungs- bzw. Herstellungskosten | EM4: kumulierte Abschreibungen | ET4: Buchwert | EW4: Anschaffungs- bzw. Herstellungskosten | FB4: kumulierte Abschreibungen | FI4: Buchwert | FL4: Anschaffungs- bzw. Herstellungskosten | FQ4: kumulierte Abschreibungen | FX4: Buchwert | GA4: Anschaffungs- bzw. Herstellungskosten | GF4: kumulierte Abschreibungen | GM4: Buchwert | GP4: Anschaffungs- bzw. Herstellungskosten | GU4: kumulierte Abschreibungen | HB4: Buchwert | HE4: Anschaffungs- bzw. Herstellungskosten | HJ4: kumulierte Abschreibungen | HQ4: Buchwert | HT4: Anschaffungs- bzw. Herstellungskosten | HY4: kumulierte Abschreibungen | IF4: Buchwert | II4: Anschaffungs- bzw. Herstellungskosten | IN4: kumulierte Abschreibungen | IU4: Buchwert | IX4: Anschaffungs- bzw. Herstellungskosten | JC4: kumulierte Abschreibungen | JJ4: Buchwert | JM4: Anschaffungs- bzw. Herstellungskosten | JR4: kumulierte Abschreibungen | JY4: Buchwert | KB4: Anschaffungs- bzw. Herstellungskosten | KG4: kumulierte Abschreibungen | KN4: Buchwert | KQ4: Anschaffungs- bzw. Herstellungskosten | KV4: kumulierte Abschreibungen | LC4: Buchwert | LF4: Anschaffungs- bzw. Herstellungskosten | LK4: kumulierte Abschreibungen | LR4: Buchwert | LU4: Anschaffungs- bzw. Herstellungskosten | LZ4: kumulierte Abschreibungen | MG4: Buchwert | MJ4: Anschaffungs- bzw. Herstellungskosten | MO4: kumulierte Abschreibungen | MV4: Buchwert | MY4: Anschaffungs- bzw. Herstellungskosten | ND4: kumulierte Abschreibungen | NK4: Buchwert | NN4: Anschaffungs- bzw. Herstellungskosten | NS4: kumulierte Abschreibungen | NZ4: Buchwert | OC4: Anschaffungs- bzw. Herstellungskosten | OH4: kumulierte Abschreibungen | OO4: Buchwert | OR4: Anschaffungs- bzw. Herstellungskosten | OW4: kumulierte Abschreibungen | PD4: Buchwert | PG4: Anschaffungs- bzw. Herstellungskosten | PL4: kumulierte Abschreibungen | PS4: Buchwert | PV4: Anschaffungs- bzw. Herstellungskosten | QA4: kumulierte Abschreibungen | QH4: Buchwert | QK4: Anschaffungs- bzw. Herstellungskosten | QP4: kumulierte Abschreibungen | QW4: Buchwert | QZ4: Anschaffungs- bzw. Herstellungskosten | RE4: kumulierte Abschreibungen | RL4: Buchwert | RO4: Anschaffungs- bzw. Herstellungskosten | RT4: kumulierte Abschreibungen | SA4: Buchwert | SD4: Anschaffungs- bzw. Herstellungskosten | SI4: kumulierte Abschreibungen | SP4: Buchwert | SS4: Anschaffungs- bzw. Herstellungskosten | SX4: kumulierte Abschreibungen | TE4: Buchwert | TH4: Anschaffungs- bzw. Herstellungskosten | TM4: kumulierte Abschreibungen | TT4: Buchwert | TW4: Anschaffungs- bzw. Herstellungskosten | UB4: kumulierte Abschreibungen | UI4: Buchwert | UL4: Anschaffungs- bzw. Herstellungskosten | UQ4: kumulierte Abschreibungen | UX4: Buchwert | VA4: Anschaffungs- bzw. Herstellungskosten | VF4: kumulierte Abschreibungen | VM4: Buchwert | VP4: Anschaffungs- bzw. Herstellungskosten | VU4: kumulierte Abschreibungen | WB4: Buchwert | WE4: Anschaffungs- bzw. Herstellungskosten | WJ4: kumulierte Abschreibungen | WQ4: Buchwert | WT4: Anschaffungs- bzw. Herstellungskosten | WY4: kumulierte Abschreibungen | XF4: Buchwert | XI4: Anschaffungs- bzw. Herstellungskosten | XN4: kumulierte Abschreibungen | XU4: Buchwert | XX4: Anschaffungs- bzw. Herstellungskosten | YC4: kumulierte Abschreibungen | YJ4: Buchwert | YM4: Anschaffungs- bzw. Herstellungskosten | YR4: kumulierte Abschreibungen | YY4: Buchwert | ZB4: Anschaffungs- bzw. Herstellungskosten | ZG4: kumulierte Abschreibungen | ZN4: Buchwert | ZQ4: Anschaffungs- bzw. Herstellungskosten | ZV4: kumulierte Abschreibungen | AAC4: Buchwert | AAF4: Anschaffungs- bzw. Herstellungskosten | AAK4: kumulierte Abschreibungen | AAR4: Buchwert | AAU4: Anschaffungs- bzw. Herstellungskosten | AAZ4: kumulierte Abschreibungen | ABG4: Buchwert | ABJ4: Anschaffungs- bzw. Herstellungskosten | ABO4: kumulierte Abschreibungen | ABV4: Buchwert | ABY4: Anschaffungs- bzw. Herstellungskosten | ACD4: kumulierte Abschreibungen | ACK4: Buchwert | ACN4: Anschaffungs- bzw. Herstellungskosten | ACS4: kumulierte Abschreibungen | ACZ4: Buchwert | ADC4: Anschaffungs- bzw. Herstellungskosten | ADH4: kumulierte Abschreibungen | ADO4: Buchwert | ADR4: Anschaffungs- bzw. Herstellungskosten | ADW4: kumulierte Abschreibungen | AED4: Buchwert | AEG4: Anschaffungs- bzw. Herstellungskosten | AEL4: kumulierte Abschreibungen | AES4: Buchwert | AEV4: Anschaffungs- bzw. Herstellungskosten | AFA4: kumulierte Abschreibungen | AFH4: Buchwert | AFK4: Anschaffungs- bzw. Herstellungskosten | AFP4: kumulierte Abschreibungen | AFW4: Buchwert | AFZ4: Anschaffungs- bzw. Herstellungskosten | AGE4: kumulierte Abschreibungen | AGL4: Buchwert | AGO4: Anschaffungs- bzw. Herstellungskosten | AGT4: kumulierte Abschreibungen | AHA4: Buchwert | AHD4: Anschaffungs- bzw. Herstellungskosten | AHI4: kumulierte Abschreibungen | AHP4: Buchwert | AHS4: Anschaffungs- bzw. Herstellungskosten | AHX4: kumulierte Abschreibungen | AIE4: Buchwert | AIH4: Anschaffungs- bzw. Herstellungskosten | AIM4: kumulierte Abschreibungen | AIT4: Buchwert | AIW4: Anschaffungs- bzw. Herstellungskosten | AJB4: kumulierte Abschreibungen | AJI4: Buchwert | AJL4: Anschaffungs- bzw. Herstellungskosten | AJQ4: kumulierte Abschreibungen | AJX4: Buchwert | AKA4: Anschaffungs- bzw. Herstellungskosten | AKF4: kumulierte Abschreibungen | AKM4: Buchwert | AKP4: Anschaffungs- bzw. Herstellungskosten | AKU4: kumulierte Abschreibungen | ALB4: Buchwert | ALE4: Anschaffungs- bzw. Herstellungskosten | ALJ4: kumulierte Abschreibungen | ALQ4: Buchwert | ALT4: Anschaffungs- bzw. Herstellungskosten | ALY4: kumulierte Abschreibungen | AMF4: Buchwert | AMI4: Anschaffungs- bzw. Herstellungskosten | AMN4: kumulierte Abschreibungen | AMU4: Buchwert | AMX4: Anschaffungs- bzw. Herstellungskosten | ANC4: kumulierte Abschreibungen | ANJ4: Buchwert | ANM4: Anschaffungs- bzw. Herstellungskosten | ANR4: kumulierte Abschreibungen | ANY4: Buchwert | AOB4: Anschaffungs- bzw. Herstellungskosten | AOG4: kumulierte Abschreibungen | AON4: Buchwert | AOQ4: Anschaffungs- bzw. Herstellungskosten | AOV4: kumulierte Abschreibungen | APC4: Buchwert | APF4: Anschaffungs- bzw. Herstellungskosten | APK4: kumulierte Abschreibungen | APR4: Buchwert | APU4: Anschaffungs- bzw. Herstellungskosten | APZ4: kumulierte Abschreibungen | AQG4: Buchwert | AQJ4: Anschaffungs- bzw. Herstellungskosten | AQO4: kumulierte Abschreibungen | AQV4: Buchwert | AQY4: Anschaffungs- bzw. Herstellungskosten | ARD4: kumulierte Abschreibungen | ARK4: Buchwert | ARN4: Anschaffungs- bzw. Herstellungskosten | ARS4: kumulierte Abschreibungen | ARZ4: Buchwert | ASC4: Anschaffungs- bzw. Herstellungskosten | ASH4: kumulierte Abschreibungen | ASO4: Buchwert | ASR4: Anschaffungs- bzw. Herstellungskosten | ASW4: kumulierte Abschreibungen | ATD4: Buchwert | ATG4: Anschaffungs- bzw. Herstellungskosten | ATL4: kumulierte Abschreibungen | ATS4: Buchwert | ATV4: Anschaffungs- bzw. Herstellungskosten | AUA4: kumulierte Abschreibungen | AUH4: Buchwert | AUK4: Anschaffungs- bzw. Herstellungskosten | AUP4: kumulierte Abschreibungen | AUW4: Buchwert | AUZ4: Anschaffungs- bzw. Herstellungskosten | AVE4: kumulierte Abschreibungen | AVL4: Buchwert | AVO4: Anschaffungs- bzw. Herstellungskosten | AVT4: kumulierte Abschreibungen | AWA4: Buchwert | AWD4: Anschaffungs- bzw. Herstellungskosten | AWI4: kumulierte Abschreibungen | AWP4: Buchwert | AWS4: Anschaffungs- bzw. Herstellungskosten | AWX4: kumulierte Abschreibungen | AXE4: Buchwert | AXH4: Anschaffungs- bzw. Herstellungskosten | AXM4: kumulierte Abschreibungen | AXT4: Buchwert | AXW4: Anschaffungs- bzw. Herstellungskosten | AYB4: kumulierte Abschreibungen | AYI4: Buchwert | AYL4: Anschaffungs- bzw. Herstellungskosten | AYQ4: kumulierte Abschreibungen | AYX4: Buchwert | AZA4: Anschaffungs- bzw. Herstellungskosten | AZF4: kumulierte Abschreibungen | AZM4: Buchwert | AZP4: Anschaffungs- bzw. Herstellungskosten | AZU4: kumulierte Abschreibungen | BAB4: Buchwert | BAE4: Anschaffungs- bzw. Herstellungskosten | BAJ4: kumulierte Abschreibungen | BAQ4: Buchwert | BAT4: Anschaffungs- bzw. Herstellungskosten | BAY4: kumulierte Abschreibungen | BBF4: Buchwert | BBI4: Anschaffungs- bzw. Herstellungskosten | BBN4: kumulierte Abschreibungen | BBU4: Buchwert | BBX4: Anschaffungs- bzw. Herstellungskosten | BCC4: kumulierte Abschreibungen | BCJ4: Buchwert | BCM4: Anschaffungs- bzw. Herstellungskosten | BCR4: kumulierte Abschreibungen | BCY4: Buchwert | BDB4: Anschaffungs- bzw. Herstellungskosten | BDG4: kumulierte Abschreibungen | BDN4: Buchwert | BDQ4: Anschaffungs- bzw. Herstellungskosten | BDV4: kumulierte Abschreibungen | BEC4: Buchwert | BEF4: Anschaffungs- bzw. Herstellungskosten | BEK4: kumulierte Abschreibungen | BER4: Buchwert | BEU4: Anschaffungs- bzw. Herstellungskosten | BEZ4: kumulierte Abschreibungen | BFG4: Buchwert | BFJ4: Anschaffungs- bzw. Herstellungskosten | BFO4: kumulierte Abschreibungen | BFV4: Buchwert | BFY4: Anschaffungs- bzw. Herstellungskosten | BGD4: kumulierte Abschreibungen | BGK4: Buchwert | BGN4: Anschaffungs- bzw. Herstellungskosten | BGS4: kumulierte Abschreibungen | BGZ4: Buchwert | BHC4: Anschaffungs- bzw. Herstellungskosten | BHH4: kumulierte Abschreibungen | BHO4: Buchwert | BHR4: Anschaffungs- bzw. Herstellungskosten | BHW4: kumulierte Abschreibungen | BID4: Buchwert | BIG4: Anschaffungs- bzw. Herstellungskosten | BIL4: kumulierte Abschreibungen | BIS4: Buchwert | BIV4: Anschaffungs- bzw. Herstellungskosten | BJA4: kumulierte Abschreibungen | BJH4: Buchwert | BJK4: Anschaffungs- bzw. Herstellungskosten | BJP4: kumulierte Abschreibungen | BJW4: Buchwert | BJZ4: Anschaffungs- bzw. Herstellungskosten | BKE4: kumulierte Abschreibungen | BKL4: Buchwert | BKO4: Anschaffungs- bzw. Herstellungskosten | BKT4: kumulierte Abschreibungen | BLA4: Buchwert | BLD4: Anschaffungs- bzw. Herstellungskosten | BLI4: kumulierte Abschreibungen | BLP4: Buchwert | BLS4: Anschaffungs- bzw. Herstellungskosten | BLX4: kumulierte Abschreibungen | BME4: Buchwert | BMH4: Anschaffungs- bzw. Herstellungskosten | BMM4: kumulierte Abschreibungen | BMT4: Buchwert | BMW4: Anschaffungs- bzw. Herstellungskosten | BNB4: kumulierte Abschreibungen | BNI4: Buchwert | BNL4: Anschaffungs- bzw. Herstellungskosten | BNQ4: kumulierte Abschreibungen | BNX4: Buchwert | BOA4: Anschaffungs- bzw. Herstellungskosten | BOF4: kumulierte Abschreibungen | BOM4: Buchwert | BOP4: Anschaffungs- bzw. Herstellungskosten | BOU4: kumulierte Abschreibungen | BPB4: Buchwert | BPE4: Anschaffungs- bzw. Herstellungskosten | BPJ4: kumulierte Abschreibungen | BPQ4: Buchwert | BPT4: Anschaffungs- bzw. Herstellungskosten | BPY4: kumulierte Abschreibungen | BQF4: Buchwert | BQI4: Anschaffungs- bzw. Herstellungskosten | BQN4: kumulierte Abschreibungen | BQU4: Buchwert | BQX4: Anschaffungs- bzw. Herstellungskosten | BRC4: kumulierte Abschreibungen | BRJ4: Buchwert | BRM4: Anschaffungs- bzw. Herstellungskosten | BRR4: kumulierte Abschreibungen | BRY4: Buchwert | BSB4: Anschaffungs- bzw. Herstellungskosten | BSG4: kumulierte Abschreibungen | BSN4: Buchwert | BSQ4: Anschaffungs- bzw. Herstellungskosten | BSV4: kumulierte Abschreibungen | BTC4: Buchwert | BTF4: Anschaffungs- bzw. Herstellungskosten | BTK4: kumulierte Abschreibungen | BTR4: Buchwert | BTU4: Anschaffungs- bzw. Herstellungskosten | BTZ4: kumulierte Abschreibungen | BUG4: Buchwert | BUJ4: Anschaffungs- bzw. Herstellungskosten | BUO4: kumulierte Abschreibungen | BUV4: Buchwert | BUY4: Anschaffungs- bzw. Herstellungskosten | BVD4: kumulierte Abschreibungen | BVK4: Buchwert | BVN4: Anschaffungs- bzw. Herstellungskosten | BVS4: kumulierte Abschreibungen | BVZ4: Buchwert
C5: Stand 01.01. [EUR] | D5: Zugänge [EUR] | E5: Abgänge [EUR] | F5: Umbuchungen [EUR] | G5: Stand 31.12. [EUR] | H5: Stand 01.01. [EUR] | I5: Zugänge [EUR] | J5: Abgänge [EUR] | K5: Umbuchungen [EUR] | L5: Wertminderungen [EUR] | M5: Zuschreibungen [EUR] | N5: Stand 31.12. [EUR] | O5: Stand 01.01. [EUR] | P5: Stand 31.12. [EUR] | R5: Stand 01.01. [EUR] | S5: Zugänge [EUR] | T5: Abgänge [EUR] | U5: Umbuchungen [EUR] | V5: Stand 31.12. [EUR] | W5: Stand 01.01. [EUR] | X5: Zugänge [EUR] | Y5: Abgänge [EUR] | Z5: Umbuchungen [EUR] | AA5: Wertminderungen [EUR] | AB5: Zuschreibungen [EUR] | AC5: Stand 31.12. [EUR] | AD5: Stand 01.01. [EUR] | AE5: Stand 31.12. [EUR] | AG5: Stand 01.01. [EUR] | AH5: Zugänge [EUR] | AI5: Abgänge [EUR] | AJ5: Umbuchungen [EUR] | AK5: Stand 31.12. [EUR] | AL5: Stand 01.01. [EUR] | AM5: Zugänge [EUR] | AN5: Abgänge [EUR] | AO5: Umbuchungen [EUR] | AP5: Wertminderungen [EUR] | AQ5: Zuschreibungen [EUR] | AR5: Stand 31.12. [EUR] | AS5: Stand 01.01. [EUR] | AT5: Stand 31.12. [EUR] | AV5: Stand 01.01. [EUR] | AW5: Zugänge [EUR] | AX5: Abgänge [EUR] | AY5: Umbuchungen [EUR] | AZ5: Stand 31.12. [EUR] | BA5: Stand 01.01. [EUR] | BB5: Zugänge [EUR] | BC5: Abgänge [EUR] | BD5: Umbuchungen [EUR] | BE5: Wertminderungen [EUR] | BF5: Zuschreibungen [EUR] | BG5: Stand 31.12. [EUR] | BH5: Stand 01.01. [EUR] | BI5: Stand 31.12. [EUR] | BK5: Stand 01.01. [EUR] | BL5: Zugänge [EUR] | BM5: Abgänge [EUR] | BN5: Umbuchungen [EUR] | BO5: Stand 31.12. [EUR] | BP5: Stand 01.01. [EUR] | BQ5: Zugänge [EUR] | BR5: Abgänge [EUR] | BS5: Umbuchungen [EUR] | BT5: Wertminderungen [EUR] | BU5: Zuschreibungen [EUR] | BV5: Stand 31.12. [EUR] | BW5: Stand 01.01. [EUR] | BX5: Stand 31.12. [EUR] | BZ5: Stand 01.01. [EUR] | CA5: Zugänge [EUR] | CB5: Abgänge [EUR] | CC5: Umbuchungen [EUR] | CD5: Stand 31.12. [EUR] | CE5: Stand 01.01. [EUR] | CF5: Zugänge [EUR] | CG5: Abgänge [EUR] | CH5: Umbuchungen [EUR] | CI5: Wertminderungen [EUR] | CJ5: Zuschreibungen [EUR] | CK5: Stand 31.12. [EUR] | CL5: Stand 01.01. [EUR] | CM5: Stand 31.12. [EUR] | CO5: Stand 01.01. [EUR] | CP5: Zugänge [EUR] | CQ5: Abgänge [EUR] | CR5: Umbuchungen [EUR] | CS5: Stand 31.12. [EUR] | CT5: Stand 01.01. [EUR] | CU5: Zugänge [EUR] | CV5: Abgänge [EUR] | CW5: Umbuchungen [EUR] | CX5: Wertminderungen [EUR] | CY5: Zuschreibungen [EUR] | CZ5: Stand 31.12. [EUR] | DA5: Stand 01.01. [EUR] | DB5: Stand 31.12. [EUR] | DD5: Stand 01.01. [EUR] | DE5: Zugänge [EUR] | DF5: Abgänge [EUR] | DG5: Umbuchungen [EUR] | DH5: Stand 31.12. [EUR] | DI5: Stand 01.01. [EUR] | DJ5: Zugänge [EUR] | DK5: Abgänge [EUR] | DL5: Umbuchungen [EUR] | DM5: Wertminderungen [EUR] | DN5: Zuschreibungen [EUR] | DO5: Stand 31.12. [EUR] | DP5: Stand 01.01. [EUR] | DQ5: Stand 31.12. [EUR] | DS5: Stand 01.01. [EUR] | DT5: Zugänge [EUR] | DU5: Abgänge [EUR] | DV5: Umbuchungen [EUR] | DW5: Stand 31.12. [EUR] | DX5: Stand 01.01. [EUR] | DY5: Zugänge [EUR] | DZ5: Abgänge [EUR] | EA5: Umbuchungen [EUR] | EB5: Wertminderungen [EUR] | EC5: Zuschreibungen [EUR] | ED5: Stand 31.12. [EUR] | EE5: Stand 01.01. [EUR] | EF5: Stand 31.12. [EUR] | EH5: Stand 01.01. [EUR] | EI5: Zugänge [EUR] | EJ5: Abgänge [EUR] | EK5: Umbuchungen [EUR] | EL5: Stand 31.12. [EUR] | EM5: Stand 01.01. [EUR] | EN5: Zugänge [EUR] | EO5: Abgänge [EUR] | EP5: Umbuchungen [EUR] | EQ5: Wertminderungen [EUR] | ER5: Zuschreibungen [EUR] | ES5: Stand 31.12. [EUR] | ET5: Stand 01.01. [EUR] | EU5: Stand 31.12. [EUR] | EW5: Stand 01.01. [EUR] | EX5: Zugänge [EUR] | EY5: Abgänge [EUR] | EZ5: Umbuchungen [EUR] | FA5: Stand 31.12. [EUR] | FB5: Stand 01.01. [EUR] | FC5: Zugänge [EUR] | FD5: Abgänge [EUR] | FE5: Umbuchungen [EUR] | FF5: Wertminderungen [EUR] | FG5: Zuschreibungen [EUR] | FH5: Stand 31.12. [EUR] | FI5: Stand 01.01. [EUR] | FJ5: Stand 31.12. [EUR] | FL5: Stand 01.01. [EUR] | FM5: Zugänge [EUR] | FN5: Abgänge [EUR] | FO5: Umbuchungen [EUR] | FP5: Stand 31.12. [EUR] | FQ5: Stand 01.01. [EUR] | FR5: Zugänge [EUR] | FS5: Abgänge [EUR] | FT5: Umbuchungen [EUR] | FU5: Wertminderungen [EUR] | FV5: Zuschreibungen [EUR] | FW5: Stand 31.12. [EUR] | FX5: Stand 01.01. [EUR] | FY5: Stand 31.12. [EUR] | GA5: Stand 01.01. [EUR] | GB5: Zugänge [EUR] | GC5: Abgänge [EUR] | GD5: Umbuchungen [EUR] | GE5: Stand 31.12. [EUR] | GF5: Stand 01.01. [EUR] | GG5: Zugänge [EUR] | GH5: Abgänge [EUR] | GI5: Umbuchungen [EUR] | GJ5: Wertminderungen [EUR] | GK5: Zuschreibungen [EUR] | GL5: Stand 31.12. [EUR] | GM5: Stand 01.01. [EUR] | GN5: Stand 31.12. [EUR] | GP5: Stand 01.01. [EUR] | GQ5: Zugänge [EUR] | GR5: Abgänge [EUR] | GS5: Umbuchungen [EUR] | GT5: Stand 31.12. [EUR] | GU5: Stand 01.01. [EUR] | GV5: Zugänge [EUR] | GW5: Abgänge [EUR] | GX5: Umbuchungen [EUR] | GY5: Wertminderungen [EUR] | GZ5: Zuschreibungen [EUR] | HA5: Stand 31.12. [EUR] | HB5: Stand 01.01. [EUR] | HC5: Stand 31.12. [EUR] | HE5: Stand 01.01. [EUR] | HF5: Zugänge [EUR] | HG5: Abgänge [EUR] | HH5: Umbuchungen [EUR] | HI5: Stand 31.12. [EUR] | HJ5: Stand 01.01. [EUR] | HK5: Zugänge [EUR] | HL5: Abgänge [EUR] | HM5: Umbuchungen [EUR] | HN5: Wertminderungen [EUR] | HO5: Zuschreibungen [EUR] | HP5: Stand 31.12. [EUR] | HQ5: Stand 01.01. [EUR] | HR5: Stand 31.12. [EUR] | HT5: Stand 01.01. [EUR] | HU5: Zugänge [EUR] | HV5: Abgänge [EUR] | HW5: Umbuchungen [EUR] | HX5: Stand 31.12. [EUR] | HY5: Stand 01.01. [EUR] | HZ5: Zugänge [EUR] | IA5: Abgänge [EUR] | IB5: Umbuchungen [EUR] | IC5: Wertminderungen [EUR] | ID5: Zuschreibungen [EUR] | IE5: Stand 31.12. [EUR] | IF5: Stand 01.01. [EUR] | IG5: Stand 31.12. [EUR] | II5: Stand 01.01. [EUR] | IJ5: Zugänge [EUR] | IK5: Abgänge [EUR] | IL5: Umbuchungen [EUR] | IM5: Stand 31.12. [EUR] | IN5: Stand 01.01. [EUR] | IO5: Zugänge [EUR] | IP5: Abgänge [EUR] | IQ5: Umbuchungen [EUR] | IR5: Wertminderungen [EUR] | IS5: Zuschreibungen [EUR] | IT5: Stand 31.12. [EUR] | IU5: Stand 01.01. [EUR] | IV5: Stand 31.12. [EUR] | IX5: Stand 01.01. [EUR] | IY5: Zugänge [EUR] | IZ5: Abgänge [EUR] | JA5: Umbuchungen [EUR] | JB5: Stand 31.12. [EUR] | JC5: Stand 01.01. [EUR] | JD5: Zugänge [EUR] | JE5: Abgänge [EUR] | JF5: Umbuchungen [EUR] | JG5: Wertminderungen [EUR] | JH5: Zuschreibungen [EUR] | JI5: Stand 31.12. [EUR] | JJ5: Stand 01.01. [EUR] | JK5: Stand 31.12. [EUR] | JM5: Stand 01.01. [EUR] | JN5: Zugänge [EUR] | JO5: Abgänge [EUR] | JP5: Umbuchungen [EUR] | JQ5: Stand 31.12. [EUR] | JR5: Stand 01.01. [EUR] | JS5: Zugänge [EUR] | JT5: Abgänge [EUR] | JU5: Umbuchungen [EUR] | JV5: Wertminderungen [EUR] | JW5: Zuschreibungen [EUR] | JX5: Stand 31.12. [EUR] | JY5: Stand 01.01. [EUR] | JZ5: Stand 31.12. [EUR] | KB5: Stand 01.01. [EUR] | KC5: Zugänge [EUR] | KD5: Abgänge [EUR] | KE5: Umbuchungen [EUR] | KF5: Stand 31.12. [EUR] | KG5: Stand 01.01. [EUR] | KH5: Zugänge [EUR] | KI5: Abgänge [EUR] | KJ5: Umbuchungen [EUR] | KK5: Wertminderungen [EUR] | KL5: Zuschreibungen [EUR] | KM5: Stand 31.12. [EUR] | KN5: Stand 01.01. [EUR] | KO5: Stand 31.12. [EUR] | KQ5: Stand 01.01. [EUR] | KR5: Zugänge [EUR] | KS5: Abgänge [EUR] | KT5: Umbuchungen [EUR] | KU5: Stand 31.12. [EUR] | KV5: Stand 01.01. [EUR] | KW5: Zugänge [EUR] | KX5: Abgänge [EUR] | KY5: Umbuchungen [EUR] | KZ5: Wertminderungen [EUR] | LA5: Zuschreibungen [EUR] | LB5: Stand 31.12. [EUR] | LC5: Stand 01.01. [EUR] | LD5: Stand 31.12. [EUR] | LF5: Stand 01.01. [EUR] | LG5: Zugänge [EUR] | LH5: Abgänge [EUR] | LI5: Umbuchungen [EUR] | LJ5: Stand 31.12. [EUR] | LK5: Stand 01.01. [EUR] | LL5: Zugänge [EUR] | LM5: Abgänge [EUR] | LN5: Umbuchungen [EUR] | LO5: Wertminderungen [EUR] | LP5: Zuschreibungen [EUR] | LQ5: Stand 31.12. [EUR] | LR5: Stand 01.01. [EUR] | LS5: Stand 31.12. [EUR] | LU5: Stand 01.01. [EUR] | LV5: Zugänge [EUR] | LW5: Abgänge [EUR] | LX5: Umbuchungen [EUR] | LY5: Stand 31.12. [EUR] | LZ5: Stand 01.01. [EUR] | MA5: Zugänge [EUR] | MB5: Abgänge [EUR] | MC5: Umbuchungen [EUR] | MD5: Wertminderungen [EUR] | ME5: Zuschreibungen [EUR] | MF5: Stand 31.12. [EUR] | MG5: Stand 01.01. [EUR] | MH5: Stand 31.12. [EUR] | MJ5: Stand 01.01. [EUR] | MK5: Zugänge [EUR] | ML5: Abgänge [EUR] | MM5: Umbuchungen [EUR] | MN5: Stand 31.12. [EUR] | MO5: Stand 01.01. [EUR] | MP5: Zugänge [EUR] | MQ5: Abgänge [EUR] | MR5: Umbuchungen [EUR] | MS5: Wertminderungen [EUR] | MT5: Zuschreibungen [EUR] | MU5: Stand 31.12. [EUR] | MV5: Stand 01.01. [EUR] | MW5: Stand 31.12. [EUR] | MY5: Stand 01.01. [EUR] | MZ5: Zugänge [EUR] | NA5: Abgänge [EUR] | NB5: Umbuchungen [EUR] | NC5: Stand 31.12. [EUR] | ND5: Stand 01.01. [EUR] | NE5: Zugänge [EUR] | NF5: Abgänge [EUR] | NG5: Umbuchungen [EUR] | NH5: Wertminderungen [EUR] | NI5: Zuschreibungen [EUR] | NJ5: Stand 31.12. [EUR] | NK5: Stand 01.01. [EUR] | NL5: Stand 31.12. [EUR] | NN5: Stand 01.01. [EUR] | NO5: Zugänge [EUR] | NP5: Abgänge [EUR] | NQ5: Umbuchungen [EUR] | NR5: Stand 31.12. [EUR] | NS5: Stand 01.01. [EUR] | NT5: Zugänge [EUR] | NU5: Abgänge [EUR] | NV5: Umbuchungen [EUR] | NW5: Wertminderungen [EUR] | NX5: Zuschreibungen [EUR] | NY5: Stand 31.12. [EUR] | NZ5: Stand 01.01. [EUR] | OA5: Stand 31.12. [EUR] | OC5: Stand 01.01. [EUR] | OD5: Zugänge [EUR] | OE5: Abgänge [EUR] | OF5: Umbuchungen [EUR] | OG5: Stand 31.12. [EUR] | OH5: Stand 01.01. [EUR] | OI5: Zugänge [EUR] | OJ5: Abgänge [EUR] | OK5: Umbuchungen [EUR] | OL5: Wertminderungen [EUR] | OM5: Zuschreibungen [EUR] | ON5: Stand 31.12. [EUR] | OO5: Stand 01.01. [EUR] | OP5: Stand 31.12. [EUR] | OR5: Stand 01.01. [EUR] | OS5: Zugänge [EUR] | OT5: Abgänge [EUR] | OU5: Umbuchungen [EUR] | OV5: Stand 31.12. [EUR] | OW5: Stand 01.01. [EUR] | OX5: Zugänge [EUR] | OY5: Abgänge [EUR] | OZ5: Umbuchungen [EUR] | PA5: Wertminderungen [EUR] | PB5: Zuschreibungen [EUR] | PC5: Stand 31.12. [EUR] | PD5: Stand 01.01. [EUR] | PE5: Stand 31.12. [EUR] | PG5: Stand 01.01. [EUR] | PH5: Zugänge [EUR] | PI5: Abgänge [EUR] | PJ5: Umbuchungen [EUR] | PK5: Stand 31.12. [EUR] | PL5: Stand 01.01. [EUR] | PM5: Zugänge [EUR] | PN5: Abgänge [EUR] | PO5: Umbuchungen [EUR] | PP5: Wertminderungen [EUR] | PQ5: Zuschreibungen [EUR] | PR5: Stand 31.12. [EUR] | PS5: Stand 01.01. [EUR] | PT5: Stand 31.12. [EUR] | PV5: Stand 01.01. [EUR] | PW5: Zugänge [EUR] | PX5: Abgänge [EUR] | PY5: Umbuchungen [EUR] | PZ5: Stand 31.12. [EUR] | QA5: Stand 01.01. [EUR] | QB5: Zugänge [EUR] | QC5: Abgänge [EUR] | QD5: Umbuchungen [EUR] | QE5: Wertminderungen [EUR] | QF5: Zuschreibungen [EUR] | QG5: Stand 31.12. [EUR] | QH5: Stand 01.01. [EUR] | QI5: Stand 31.12. [EUR] | QK5: Stand 01.01. [EUR] | QL5: Zugänge [EUR] | QM5: Abgänge [EUR] | QN5: Umbuchungen [EUR] | QO5: Stand 31.12. [EUR] | QP5: Stand 01.01. [EUR] | QQ5: Zugänge [EUR] | QR5: Abgänge [EUR] | QS5: Umbuchungen [EUR] | QT5: Wertminderungen [EUR] | QU5: Zuschreibungen [EUR] | QV5: Stand 31.12. [EUR] | QW5: Stand 01.01. [EUR] | QX5: Stand 31.12. [EUR] | QZ5: Stand 01.01. [EUR] | RA5: Zugänge [EUR] | RB5: Abgänge [EUR] | RC5: Umbuchungen [EUR] | RD5: Stand 31.12. [EUR] | RE5: Stand 01.01. [EUR] | RF5: Zugänge [EUR] | RG5: Abgänge [EUR] | RH5: Umbuchungen [EUR] | RI5: Wertminderungen [EUR] | RJ5: Zuschreibungen [EUR] | RK5: Stand 31.12. [EUR] | RL5: Stand 01.01. [EUR] | RM5: Stand 31.12. [EUR] | RO5: Stand 01.01. [EUR] | RP5: Zugänge [EUR] | RQ5: Abgänge [EUR] | RR5: Umbuchungen [EUR] | RS5: Stand 31.12. [EUR] | RT5: Stand 01.01. [EUR] | RU5: Zugänge [EUR] | RV5: Abgänge [EUR] | RW5: Umbuchungen [EUR] | RX5: Wertminderungen [EUR] | RY5: Zuschreibungen [EUR] | RZ5: Stand 31.12. [EUR] | SA5: Stand 01.01. [EUR] | SB5: Stand 31.12. [EUR] | SD5: Stand 01.01. [EUR] | SE5: Zugänge [EUR] | SF5: Abgänge [EUR] | SG5: Umbuchungen [EUR] | SH5: Stand 31.12. [EUR] | SI5: Stand 01.01. [EUR] | SJ5: Zugänge [EUR] | SK5: Abgänge [EUR] | SL5: Umbuchungen [EUR] | SM5: Wertminderungen [EUR] | SN5: Zuschreibungen [EUR] | SO5: Stand 31.12. [EUR] | SP5: Stand 01.01. [EUR] | SQ5: Stand 31.12. [EUR] | SS5: Stand 01.01. [EUR] | ST5: Zugänge [EUR] | SU5: Abgänge [EUR] | SV5: Umbuchungen [EUR] | SW5: Stand 31.12. [EUR] | SX5: Stand 01.01. [EUR] | SY5: Zugänge [EUR] | SZ5: Abgänge [EUR] | TA5: Umbuchungen [EUR] | TB5: Wertminderungen [EUR] | TC5: Zuschreibungen [EUR] | TD5: Stand 31.12. [EUR] | TE5: Stand 01.01. [EUR] | TF5: Stand 31.12. [EUR] | TH5: Stand 01.01. [EUR] | TI5: Zugänge [EUR] | TJ5: Abgänge [EUR] | TK5: Umbuchungen [EUR] | TL5: Stand 31.12. [EUR] | TM5: Stand 01.01. [EUR] | TN5: Zugänge [EUR] | TO5: Abgänge [EUR] | TP5: Umbuchungen [EUR] | TQ5: Wertminderungen [EUR] | TR5: Zuschreibungen [EUR] | TS5: Stand 31.12. [EUR] | TT5: Stand 01.01. [EUR] | TU5: Stand 31.12. [EUR] | TW5: Stand 01.01. [EUR] | TX5: Zugänge [EUR] | TY5: Abgänge [EUR] | TZ5: Umbuchungen [EUR] | UA5: Stand 31.12. [EUR] | UB5: Stand 01.01. [EUR] | UC5: Zugänge [EUR] | UD5: Abgänge [EUR] | UE5: Umbuchungen [EUR] | UF5: Wertminderungen [EUR] | UG5: Zuschreibungen [EUR] | UH5: Stand 31.12. [EUR] | UI5: Stand 01.01. [EUR] | UJ5: Stand 31.12. [EUR] | UL5: Stand 01.01. [EUR] | UM5: Zugänge [EUR] | UN5: Abgänge [EUR] | UO5: Umbuchungen [EUR] | UP5: Stand 31.12. [EUR] | UQ5: Stand 01.01. [EUR] | UR5: Zugänge [EUR] | US5: Abgänge [EUR] | UT5: Umbuchungen [EUR] | UU5: Wertminderungen [EUR] | UV5: Zuschreibungen [EUR] | UW5: Stand 31.12. [EUR] | UX5: Stand 01.01. [EUR] | UY5: Stand 31.12. [EUR] | VA5: Stand 01.01. [EUR] | VB5: Zugänge [EUR] | VC5: Abgänge [EUR] | VD5: Umbuchungen [EUR] | VE5: Stand 31.12. [EUR] | VF5: Stand 01.01. [EUR] | VG5: Zugänge [EUR] | VH5: Abgänge [EUR] | VI5: Umbuchungen [EUR] | VJ5: Wertminderungen [EUR] | VK5: Zuschreibungen [EUR] | VL5: Stand 31.12. [EUR] | VM5: Stand 01.01. [EUR] | VN5: Stand 31.12. [EUR] | VP5: Stand 01.01. [EUR] | VQ5: Zugänge [EUR] | VR5: Abgänge [EUR] | VS5: Umbuchungen [EUR] | VT5: Stand 31.12. [EUR] | VU5: Stand 01.01. [EUR] | VV5: Zugänge [EUR] | VW5: Abgänge [EUR] | VX5: Umbuchungen [EUR] | VY5: Wertminderungen [EUR] | VZ5: Zuschreibungen [EUR] | WA5: Stand 31.12. [EUR] | WB5: Stand 01.01. [EUR] | WC5: Stand 31.12. [EUR] | WE5: Stand 01.01. [EUR] | WF5: Zugänge [EUR] | WG5: Abgänge [EUR] | WH5: Umbuchungen [EUR] | WI5: Stand 31.12. [EUR] | WJ5: Stand 01.01. [EUR] | WK5: Zugänge [EUR] | WL5: Abgänge [EUR] | WM5: Umbuchungen [EUR] | WN5: Wertminderungen [EUR] | WO5: Zuschreibungen [EUR] | WP5: Stand 31.12. [EUR] | WQ5: Stand 01.01. [EUR] | WR5: Stand 31.12. [EUR] | WT5: Stand 01.01. [EUR] | WU5: Zugänge [EUR] | WV5: Abgänge [EUR] | WW5: Umbuchungen [EUR] | WX5: Stand 31.12. [EUR] | WY5: Stand 01.01. [EUR] | WZ5: Zugänge [EUR] | XA5: Abgänge [EUR] | XB5: Umbuchungen [EUR] | XC5: Wertminderungen [EUR] | XD5: Zuschreibungen [EUR] | XE5: Stand 31.12. [EUR] | XF5: Stand 01.01. [EUR] | XG5: Stand 31.12. [EUR] | XI5: Stand 01.01. [EUR] | XJ5: Zugänge [EUR] | XK5: Abgänge [EUR] | XL5: Umbuchungen [EUR] | XM5: Stand 31.12. [EUR] | XN5: Stand 01.01. [EUR] | XO5: Zugänge [EUR] | XP5: Abgänge [EUR] | XQ5: Umbuchungen [EUR] | XR5: Wertminderungen [EUR] | XS5: Zuschreibungen [EUR] | XT5: Stand 31.12. [EUR] | XU5: Stand 01.01. [EUR] | XV5: Stand 31.12. [EUR] | XX5: Stand 01.01. [EUR] | XY5: Zugänge [EUR] | XZ5: Abgänge [EUR] | YA5: Umbuchungen [EUR] | YB5: Stand 31.12. [EUR] | YC5: Stand 01.01. [EUR] | YD5: Zugänge [EUR] | YE5: Abgänge [EUR] | YF5: Umbuchungen [EUR] | YG5: Wertminderungen [EUR] | YH5: Zuschreibungen [EUR] | YI5: Stand 31.12. [EUR] | YJ5: Stand 01.01. [EUR] | YK5: Stand 31.12. [EUR] | YM5: Stand 01.01. [EUR] | YN5: Zugänge [EUR] | YO5: Abgänge [EUR] | YP5: Umbuchungen [EUR] | YQ5: Stand 31.12. [EUR] | YR5: Stand 01.01. [EUR] | YS5: Zugänge [EUR] | YT5: Abgänge [EUR] | YU5: Umbuchungen [EUR] | YV5: Wertminderungen [EUR] | YW5: Zuschreibungen [EUR] | YX5: Stand 31.12. [EUR] | YY5: Stand 01.01. [EUR] | YZ5: Stand 31.12. [EUR] | ZB5: Stand 01.01. [EUR] | ZC5: Zugänge [EUR] | ZD5: Abgänge [EUR] | ZE5: Umbuchungen [EUR] | ZF5: Stand 31.12. [EUR] | ZG5: Stand 01.01. [EUR] | ZH5: Zugänge [EUR] | ZI5: Abgänge [EUR] | ZJ5: Umbuchungen [EUR] | ZK5: Wertminderungen [EUR] | ZL5: Zuschreibungen [EUR] | ZM5: Stand 31.12. [EUR] | ZN5: Stand 01.01. [EUR] | ZO5: Stand 31.12. [EUR] | ZQ5: Stand 01.01. [EUR] | ZR5: Zugänge [EUR] | ZS5: Abgänge [EUR] | ZT5: Umbuchungen [EUR] | ZU5: Stand 31.12. [EUR] | ZV5: Stand 01.01. [EUR] | ZW5: Zugänge [EUR] | ZX5: Abgänge [EUR] | ZY5: Umbuchungen [EUR] | ZZ5: Wertminderungen [EUR] | AAA5: Zuschreibungen [EUR] | AAB5: Stand 31.12. [EUR] | AAC5: Stand 01.01. [EUR] | AAD5: Stand 31.12. [EUR] | AAF5: Stand 01.01. [EUR] | AAG5: Zugänge [EUR] | AAH5: Abgänge [EUR] | AAI5: Umbuchungen [EUR] | AAJ5: Stand 31.12. [EUR] | AAK5: Stand 01.01. [EUR] | AAL5: Zugänge [EUR] | AAM5: Abgänge [EUR] | AAN5: Umbuchungen [EUR] | AAO5: Wertminderungen [EUR] | AAP5: Zuschreibungen [EUR] | AAQ5: Stand 31.12. [EUR] | AAR5: Stand 01.01. [EUR] | AAS5: Stand 31.12. [EUR] | AAU5: Stand 01.01. [EUR] | AAV5: Zugänge [EUR] | AAW5: Abgänge [EUR] | AAX5: Umbuchungen [EUR] | AAY5: Stand 31.12. [EUR] | AAZ5: Stand 01.01. [EUR] | ABA5: Zugänge [EUR] | ABB5: Abgänge [EUR] | ABC5: Umbuchungen [EUR] | ABD5: Wertminderungen [EUR] | ABE5: Zuschreibungen [EUR] | ABF5: Stand 31.12. [EUR] | ABG5: Stand 01.01. [EUR] | ABH5: Stand 31.12. [EUR] | ABJ5: Stand 01.01. [EUR] | ABK5: Zugänge [EUR] | ABL5: Abgänge [EUR] | ABM5: Umbuchungen [EUR] | ABN5: Stand 31.12. [EUR] | ABO5: Stand 01.01. [EUR] | ABP5: Zugänge [EUR] | ABQ5: Abgänge [EUR] | ABR5: Umbuchungen [EUR] | ABS5: Wertminderungen [EUR] | ABT5: Zuschreibungen [EUR] | ABU5: Stand 31.12. [EUR] | ABV5: Stand 01.01. [EUR] | ABW5: Stand 31.12. [EUR] | ABY5: Stand 01.01. [EUR] | ABZ5: Zugänge [EUR] | ACA5: Abgänge [EUR] | ACB5: Umbuchungen [EUR] | ACC5: Stand 31.12. [EUR] | ACD5: Stand 01.01. [EUR] | ACE5: Zugänge [EUR] | ACF5: Abgänge [EUR] | ACG5: Umbuchungen [EUR] | ACH5: Wertminderungen [EUR] | ACI5: Zuschreibungen [EUR] | ACJ5: Stand 31.12. [EUR] | ACK5: Stand 01.01. [EUR] | ACL5: Stand 31.12. [EUR] | ACN5: Stand 01.01. [EUR] | ACO5: Zugänge [EUR] | ACP5: Abgänge [EUR] | ACQ5: Umbuchungen [EUR] | ACR5: Stand 31.12. [EUR] | ACS5: Stand 01.01. [EUR] | ACT5: Zugänge [EUR] | ACU5: Abgänge [EUR] | ACV5: Umbuchungen [EUR] | ACW5: Wertminderungen [EUR] | ACX5: Zuschreibungen [EUR] | ACY5: Stand 31.12. [EUR] | ACZ5: Stand 01.01. [EUR] | ADA5: Stand 31.12. [EUR] | ADC5: Stand 01.01. [EUR] | ADD5: Zugänge [EUR] | ADE5: Abgänge [EUR] | ADF5: Umbuchungen [EUR] | ADG5: Stand 31.12. [EUR] | ADH5: Stand 01.01. [EUR] | ADI5: Zugänge [EUR] | ADJ5: Abgänge [EUR] | ADK5: Umbuchungen [EUR] | ADL5: Wertminderungen [EUR] | ADM5: Zuschreibungen [EUR] | ADN5: Stand 31.12. [EUR] | ADO5: Stand 01.01. [EUR] | ADP5: Stand 31.12. [EUR] | ADR5: Stand 01.01. [EUR] | ADS5: Zugänge [EUR] | ADT5: Abgänge [EUR] | ADU5: Umbuchungen [EUR] | ADV5: Stand 31.12. [EUR] | ADW5: Stand 01.01. [EUR] | ADX5: Zugänge [EUR] | ADY5: Abgänge [EUR] | ADZ5: Umbuchungen [EUR] | AEA5: Wertminderungen [EUR] | AEB5: Zuschreibungen [EUR] | AEC5: Stand 31.12. [EUR] | AED5: Stand 01.01. [EUR] | AEE5: Stand 31.12. [EUR] | AEG5: Stand 01.01. [EUR] | AEH5: Zugänge [EUR] | AEI5: Abgänge [EUR] | AEJ5: Umbuchungen [EUR] | AEK5: Stand 31.12. [EUR] | AEL5: Stand 01.01. [EUR] | AEM5: Zugänge [EUR] | AEN5: Abgänge [EUR] | AEO5: Umbuchungen [EUR] | AEP5: Wertminderungen [EUR] | AEQ5: Zuschreibungen [EUR] | AER5: Stand 31.12. [EUR] | AES5: Stand 01.01. [EUR] | AET5: Stand 31.12. [EUR] | AEV5: Stand 01.01. [EUR] | AEW5: Zugänge [EUR] | AEX5: Abgänge [EUR] | AEY5: Umbuchungen [EUR] | AEZ5: Stand 31.12. [EUR] | AFA5: Stand 01.01. [EUR] | AFB5: Zugänge [EUR] | AFC5: Abgänge [EUR] | AFD5: Umbuchungen [EUR] | AFE5: Wertminderungen [EUR] | AFF5: Zuschreibungen [EUR] | AFG5: Stand 31.12. [EUR] | AFH5: Stand 01.01. [EUR] | AFI5: Stand 31.12. [EUR] | AFK5: Stand 01.01. [EUR] | AFL5: Zugänge [EUR] | AFM5: Abgänge [EUR] | AFN5: Umbuchungen [EUR] | AFO5: Stand 31.12. [EUR] | AFP5: Stand 01.01. [EUR] | AFQ5: Zugänge [EUR] | AFR5: Abgänge [EUR] | AFS5: Umbuchungen [EUR] | AFT5: Wertminderungen [EUR] | AFU5: Zuschreibungen [EUR] | AFV5: Stand 31.12. [EUR] | AFW5: Stand 01.01. [EUR] | AFX5: Stand 31.12. [EUR] | AFZ5: Stand 01.01. [EUR] | AGA5: Zugänge [EUR] | AGB5: Abgänge [EUR] | AGC5: Umbuchungen [EUR] | AGD5: Stand 31.12. [EUR] | AGE5: Stand 01.01. [EUR] | AGF5: Zugänge [EUR] | AGG5: Abgänge [EUR] | AGH5: Umbuchungen [EUR] | AGI5: Wertminderungen [EUR] | AGJ5: Zuschreibungen [EUR] | AGK5: Stand 31.12. [EUR] | AGL5: Stand 01.01. [EUR] | AGM5: Stand 31.12. [EUR] | AGO5: Stand 01.01. [EUR] | AGP5: Zugänge [EUR] | AGQ5: Abgänge [EUR] | AGR5: Umbuchungen [EUR] | AGS5: Stand 31.12. [EUR] | AGT5: Stand 01.01. [EUR] | AGU5: Zugänge [EUR] | AGV5: Abgänge [EUR] | AGW5: Umbuchungen [EUR] | AGX5: Wertminderungen [EUR] | AGY5: Zuschreibungen [EUR] | AGZ5: Stand 31.12. [EUR] | AHA5: Stand 01.01. [EUR] | AHB5: Stand 31.12. [EUR] | AHD5: Stand 01.01. [EUR] | AHE5: Zugänge [EUR] | AHF5: Abgänge [EUR] | AHG5: Umbuchungen [EUR] | AHH5: Stand 31.12. [EUR] | AHI5: Stand 01.01. [EUR] | AHJ5: Zugänge [EUR] | AHK5: Abgänge [EUR] | AHL5: Umbuchungen [EUR] | AHM5: Wertminderungen [EUR] | AHN5: Zuschreibungen [EUR] | AHO5: Stand 31.12. [EUR] | AHP5: Stand 01.01. [EUR] | AHQ5: Stand 31.12. [EUR] | AHS5: Stand 01.01. [EUR] | AHT5: Zugänge [EUR] | AHU5: Abgänge [EUR] | AHV5: Umbuchungen [EUR] | AHW5: Stand 31.12. [EUR] | AHX5: Stand 01.01. [EUR] | AHY5: Zugänge [EUR] | AHZ5: Abgänge [EUR] | AIA5: Umbuchungen [EUR] | AIB5: Wertminderungen [EUR] | AIC5: Zuschreibungen [EUR] | AID5: Stand 31.12. [EUR] | AIE5: Stand 01.01. [EUR] | AIF5: Stand 31.12. [EUR] | AIH5: Stand 01.01. [EUR] | AII5: Zugänge [EUR] | AIJ5: Abgänge [EUR] | AIK5: Umbuchungen [EUR] | AIL5: Stand 31.12. [EUR] | AIM5: Stand 01.01. [EUR] | AIN5: Zugänge [EUR] | AIO5: Abgänge [EUR] | AIP5: Umbuchungen [EUR] | AIQ5: Wertminderungen [EUR] | AIR5: Zuschreibungen [EUR] | AIS5: Stand 31.12. [EUR] | AIT5: Stand 01.01. [EUR] | AIU5: Stand 31.12. [EUR] | AIW5: Stand 01.01. [EUR] | AIX5: Zugänge [EUR] | AIY5: Abgänge [EUR] | AIZ5: Umbuchungen [EUR] | AJA5: Stand 31.12. [EUR] | AJB5: Stand 01.01. [EUR] | AJC5: Zugänge [EUR] | AJD5: Abgänge [EUR] | AJE5: Umbuchungen [EUR] | AJF5: Wertminderungen [EUR] | AJG5: Zuschreibungen [EUR] | AJH5: Stand 31.12. [EUR] | AJI5: Stand 01.01. [EUR] | AJJ5: Stand 31.12. [EUR] | AJL5: Stand 01.01. [EUR] | AJM5: Zugänge [EUR] | AJN5: Abgänge [EUR] | AJO5: Umbuchungen [EUR] | AJP5: Stand 31.12. [EUR] | AJQ5: Stand 01.01. [EUR] | AJR5: Zugänge [EUR] | AJS5: Abgänge [EUR] | AJT5: Umbuchungen [EUR] | AJU5: Wertminderungen [EUR] | AJV5: Zuschreibungen [EUR] | AJW5: Stand 31.12. [EUR] | AJX5: Stand 01.01. [EUR] | AJY5: Stand 31.12. [EUR] | AKA5: Stand 01.01. [EUR] | AKB5: Zugänge [EUR] | AKC5: Abgänge [EUR] | AKD5: Umbuchungen [EUR] | AKE5: Stand 31.12. [EUR] | AKF5: Stand 01.01. [EUR] | AKG5: Zugänge [EUR] | AKH5: Abgänge [EUR] | AKI5: Umbuchungen [EUR] | AKJ5: Wertminderungen [EUR] | AKK5: Zuschreibungen [EUR] | AKL5: Stand 31.12. [EUR] | AKM5: Stand 01.01. [EUR] | AKN5: Stand 31.12. [EUR] | AKP5: Stand 01.01. [EUR] | AKQ5: Zugänge [EUR] | AKR5: Abgänge [EUR] | AKS5: Umbuchungen [EUR] | AKT5: Stand 31.12. [EUR] | AKU5: Stand 01.01. [EUR] | AKV5: Zugänge [EUR] | AKW5: Abgänge [EUR] | AKX5: Umbuchungen [EUR] | AKY5: Wertminderungen [EUR] | AKZ5: Zuschreibungen [EUR] | ALA5: Stand 31.12. [EUR] | ALB5: Stand 01.01. [EUR] | ALC5: Stand 31.12. [EUR] | ALE5: Stand 01.01. [EUR] | ALF5: Zugänge [EUR] | ALG5: Abgänge [EUR] | ALH5: Umbuchungen [EUR] | ALI5: Stand 31.12. [EUR] | ALJ5: Stand 01.01. [EUR] | ALK5: Zugänge [EUR] | ALL5: Abgänge [EUR] | ALM5: Umbuchungen [EUR] | ALN5: Wertminderungen [EUR] | ALO5: Zuschreibungen [EUR] | ALP5: Stand 31.12. [EUR] | ALQ5: Stand 01.01. [EUR] | ALR5: Stand 31.12. [EUR] | ALT5: Stand 01.01. [EUR] | ALU5: Zugänge [EUR] | ALV5: Abgänge [EUR] | ALW5: Umbuchungen [EUR] | ALX5: Stand 31.12. [EUR] | ALY5: Stand 01.01. [EUR] | ALZ5: Zugänge [EUR] | AMA5: Abgänge [EUR] | AMB5: Umbuchungen [EUR] | AMC5: Wertminderungen [EUR] | AMD5: Zuschreibungen [EUR] | AME5: Stand 31.12. [EUR] | AMF5: Stand 01.01. [EUR] | AMG5: Stand 31.12. [EUR] | AMI5: Stand 01.01. [EUR] | AMJ5: Zugänge [EUR] | AMK5: Abgänge [EUR] | AML5: Umbuchungen [EUR] | AMM5: Stand 31.12. [EUR] | AMN5: Stand 01.01. [EUR] | AMO5: Zugänge [EUR] | AMP5: Abgänge [EUR] | AMQ5: Umbuchungen [EUR] | AMR5: Wertminderungen [EUR] | AMS5: Zuschreibungen [EUR] | AMT5: Stand 31.12. [EUR] | AMU5: Stand 01.01. [EUR] | AMV5: Stand 31.12. [EUR] | AMX5: Stand 01.01. [EUR] | AMY5: Zugänge [EUR] | AMZ5: Abgänge [EUR] | ANA5: Umbuchungen [EUR] | ANB5: Stand 31.12. [EUR] | ANC5: Stand 01.01. [EUR] | AND5: Zugänge [EUR] | ANE5: Abgänge [EUR] | ANF5: Umbuchungen [EUR] | ANG5: Wertminderungen [EUR] | ANH5: Zuschreibungen [EUR] | ANI5: Stand 31.12. [EUR] | ANJ5: Stand 01.01. [EUR] | ANK5: Stand 31.12. [EUR] | ANM5: Stand 01.01. [EUR] | ANN5: Zugänge [EUR] | ANO5: Abgänge [EUR] | ANP5: Umbuchungen [EUR] | ANQ5: Stand 31.12. [EUR] | ANR5: Stand 01.01. [EUR] | ANS5: Zugänge [EUR] | ANT5: Abgänge [EUR] | ANU5: Umbuchungen [EUR] | ANV5: Wertminderungen [EUR] | ANW5: Zuschreibungen [EUR] | ANX5: Stand 31.12. [EUR] | ANY5: Stand 01.01. [EUR] | ANZ5: Stand 31.12. [EUR] | AOB5: Stand 01.01. [EUR] | AOC5: Zugänge [EUR] | AOD5: Abgänge [EUR] | AOE5: Umbuchungen [EUR] | AOF5: Stand 31.12. [EUR] | AOG5: Stand 01.01. [EUR] | AOH5: Zugänge [EUR] | AOI5: Abgänge [EUR] | AOJ5: Umbuchungen [EUR] | AOK5: Wertminderungen [EUR] | AOL5: Zuschreibungen [EUR] | AOM5: Stand 31.12. [EUR] | AON5: Stand 01.01. [EUR] | AOO5: Stand 31.12. [EUR] | AOQ5: Stand 01.01. [EUR] | AOR5: Zugänge [EUR] | AOS5: Abgänge [EUR] | AOT5: Umbuchungen [EUR] | AOU5: Stand 31.12. [EUR] | AOV5: Stand 01.01. [EUR] | AOW5: Zugänge [EUR] | AOX5: Abgänge [EUR] | AOY5: Umbuchungen [EUR] | AOZ5: Wertminderungen [EUR] | APA5: Zuschreibungen [EUR] | APB5: Stand 31.12. [EUR] | APC5: Stand 01.01. [EUR] | APD5: Stand 31.12. [EUR] | APF5: Stand 01.01. [EUR] | APG5: Zugänge [EUR] | APH5: Abgänge [EUR] | API5: Umbuchungen [EUR] | APJ5: Stand 31.12. [EUR] | APK5: Stand 01.01. [EUR] | APL5: Zugänge [EUR] | APM5: Abgänge [EUR] | APN5: Umbuchungen [EUR] | APO5: Wertminderungen [EUR] | APP5: Zuschreibungen [EUR] | APQ5: Stand 31.12. [EUR] | APR5: Stand 01.01. [EUR] | APS5: Stand 31.12. [EUR] | APU5: Stand 01.01. [EUR] | APV5: Zugänge [EUR] | APW5: Abgänge [EUR] | APX5: Umbuchungen [EUR] | APY5: Stand 31.12. [EUR] | APZ5: Stand 01.01. [EUR] | AQA5: Zugänge [EUR] | AQB5: Abgänge [EUR] | AQC5: Umbuchungen [EUR] | AQD5: Wertminderungen [EUR] | AQE5: Zuschreibungen [EUR] | AQF5: Stand 31.12. [EUR] | AQG5: Stand 01.01. [EUR] | AQH5: Stand 31.12. [EUR] | AQJ5: Stand 01.01. [EUR] | AQK5: Zugänge [EUR] | AQL5: Abgänge [EUR] | AQM5: Umbuchungen [EUR] | AQN5: Stand 31.12. [EUR] | AQO5: Stand 01.01. [EUR] | AQP5: Zugänge [EUR] | AQQ5: Abgänge [EUR] | AQR5: Umbuchungen [EUR] | AQS5: Wertminderungen [EUR] | AQT5: Zuschreibungen [EUR] | AQU5: Stand 31.12. [EUR] | AQV5: Stand 01.01. [EUR] | AQW5: Stand 31.12. [EUR] | AQY5: Stand 01.01. [EUR] | AQZ5: Zugänge [EUR] | ARA5: Abgänge [EUR] | ARB5: Umbuchungen [EUR] | ARC5: Stand 31.12. [EUR] | ARD5: Stand 01.01. [EUR] | ARE5: Zugänge [EUR] | ARF5: Abgänge [EUR] | ARG5: Umbuchungen [EUR] | ARH5: Wertminderungen [EUR] | ARI5: Zuschreibungen [EUR] | ARJ5: Stand 31.12. [EUR] | ARK5: Stand 01.01. [EUR] | ARL5: Stand 31.12. [EUR] | ARN5: Stand 01.01. [EUR] | ARO5: Zugänge [EUR] | ARP5: Abgänge [EUR] | ARQ5: Umbuchungen [EUR] | ARR5: Stand 31.12. [EUR] | ARS5: Stand 01.01. [EUR] | ART5: Zugänge [EUR] | ARU5: Abgänge [EUR] | ARV5: Umbuchungen [EUR] | ARW5: Wertminderungen [EUR] | ARX5: Zuschreibungen [EUR] | ARY5: Stand 31.12. [EUR] | ARZ5: Stand 01.01. [EUR] | ASA5: Stand 31.12. [EUR] | ASC5: Stand 01.01. [EUR] | ASD5: Zugänge [EUR] | ASE5: Abgänge [EUR] | ASF5: Umbuchungen [EUR] | ASG5: Stand 31.12. [EUR] | ASH5: Stand 01.01. [EUR] | ASI5: Zugänge [EUR] | ASJ5: Abgänge [EUR] | ASK5: Umbuchungen [EUR] | ASL5: Wertminderungen [EUR] | ASM5: Zuschreibungen [EUR] | ASN5: Stand 31.12. [EUR] | ASO5: Stand 01.01. [EUR] | ASP5: Stand 31.12. [EUR] | ASR5: Stand 01.01. [EUR] | ASS5: Zugänge [EUR] | AST5: Abgänge [EUR] | ASU5: Umbuchungen [EUR] | ASV5: Stand 31.12. [EUR] | ASW5: Stand 01.01. [EUR] | ASX5: Zugänge [EUR] | ASY5: Abgänge [EUR] | ASZ5: Umbuchungen [EUR] | ATA5: Wertminderungen [EUR] | ATB5: Zuschreibungen [EUR] | ATC5: Stand 31.12. [EUR] | ATD5: Stand 01.01. [EUR] | ATE5: Stand 31.12. [EUR] | ATG5: Stand 01.01. [EUR] | ATH5: Zugänge [EUR] | ATI5: Abgänge [EUR] | ATJ5: Umbuchungen [EUR] | ATK5: Stand 31.12. [EUR] | ATL5: Stand 01.01. [EUR] | ATM5: Zugänge [EUR] | ATN5: Abgänge [EUR] | ATO5: Umbuchungen [EUR] | ATP5: Wertminderungen [EUR] | ATQ5: Zuschreibungen [EUR] | ATR5: Stand 31.12. [EUR] | ATS5: Stand 01.01. [EUR] | ATT5: Stand 31.12. [EUR] | ATV5: Stand 01.01. [EUR] | ATW5: Zugänge [EUR] | ATX5: Abgänge [EUR] | ATY5: Umbuchungen [EUR] | ATZ5: Stand 31.12. [EUR] | AUA5: Stand 01.01. [EUR] | AUB5: Zugänge [EUR] | AUC5: Abgänge [EUR] | AUD5: Umbuchungen [EUR] | AUE5: Wertminderungen [EUR] | AUF5: Zuschreibungen [EUR] | AUG5: Stand 31.12. [EUR] | AUH5: Stand 01.01. [EUR] | AUI5: Stand 31.12. [EUR] | AUK5: Stand 01.01. [EUR] | AUL5: Zugänge [EUR] | AUM5: Abgänge [EUR] | AUN5: Umbuchungen [EUR] | AUO5: Stand 31.12. [EUR] | AUP5: Stand 01.01. [EUR] | AUQ5: Zugänge [EUR] | AUR5: Abgänge [EUR] | AUS5: Umbuchungen [EUR] | AUT5: Wertminderungen [EUR] | AUU5: Zuschreibungen [EUR] | AUV5: Stand 31.12. [EUR] | AUW5: Stand 01.01. [EUR] | AUX5: Stand 31.12. [EUR] | AUZ5: Stand 01.01. [EUR] | AVA5: Zugänge [EUR] | AVB5: Abgänge [EUR] | AVC5: Umbuchungen [EUR] | AVD5: Stand 31.12. [EUR] | AVE5: Stand 01.01. [EUR] | AVF5: Zugänge [EUR] | AVG5: Abgänge [EUR] | AVH5: Umbuchungen [EUR] | AVI5: Wertminderungen [EUR] | AVJ5: Zuschreibungen [EUR] | AVK5: Stand 31.12. [EUR] | AVL5: Stand 01.01. [EUR] | AVM5: Stand 31.12. [EUR] | AVO5: Stand 01.01. [EUR] | AVP5: Zugänge [EUR] | AVQ5: Abgänge [EUR] | AVR5: Umbuchungen [EUR] | AVS5: Stand 31.12. [EUR] | AVT5: Stand 01.01. [EUR] | AVU5: Zugänge [EUR] | AVV5: Abgänge [EUR] | AVW5: Umbuchungen [EUR] | AVX5: Wertminderungen [EUR] | AVY5: Zuschreibungen [EUR] | AVZ5: Stand 31.12. [EUR] | AWA5: Stand 01.01. [EUR] | AWB5: Stand 31.12. [EUR] | AWD5: Stand 01.01. [EUR] | AWE5: Zugänge [EUR] | AWF5: Abgänge [EUR] | AWG5: Umbuchungen [EUR] | AWH5: Stand 31.12. [EUR] | AWI5: Stand 01.01. [EUR] | AWJ5: Zugänge [EUR] | AWK5: Abgänge [EUR] | AWL5: Umbuchungen [EUR] | AWM5: Wertminderungen [EUR] | AWN5: Zuschreibungen [EUR] | AWO5: Stand 31.12. [EUR] | AWP5: Stand 01.01. [EUR] | AWQ5: Stand 31.12. [EUR] | AWS5: Stand 01.01. [EUR] | AWT5: Zugänge [EUR] | AWU5: Abgänge [EUR] | AWV5: Umbuchungen [EUR] | AWW5: Stand 31.12. [EUR] | AWX5: Stand 01.01. [EUR] | AWY5: Zugänge [EUR] | AWZ5: Abgänge [EUR] | AXA5: Umbuchungen [EUR] | AXB5: Wertminderungen [EUR] | AXC5: Zuschreibungen [EUR] | AXD5: Stand 31.12. [EUR] | AXE5: Stand 01.01. [EUR] | AXF5: Stand 31.12. [EUR] | AXH5: Stand 01.01. [EUR] | AXI5: Zugänge [EUR] | AXJ5: Abgänge [EUR] | AXK5: Umbuchungen [EUR] | AXL5: Stand 31.12. [EUR] | AXM5: Stand 01.01. [EUR] | AXN5: Zugänge [EUR] | AXO5: Abgänge [EUR] | AXP5: Umbuchungen [EUR] | AXQ5: Wertminderungen [EUR] | AXR5: Zuschreibungen [EUR] | AXS5: Stand 31.12. [EUR] | AXT5: Stand 01.01. [EUR] | AXU5: Stand 31.12. [EUR] | AXW5: Stand 01.01. [EUR] | AXX5: Zugänge [EUR] | AXY5: Abgänge [EUR] | AXZ5: Umbuchungen [EUR] | AYA5: Stand 31.12. [EUR] | AYB5: Stand 01.01. [EUR] | AYC5: Zugänge [EUR] | AYD5: Abgänge [EUR] | AYE5: Umbuchungen [EUR] | AYF5: Wertminderungen [EUR] | AYG5: Zuschreibungen [EUR] | AYH5: Stand 31.12. [EUR] | AYI5: Stand 01.01. [EUR] | AYJ5: Stand 31.12. [EUR] | AYL5: Stand 01.01. [EUR] | AYM5: Zugänge [EUR] | AYN5: Abgänge [EUR] | AYO5: Umbuchungen [EUR] | AYP5: Stand 31.12. [EUR] | AYQ5: Stand 01.01. [EUR] | AYR5: Zugänge [EUR] | AYS5: Abgänge [EUR] | AYT5: Umbuchungen [EUR] | AYU5: Wertminderungen [EUR] | AYV5: Zuschreibungen [EUR] | AYW5: Stand 31.12. [EUR] | AYX5: Stand 01.01. [EUR] | AYY5: Stand 31.12. [EUR] | AZA5: Stand 01.01. [EUR] | AZB5: Zugänge [EUR] | AZC5: Abgänge [EUR] | AZD5: Umbuchungen [EUR] | AZE5: Stand 31.12. [EUR] | AZF5: Stand 01.01. [EUR] | AZG5: Zugänge [EUR] | AZH5: Abgänge [EUR] | AZI5: Umbuchungen [EUR] | AZJ5: Wertminderungen [EUR] | AZK5: Zuschreibungen [EUR] | AZL5: Stand 31.12. [EUR] | AZM5: Stand 01.01. [EUR] | AZN5: Stand 31.12. [EUR] | AZP5: Stand 01.01. [EUR] | AZQ5: Zugänge [EUR] | AZR5: Abgänge [EUR] | AZS5: Umbuchungen [EUR] | AZT5: Stand 31.12. [EUR] | AZU5: Stand 01.01. [EUR] | AZV5: Zugänge [EUR] | AZW5: Abgänge [EUR] | AZX5: Umbuchungen [EUR] | AZY5: Wertminderungen [EUR] | AZZ5: Zuschreibungen [EUR] | BAA5: Stand 31.12. [EUR] | BAB5: Stand 01.01. [EUR] | BAC5: Stand 31.12. [EUR] | BAE5: Stand 01.01. [EUR] | BAF5: Zugänge [EUR] | BAG5: Abgänge [EUR] | BAH5: Umbuchungen [EUR] | BAI5: Stand 31.12. [EUR] | BAJ5: Stand 01.01. [EUR] | BAK5: Zugänge [EUR] | BAL5: Abgänge [EUR] | BAM5: Umbuchungen [EUR] | BAN5: Wertminderungen [EUR] | BAO5: Zuschreibungen [EUR] | BAP5: Stand 31.12. [EUR] | BAQ5: Stand 01.01. [EUR] | BAR5: Stand 31.12. [EUR] | BAT5: Stand 01.01. [EUR] | BAU5: Zugänge [EUR] | BAV5: Abgänge [EUR] | BAW5: Umbuchungen [EUR] | BAX5: Stand 31.12. [EUR] | BAY5: Stand 01.01. [EUR] | BAZ5: Zugänge [EUR] | BBA5: Abgänge [EUR] | BBB5: Umbuchungen [EUR] | BBC5: Wertminderungen [EUR] | BBD5: Zuschreibungen [EUR] | BBE5: Stand 31.12. [EUR] | BBF5: Stand 01.01. [EUR] | BBG5: Stand 31.12. [EUR] | BBI5: Stand 01.01. [EUR] | BBJ5: Zugänge [EUR] | BBK5: Abgänge [EUR] | BBL5: Umbuchungen [EUR] | BBM5: Stand 31.12. [EUR] | BBN5: Stand 01.01. [EUR] | BBO5: Zugänge [EUR] | BBP5: Abgänge [EUR] | BBQ5: Umbuchungen [EUR] | BBR5: Wertminderungen [EUR] | BBS5: Zuschreibungen [EUR] | BBT5: Stand 31.12. [EUR] | BBU5: Stand 01.01. [EUR] | BBV5: Stand 31.12. [EUR] | BBX5: Stand 01.01. [EUR] | BBY5: Zugänge [EUR] | BBZ5: Abgänge [EUR] | BCA5: Umbuchungen [EUR] | BCB5: Stand 31.12. [EUR] | BCC5: Stand 01.01. [EUR] | BCD5: Zugänge [EUR] | BCE5: Abgänge [EUR] | BCF5: Umbuchungen [EUR] | BCG5: Wertminderungen [EUR] | BCH5: Zuschreibungen [EUR] | BCI5: Stand 31.12. [EUR] | BCJ5: Stand 01.01. [EUR] | BCK5: Stand 31.12. [EUR] | BCM5: Stand 01.01. [EUR] | BCN5: Zugänge [EUR] | BCO5: Abgänge [EUR] | BCP5: Umbuchungen [EUR] | BCQ5: Stand 31.12. [EUR] | BCR5: Stand 01.01. [EUR] | BCS5: Zugänge [EUR] | BCT5: Abgänge [EUR] | BCU5: Umbuchungen [EUR] | BCV5: Wertminderungen [EUR] | BCW5: Zuschreibungen [EUR] | BCX5: Stand 31.12. [EUR] | BCY5: Stand 01.01. [EUR] | BCZ5: Stand 31.12. [EUR] | BDB5: Stand 01.01. [EUR] | BDC5: Zugänge [EUR] | BDD5: Abgänge [EUR] | BDE5: Umbuchungen [EUR] | BDF5: Stand 31.12. [EUR] | BDG5: Stand 01.01. [EUR] | BDH5: Zugänge [EUR] | BDI5: Abgänge [EUR] | BDJ5: Umbuchungen [EUR] | BDK5: Wertminderungen [EUR] | BDL5: Zuschreibungen [EUR] | BDM5: Stand 31.12. [EUR] | BDN5: Stand 01.01. [EUR] | BDO5: Stand 31.12. [EUR] | BDQ5: Stand 01.01. [EUR] | BDR5: Zugänge [EUR] | BDS5: Abgänge [EUR] | BDT5: Umbuchungen [EUR] | BDU5: Stand 31.12. [EUR] | BDV5: Stand 01.01. [EUR] | BDW5: Zugänge [EUR] | BDX5: Abgänge [EUR] | BDY5: Umbuchungen [EUR] | BDZ5: Wertminderungen [EUR] | BEA5: Zuschreibungen [EUR] | BEB5: Stand 31.12. [EUR] | BEC5: Stand 01.01. [EUR] | BED5: Stand 31.12. [EUR] | BEF5: Stand 01.01. [EUR] | BEG5: Zugänge [EUR] | BEH5: Abgänge [EUR] | BEI5: Umbuchungen [EUR] | BEJ5: Stand 31.12. [EUR] | BEK5: Stand 01.01. [EUR] | BEL5: Zugänge [EUR] | BEM5: Abgänge [EUR] | BEN5: Umbuchungen [EUR] | BEO5: Wertminderungen [EUR] | BEP5: Zuschreibungen [EUR] | BEQ5: Stand 31.12. [EUR] | BER5: Stand 01.01. [EUR] | BES5: Stand 31.12. [EUR] | BEU5: Stand 01.01. [EUR] | BEV5: Zugänge [EUR] | BEW5: Abgänge [EUR] | BEX5: Umbuchungen [EUR] | BEY5: Stand 31.12. [EUR] | BEZ5: Stand 01.01. [EUR] | BFA5: Zugänge [EUR] | BFB5: Abgänge [EUR] | BFC5: Umbuchungen [EUR] | BFD5: Wertminderungen [EUR] | BFE5: Zuschreibungen [EUR] | BFF5: Stand 31.12. [EUR] | BFG5: Stand 01.01. [EUR] | BFH5: Stand 31.12. [EUR] | BFJ5: Stand 01.01. [EUR] | BFK5: Zugänge [EUR] | BFL5: Abgänge [EUR] | BFM5: Umbuchungen [EUR] | BFN5: Stand 31.12. [EUR] | BFO5: Stand 01.01. [EUR] | BFP5: Zugänge [EUR] | BFQ5: Abgänge [EUR] | BFR5: Umbuchungen [EUR] | BFS5: Wertminderungen [EUR] | BFT5: Zuschreibungen [EUR] | BFU5: Stand 31.12. [EUR] | BFV5: Stand 01.01. [EUR] | BFW5: Stand 31.12. [EUR] | BFY5: Stand 01.01. [EUR] | BFZ5: Zugänge [EUR] | BGA5: Abgänge [EUR] | BGB5: Umbuchungen [EUR] | BGC5: Stand 31.12. [EUR] | BGD5: Stand 01.01. [EUR] | BGE5: Zugänge [EUR] | BGF5: Abgänge [EUR] | BGG5: Umbuchungen [EUR] | BGH5: Wertminderungen [EUR] | BGI5: Zuschreibungen [EUR] | BGJ5: Stand 31.12. [EUR] | BGK5: Stand 01.01. [EUR] | BGL5: Stand 31.12. [EUR] | BGN5: Stand 01.01. [EUR] | BGO5: Zugänge [EUR] | BGP5: Abgänge [EUR] | BGQ5: Umbuchungen [EUR] | BGR5: Stand 31.12. [EUR] | BGS5: Stand 01.01. [EUR] | BGT5: Zugänge [EUR] | BGU5: Abgänge [EUR] | BGV5: Umbuchungen [EUR] | BGW5: Wertminderungen [EUR] | BGX5: Zuschreibungen [EUR] | BGY5: Stand 31.12. [EUR] | BGZ5: Stand 01.01. [EUR] | BHA5: Stand 31.12. [EUR] | BHC5: Stand 01.01. [EUR] | BHD5: Zugänge [EUR] | BHE5: Abgänge [EUR] | BHF5: Umbuchungen [EUR] | BHG5: Stand 31.12. [EUR] | BHH5: Stand 01.01. [EUR] | BHI5: Zugänge [EUR] | BHJ5: Abgänge [EUR] | BHK5: Umbuchungen [EUR] | BHL5: Wertminderungen [EUR] | BHM5: Zuschreibungen [EUR] | BHN5: Stand 31.12. [EUR] | BHO5: Stand 01.01. [EUR] | BHP5: Stand 31.12. [EUR] | BHR5: Stand 01.01. [EUR] | BHS5: Zugänge [EUR] | BHT5: Abgänge [EUR] | BHU5: Umbuchungen [EUR] | BHV5: Stand 31.12. [EUR] | BHW5: Stand 01.01. [EUR] | BHX5: Zugänge [EUR] | BHY5: Abgänge [EUR] | BHZ5: Umbuchungen [EUR] | BIA5: Wertminderungen [EUR] | BIB5: Zuschreibungen [EUR] | BIC5: Stand 31.12. [EUR] | BID5: Stand 01.01. [EUR] | BIE5: Stand 31.12. [EUR] | BIG5: Stand 01.01. [EUR] | BIH5: Zugänge [EUR] | BII5: Abgänge [EUR] | BIJ5: Umbuchungen [EUR] | BIK5: Stand 31.12. [EUR] | BIL5: Stand 01.01. [EUR] | BIM5: Zugänge [EUR] | BIN5: Abgänge [EUR] | BIO5: Umbuchungen [EUR] | BIP5: Wertminderungen [EUR] | BIQ5: Zuschreibungen [EUR] | BIR5: Stand 31.12. [EUR] | BIS5: Stand 01.01. [EUR] | BIT5: Stand 31.12. [EUR] | BIV5: Stand 01.01. [EUR] | BIW5: Zugänge [EUR] | BIX5: Abgänge [EUR] | BIY5: Umbuchungen [EUR] | BIZ5: Stand 31.12. [EUR] | BJA5: Stand 01.01. [EUR] | BJB5: Zugänge [EUR] | BJC5: Abgänge [EUR] | BJD5: Umbuchungen [EUR] | BJE5: Wertminderungen [EUR] | BJF5: Zuschreibungen [EUR] | BJG5: Stand 31.12. [EUR] | BJH5: Stand 01.01. [EUR] | BJI5: Stand 31.12. [EUR] | BJK5: Stand 01.01. [EUR] | BJL5: Zugänge [EUR] | BJM5: Abgänge [EUR] | BJN5: Umbuchungen [EUR] | BJO5: Stand 31.12. [EUR] | BJP5: Stand 01.01. [EUR] | BJQ5: Zugänge [EUR] | BJR5: Abgänge [EUR] | BJS5: Umbuchungen [EUR] | BJT5: Wertminderungen [EUR] | BJU5: Zuschreibungen [EUR] | BJV5: Stand 31.12. [EUR] | BJW5: Stand 01.01. [EUR] | BJX5: Stand 31.12. [EUR] | BJZ5: Stand 01.01. [EUR] | BKA5: Zugänge [EUR] | BKB5: Abgänge [EUR] | BKC5: Umbuchungen [EUR] | BKD5: Stand 31.12. [EUR] | BKE5: Stand 01.01. [EUR] | BKF5: Zugänge [EUR] | BKG5: Abgänge [EUR] | BKH5: Umbuchungen [EUR] | BKI5: Wertminderungen [EUR] | BKJ5: Zuschreibungen [EUR] | BKK5: Stand 31.12. [EUR] | BKL5: Stand 01.01. [EUR] | BKM5: Stand 31.12. [EUR] | BKO5: Stand 01.01. [EUR] | BKP5: Zugänge [EUR] | BKQ5: Abgänge [EUR] | BKR5: Umbuchungen [EUR] | BKS5: Stand 31.12. [EUR] | BKT5: Stand 01.01. [EUR] | BKU5: Zugänge [EUR] | BKV5: Abgänge [EUR] | BKW5: Umbuchungen [EUR] | BKX5: Wertminderungen [EUR] | BKY5: Zuschreibungen [EUR] | BKZ5: Stand 31.12. [EUR] | BLA5: Stand 01.01. [EUR] | BLB5: Stand 31.12. [EUR] | BLD5: Stand 01.01. [EUR] | BLE5: Zugänge [EUR] | BLF5: Abgänge [EUR] | BLG5: Umbuchungen [EUR] | BLH5: Stand 31.12. [EUR] | BLI5: Stand 01.01. [EUR] | BLJ5: Zugänge [EUR] | BLK5: Abgänge [EUR] | BLL5: Umbuchungen [EUR] | BLM5: Wertminderungen [EUR] | BLN5: Zuschreibungen [EUR] | BLO5: Stand 31.12. [EUR] | BLP5: Stand 01.01. [EUR] | BLQ5: Stand 31.12. [EUR] | BLS5: Stand 01.01. [EUR] | BLT5: Zugänge [EUR] | BLU5: Abgänge [EUR] | BLV5: Umbuchungen [EUR] | BLW5: Stand 31.12. [EUR] | BLX5: Stand 01.01. [EUR] | BLY5: Zugänge [EUR] | BLZ5: Abgänge [EUR] | BMA5: Umbuchungen [EUR] | BMB5: Wertminderungen [EUR] | BMC5: Zuschreibungen [EUR] | BMD5: Stand 31.12. [EUR] | BME5: Stand 01.01. [EUR] | BMF5: Stand 31.12. [EUR] | BMH5: Stand 01.01. [EUR] | BMI5: Zugänge [EUR] | BMJ5: Abgänge [EUR] | BMK5: Umbuchungen [EUR] | BML5: Stand 31.12. [EUR] | BMM5: Stand 01.01. [EUR] | BMN5: Zugänge [EUR] | BMO5: Abgänge [EUR] | BMP5: Umbuchungen [EUR] | BMQ5: Wertminderungen [EUR] | BMR5: Zuschreibungen [EUR] | BMS5: Stand 31.12. [EUR] | BMT5: Stand 01.01. [EUR] | BMU5: Stand 31.12. [EUR] | BMW5: Stand 01.01. [EUR] | BMX5: Zugänge [EUR] | BMY5: Abgänge [EUR] | BMZ5: Umbuchungen [EUR] | BNA5: Stand 31.12. [EUR] | BNB5: Stand 01.01. [EUR] | BNC5: Zugänge [EUR] | BND5: Abgänge [EUR] | BNE5: Umbuchungen [EUR] | BNF5: Wertminderungen [EUR] | BNG5: Zuschreibungen [EUR] | BNH5: Stand 31.12. [EUR] | BNI5: Stand 01.01. [EUR] | BNJ5: Stand 31.12. [EUR] | BNL5: Stand 01.01. [EUR] | BNM5: Zugänge [EUR] | BNN5: Abgänge [EUR] | BNO5: Umbuchungen [EUR] | BNP5: Stand 31.12. [EUR] | BNQ5: Stand 01.01. [EUR] | BNR5: Zugänge [EUR] | BNS5: Abgänge [EUR] | BNT5: Umbuchungen [EUR] | BNU5: Wertminderungen [EUR] | BNV5: Zuschreibungen [EUR] | BNW5: Stand 31.12. [EUR] | BNX5: Stand 01.01. [EUR] | BNY5: Stand 31.12. [EUR] | BOA5: Stand 01.01. [EUR] | BOB5: Zugänge [EUR] | BOC5: Abgänge [EUR] | BOD5: Umbuchungen [EUR] | BOE5: Stand 31.12. [EUR] | BOF5: Stand 01.01. [EUR] | BOG5: Zugänge [EUR] | BOH5: Abgänge [EUR] | BOI5: Umbuchungen [EUR] | BOJ5: Wertminderungen [EUR] | BOK5: Zuschreibungen [EUR] | BOL5: Stand 31.12. [EUR] | BOM5: Stand 01.01. [EUR] | BON5: Stand 31.12. [EUR] | BOP5: Stand 01.01. [EUR] | BOQ5: Zugänge [EUR] | BOR5: Abgänge [EUR] | BOS5: Umbuchungen [EUR] | BOT5: Stand 31.12. [EUR] | BOU5: Stand 01.01. [EUR] | BOV5: Zugänge [EUR] | BOW5: Abgänge [EUR] | BOX5: Umbuchungen [EUR] | BOY5: Wertminderungen [EUR] | BOZ5: Zuschreibungen [EUR] | BPA5: Stand 31.12. [EUR] | BPB5: Stand 01.01. [EUR] | BPC5: Stand 31.12. [EUR] | BPE5: Stand 01.01. [EUR] | BPF5: Zugänge [EUR] | BPG5: Abgänge [EUR] | BPH5: Umbuchungen [EUR] | BPI5: Stand 31.12. [EUR] | BPJ5: Stand 01.01. [EUR] | BPK5: Zugänge [EUR] | BPL5: Abgänge [EUR] | BPM5: Umbuchungen [EUR] | BPN5: Wertminderungen [EUR] | BPO5: Zuschreibungen [EUR] | BPP5: Stand 31.12. [EUR] | BPQ5: Stand 01.01. [EUR] | BPR5: Stand 31.12. [EUR] | BPT5: Stand 01.01. [EUR] | BPU5: Zugänge [EUR] | BPV5: Abgänge [EUR] | BPW5: Umbuchungen [EUR] | BPX5: Stand 31.12. [EUR] | BPY5: Stand 01.01. [EUR] | BPZ5: Zugänge [EUR] | BQA5: Abgänge [EUR] | BQB5: Umbuchungen [EUR] | BQC5: Wertminderungen [EUR] | BQD5: Zuschreibungen [EUR] | BQE5: Stand 31.12. [EUR] | BQF5: Stand 01.01. [EUR] | BQG5: Stand 31.12. [EUR] | BQI5: Stand 01.01. [EUR] | BQJ5: Zugänge [EUR] | BQK5: Abgänge [EUR] | BQL5: Umbuchungen [EUR] | BQM5: Stand 31.12. [EUR] | BQN5: Stand 01.01. [EUR] | BQO5: Zugänge [EUR] | BQP5: Abgänge [EUR] | BQQ5: Umbuchungen [EUR] | BQR5: Wertminderungen [EUR] | BQS5: Zuschreibungen [EUR] | BQT5: Stand 31.12. [EUR] | BQU5: Stand 01.01. [EUR] | BQV5: Stand 31.12. [EUR] | BQX5: Stand 01.01. [EUR] | BQY5: Zugänge [EUR] | BQZ5: Abgänge [EUR] | BRA5: Umbuchungen [EUR] | BRB5: Stand 31.12. [EUR] | BRC5: Stand 01.01. [EUR] | BRD5: Zugänge [EUR] | BRE5: Abgänge [EUR] | BRF5: Umbuchungen [EUR] | BRG5: Wertminderungen [EUR] | BRH5: Zuschreibungen [EUR] | BRI5: Stand 31.12. [EUR] | BRJ5: Stand 01.01. [EUR] | BRK5: Stand 31.12. [EUR] | BRM5: Stand 01.01. [EUR] | BRN5: Zugänge [EUR] | BRO5: Abgänge [EUR] | BRP5: Umbuchungen [EUR] | BRQ5: Stand 31.12. [EUR] | BRR5: Stand 01.01. [EUR] | BRS5: Zugänge [EUR] | BRT5: Abgänge [EUR] | BRU5: Umbuchungen [EUR] | BRV5: Wertminderungen [EUR] | BRW5: Zuschreibungen [EUR] | BRX5: Stand 31.12. [EUR] | BRY5: Stand 01.01. [EUR] | BRZ5: Stand 31.12. [EUR] | BSB5: Stand 01.01. [EUR] | BSC5: Zugänge [EUR] | BSD5: Abgänge [EUR] | BSE5: Umbuchungen [EUR] | BSF5: Stand 31.12. [EUR] | BSG5: Stand 01.01. [EUR] | BSH5: Zugänge [EUR] | BSI5: Abgänge [EUR] | BSJ5: Umbuchungen [EUR] | BSK5: Wertminderungen [EUR] | BSL5: Zuschreibungen [EUR] | BSM5: Stand 31.12. [EUR] | BSN5: Stand 01.01. [EUR] | BSO5: Stand 31.12. [EUR] | BSQ5: Stand 01.01. [EUR] | BSR5: Zugänge [EUR] | BSS5: Abgänge [EUR] | BST5: Umbuchungen [EUR] | BSU5: Stand 31.12. [EUR] | BSV5: Stand 01.01. [EUR] | BSW5: Zugänge [EUR] | BSX5: Abgänge [EUR] | BSY5: Umbuchungen [EUR] | BSZ5: Wertminderungen [EUR] | BTA5: Zuschreibungen [EUR] | BTB5: Stand 31.12. [EUR] | BTC5: Stand 01.01. [EUR] | BTD5: Stand 31.12. [EUR] | BTF5: Stand 01.01. [EUR] | BTG5: Zugänge [EUR] | BTH5: Abgänge [EUR] | BTI5: Umbuchungen [EUR] | BTJ5: Stand 31.12. [EUR] | BTK5: Stand 01.01. [EUR] | BTL5: Zugänge [EUR] | BTM5: Abgänge [EUR] | BTN5: Umbuchungen [EUR] | BTO5: Wertminderungen [EUR] | BTP5: Zuschreibungen [EUR] | BTQ5: Stand 31.12. [EUR] | BTR5: Stand 01.01. [EUR] | BTS5: Stand 31.12. [EUR] | BTU5: Stand 01.01. [EUR] | BTV5: Zugänge [EUR] | BTW5: Abgänge [EUR] | BTX5: Umbuchungen [EUR] | BTY5: Stand 31.12. [EUR] | BTZ5: Stand 01.01. [EUR] | BUA5: Zugänge [EUR] | BUB5: Abgänge [EUR] | BUC5: Umbuchungen [EUR] | BUD5: Wertminderungen [EUR] | BUE5: Zuschreibungen [EUR] | BUF5: Stand 31.12. [EUR] | BUG5: Stand 01.01. [EUR] | BUH5: Stand 31.12. [EUR] | BUJ5: Stand 01.01. [EUR] | BUK5: Zugänge [EUR] | BUL5: Abgänge [EUR] | BUM5: Umbuchungen [EUR] | BUN5: Stand 31.12. [EUR] | BUO5: Stand 01.01. [EUR] | BUP5: Zugänge [EUR] | BUQ5: Abgänge [EUR] | BUR5: Umbuchungen [EUR] | BUS5: Wertminderungen [EUR] | BUT5: Zuschreibungen [EUR] | BUU5: Stand 31.12. [EUR] | BUV5: Stand 01.01. [EUR] | BUW5: Stand 31.12. [EUR] | BUY5: Stand 01.01. [EUR] | BUZ5: Zugänge [EUR] | BVA5: Abgänge [EUR] | BVB5: Umbuchungen [EUR] | BVC5: Stand 31.12. [EUR] | BVD5: Stand 01.01. [EUR] | BVE5: Zugänge [EUR] | BVF5: Abgänge [EUR] | BVG5: Umbuchungen [EUR] | BVH5: Wertminderungen [EUR] | BVI5: Zuschreibungen [EUR] | BVJ5: Stand 31.12. [EUR] | BVK5: Stand 01.01. [EUR] | BVL5: Stand 31.12. [EUR] | BVN5: Stand 01.01. [EUR] | BVO5: Zugänge [EUR] | BVP5: Abgänge [EUR] | BVQ5: Umbuchungen [EUR] | BVR5: Stand 31.12. [EUR] | BVS5: Stand 01.01. [EUR] | BVT5: Zugänge [EUR] | BVU5: Abgänge [EUR] | BVV5: Umbuchungen [EUR] | BVW5: Wertminderungen [EUR] | BVX5: Zuschreibungen [EUR] | BVY5: Stand 31.12. [EUR] | BVZ5: Stand 01.01. [EUR] | BWA5: Stand 31.12. [EUR]
B6: 2022
B7: 1. Anlagevermögen | C7: =SUM(C8+C12+C17) -> 0 | D7: =SUM(D8+D12+D17) -> 0 | E7: =SUM(E8+E12+E17) -> 0 | F7: =SUM(F8+F12+F17) -> 0 | G7: =SUM(G8+G12+G17) -> 0 | H7: =SUM(H8+H12+H17) -> 0 | I7: =SUM(I8+I12+I17) -> 0 | J7: =SUM(J8+J12+J17) -> 0 | ... P7: =SUM(P8+P12+P17) -> 0 | R7: =SUM(R8+R12+R17) -> 0 | S7: =SUM(S8+S12+S17) -> 0 | T7: =SUM(T8+T12+T17) -> 0 | U7: =SUM(U8+U12+U17) -> 0 | V7: =SUM(V8+V12+V17) -> 0 | W7: =SUM(W8+W12+W17) -> 0 | X7: =SUM(X8+X12+X17) -> 0 | Y7: =SUM(Y8+Y12+Y17) -> 0 | ... AE7: =SUM(AE8+AE12+AE17) -> 0 | AG7: =SUM(AG8+AG12+AG17) -> 0 | AH7: =SUM(AH8+AH12+AH17) -> 0 | AI7: =SUM(AI8+AI12+AI17) -> 0 | AJ7: =SUM(AJ8+AJ12+AJ17) -> 0 | AK7: =SUM(AK8+AK12+AK17) -> 0 | AL7: =SUM(AL8+AL12+AL17) -> 0 | AM7: =SUM(AM8+AM12+AM17) -> 0 | AN7: =SUM(AN8+AN12+AN17) -> 0 | ... AT7: =SUM(AT8+AT12+AT17) -> 0 | AV7: =SUM(AV8+AV12+AV17) -> 0 | AW7: =SUM(AW8+AW12+AW17) -> 0 | AX7: =SUM(AX8+AX12+AX17) -> 0 | AY7: =SUM(AY8+AY12+AY17) -> 0 | AZ7: =SUM(AZ8+AZ12+AZ17) -> 0 | BA7: =SUM(BA8+BA12+BA17) -> 0 | BB7: =SUM(BB8+BB12+BB17) -> 0 | BC7: =SUM(BC8+BC12+BC17) -> 0 | ... BI7: =SUM(BI8+BI12+BI17) -> 0 | BK7: =SUM(BK8+BK12+BK17) -> 0 | BL7: =SUM(BL8+BL12+BL17) -> 0 | BM7: =SUM(BM8+BM12+BM17) -> 0 | BN7: =SUM(BN8+BN12+BN17) -> 0 | BO7: =SUM(BO8+BO12+BO17) -> 0 | BP7: =SUM(BP8+BP12+BP17) -> 0 | BQ7: =SUM(BQ8+BQ12+BQ17) -> 0 | BR7: =SUM(BR8+BR12+BR17) -> 0 | ... BX7: =SUM(BX8+BX12+BX17) -> 0 | BZ7: =SUM(BZ8+BZ12+BZ17) -> 0 | CA7: =SUM(CA8+CA12+CA17) -> 0 | CB7: =SUM(CB8+CB12+CB17) -> 0 | CC7: =SUM(CC8+CC12+CC17) -> 0 | CD7: =SUM(CD8+CD12+CD17) -> 0 | CE7: =SUM(CE8+CE12+CE17) -> 0 | CF7: =SUM(CF8+CF12+CF17) -> 0 | CG7: =SUM(CG8+CG12+CG17) -> 0 | ... CM7: =SUM(CM8+CM12+CM17) -> 0 | CO7: =SUM(CO8+CO12+CO17) -> 0 | CP7: =SUM(CP8+CP12+CP17) -> 0 | CQ7: =SUM(CQ8+CQ12+CQ17) -> 0 | CR7: =SUM(CR8+CR12+CR17) -> 0 | CS7: =SUM(CS8+CS12+CS17) -> 0 | CT7: =SUM(CT8+CT12+CT17) -> 0 | CU7: =SUM(CU8+CU12+CU17) -> 0 | CV7: =SUM(CV8+CV12+CV17) -> 0 | ... DB7: =SUM(DB8+DB12+DB17) -> 0 | DD7: =SUM(DD8+DD12+DD17) -> 0 | DE7: =SUM(DE8+DE12+DE17) -> 0 | DF7: =SUM(DF8+DF12+DF17) -> 0 | DG7: =SUM(DG8+DG12+DG17) -> 0 | DH7: =SUM(DH8+DH12+DH17) -> 0 | DI7: =SUM(DI8+DI12+DI17) -> 0 | DJ7: =SUM(DJ8+DJ12+DJ17) -> 0 | DK7: =SUM(DK8+DK12+DK17) -> 0 | ... DQ7: =SUM(DQ8+DQ12+DQ17) -> 0 | DS7: =SUM(DS8+DS12+DS17) -> 0 | DT7: =SUM(DT8+DT12+DT17) -> 0 | DU7: =SUM(DU8+DU12+DU17) -> 0 | DV7: =SUM(DV8+DV12+DV17) -> 0 | DW7: =SUM(DW8+DW12+DW17) -> 0 | DX7: =SUM(DX8+DX12+DX17) -> 0 | DY7: =SUM(DY8+DY12+DY17) -> 0 | DZ7: =SUM(DZ8+DZ12+DZ17) -> 0 | ... EF7: =SUM(EF8+EF12+EF17) -> 0 | EH7: =SUM(EH8+EH12+EH17) -> 0 | EI7: =SUM(EI8+EI12+EI17) -> 0 | EJ7: =SUM(EJ8+EJ12+EJ17) -> 0 | EK7: =SUM(EK8+EK12+EK17) -> 0 | EL7: =SUM(EL8+EL12+EL17) -> 0 | EM7: =SUM(EM8+EM12+EM17) -> 0 | EN7: =SUM(EN8+EN12+EN17) -> 0 | EO7: =SUM(EO8+EO12+EO17) -> 0 | ... EU7: =SUM(EU8+EU12+EU17) -> 0 | EW7: =SUM(EW8+EW12+EW17) -> 0 | EX7: =SUM(EX8+EX12+EX17) -> 0 | EY7: =SUM(EY8+EY12+EY17) -> 0 | EZ7: =SUM(EZ8+EZ12+EZ17) -> 0 | FA7: =SUM(FA8+FA12+FA17) -> 0 | FB7: =SUM(FB8+FB12+FB17) -> 0 | FC7: =SUM(FC8+FC12+FC17) -> 0 | FD7: =SUM(FD8+FD12+FD17) -> 0 | ... FJ7: =SUM(FJ8+FJ12+FJ17) -> 0 | FL7: =SUM(FL8+FL12+FL17) -> 0 | FM7: =SUM(FM8+FM12+FM17) -> 0 | FN7: =SUM(FN8+FN12+FN17) -> 0 | FO7: =SUM(FO8+FO12+FO17) -> 0 | FP7: =SUM(FP8+FP12+FP17) -> 0 | FQ7: =SUM(FQ8+FQ12+FQ17) -> 0 | FR7: =SUM(FR8+FR12+FR17) -> 0 | FS7: =SUM(FS8+FS12+FS17) -> 0 | ... FY7: =SUM(FY8+FY12+FY17) -> 0 | GA7: =SUM(GA8+GA12+GA17) -> 0 | GB7: =SUM(GB8+GB12+GB17) -> 0 | GC7: =SUM(GC8+GC12+GC17) -> 0 | GD7: =SUM(GD8+GD12+GD17) -> 0 | GE7: =SUM(GE8+GE12+GE17) -> 0 | GF7: =SUM(GF8+GF12+GF17) -> 0 | GG7: =SUM(GG8+GG12+GG17) -> 0 | GH7: =SUM(GH8+GH12+GH17) -> 0 | ... GN7: =SUM(GN8+GN12+GN17) -> 0 | GP7: =SUM(GP8+GP12+GP17) -> 0 | GQ7: =SUM(GQ8+GQ12+GQ17) -> 0 | GR7: =SUM(GR8+GR12+GR17) -> 0 | GS7: =SUM(GS8+GS12+GS17) -> 0 | GT7: =SUM(GT8+GT12+GT17) -> 0 | GU7: =SUM(GU8+GU12+GU17) -> 0 | GV7: =SUM(GV8+GV12+GV17) -> 0 | GW7: =SUM(GW8+GW12+GW17) -> 0 | ... HC7: =SUM(HC8+HC12+HC17) -> 0 | HE7: =SUM(HE8+HE12+HE17) -> 0 | HF7: =SUM(HF8+HF12+HF17) -> 0 | HG7: =SUM(HG8+HG12+HG17) -> 0 | HH7: =SUM(HH8+HH12+HH17) -> 0 | HI7: =SUM(HI8+HI12+HI17) -> 0 | HJ7: =SUM(HJ8+HJ12+HJ17) -> 0 | HK7: =SUM(HK8+HK12+HK17) -> 0 | HL7: =SUM(HL8+HL12+HL17) -> 0 | ... HR7: =SUM(HR8+HR12+HR17) -> 0 | HT7: =SUM(HT8+HT12+HT17) -> 0 | HU7: =SUM(HU8+HU12+HU17) -> 0 | HV7: =SUM(HV8+HV12+HV17) -> 0 | HW7: =SUM(HW8+HW12+HW17) -> 0 | HX7: =SUM(HX8+HX12+HX17) -> 0 | HY7: =SUM(HY8+HY12+HY17) -> 0 | HZ7: =SUM(HZ8+HZ12+HZ17) -> 0 | IA7: =SUM(IA8+IA12+IA17) -> 0 | ... IG7: =SUM(IG8+IG12+IG17) -> 0 | II7: =SUM(II8+II12+II17) -> 0 | IJ7: =SUM(IJ8+IJ12+IJ17) -> 0 | IK7: =SUM(IK8+IK12+IK17) -> 0 | IL7: =SUM(IL8+IL12+IL17) -> 0 | IM7: =SUM(IM8+IM12+IM17) -> 0 | IN7: =SUM(IN8+IN12+IN17) -> 0 | IO7: =SUM(IO8+IO12+IO17) -> 0 | IP7: =SUM(IP8+IP12+IP17) -> 0 | ... IV7: =SUM(IV8+IV12+IV17) -> 0 | IX7: =SUM(IX8+IX12+IX17) -> 0 | IY7: =SUM(IY8+IY12+IY17) -> 0 | IZ7: =SUM(IZ8+IZ12+IZ17) -> 0 | JA7: =SUM(JA8+JA12+JA17) -> 0 | JB7: =SUM(JB8+JB12+JB17) -> 0 | JC7: =SUM(JC8+JC12+JC17) -> 0 | JD7: =SUM(JD8+JD12+JD17) -> 0 | JE7: =SUM(JE8+JE12+JE17) -> 0 | ... JK7: =SUM(JK8+JK12+JK17) -> 0 | JM7: =SUM(JM8+JM12+JM17) -> 0 | JN7: =SUM(JN8+JN12+JN17) -> 0 | JO7: =SUM(JO8+JO12+JO17) -> 0 | JP7: =SUM(JP8+JP12+JP17) -> 0 | JQ7: =SUM(JQ8+JQ12+JQ17) -> 0 | JR7: =SUM(JR8+JR12+JR17) -> 0 | JS7: =SUM(JS8+JS12+JS17) -> 0 | JT7: =SUM(JT8+JT12+JT17) -> 0 | ... JZ7: =SUM(JZ8+JZ12+JZ17) -> 0 | KB7: =SUM(KB8+KB12+KB17) -> 0 | KC7: =SUM(KC8+KC12+KC17) -> 0 | KD7: =SUM(KD8+KD12+KD17) -> 0 | KE7: =SUM(KE8+KE12+KE17) -> 0 | KF7: =SUM(KF8+KF12+KF17) -> 0 | KG7: =SUM(KG8+KG12+KG17) -> 0 | KH7: =SUM(KH8+KH12+KH17) -> 0 | KI7: =SUM(KI8+KI12+KI17) -> 0 | ... KO7: =SUM(KO8+KO12+KO17) -> 0 | KQ7: =SUM(KQ8+KQ12+KQ17) -> 0 | KR7: =SUM(KR8+KR12+KR17) -> 0 | KS7: =SUM(KS8+KS12+KS17) -> 0 | KT7: =SUM(KT8+KT12+KT17) -> 0 | KU7: =SUM(KU8+KU12+KU17) -> 0 | KV7: =SUM(KV8+KV12+KV17) -> 0 | KW7: =SUM(KW8+KW12+KW17) -> 0 | KX7: =SUM(KX8+KX12+KX17) -> 0 | ... LD7: =SUM(LD8+LD12+LD17) -> 0 | LF7: =SUM(LF8+LF12+LF17) -> 0 | LG7: =SUM(LG8+LG12+LG17) -> 0 | LH7: =SUM(LH8+LH12+LH17) -> 0 | LI7: =SUM(LI8+LI12+LI17) -> 0 | LJ7: =SUM(LJ8+LJ12+LJ17) -> 0 | LK7: =SUM(LK8+LK12+LK17) -> 0 | LL7: =SUM(LL8+LL12+LL17) -> 0 | LM7: =SUM(LM8+LM12+LM17) -> 0 | ... LS7: =SUM(LS8+LS12+LS17) -> 0 | LU7: =SUM(LU8+LU12+LU17) -> 0 | LV7: =SUM(LV8+LV12+LV17) -> 0 | LW7: =SUM(LW8+LW12+LW17) -> 0 | LX7: =SUM(LX8+LX12+LX17) -> 0 | LY7: =SUM(LY8+LY12+LY17) -> 0 | LZ7: =SUM(LZ8+LZ12+LZ17) -> 0 | MA7: =SUM(MA8+MA12+MA17) -> 0 | MB7: =SUM(MB8+MB12+MB17) -> 0 | ... MH7: =SUM(MH8+MH12+MH17) -> 0 | MJ7: =SUM(MJ8+MJ12+MJ17) -> 0 | MK7: =SUM(MK8+MK12+MK17) -> 0 | ML7: =SUM(ML8+ML12+ML17) -> 0 | MM7: =SUM(MM8+MM12+MM17) -> 0 | MN7: =SUM(MN8+MN12+MN17) -> 0 | MO7: =SUM(MO8+MO12+MO17) -> 0 | MP7: =SUM(MP8+MP12+MP17) -> 0 | MQ7: =SUM(MQ8+MQ12+MQ17) -> 0 | ... MW7: =SUM(MW8+MW12+MW17) -> 0 | MY7: =SUM(MY8+MY12+MY17) -> 0 | MZ7: =SUM(MZ8+MZ12+MZ17) -> 0 | NA7: =SUM(NA8+NA12+NA17) -> 0 | NB7: =SUM(NB8+NB12+NB17) -> 0 | NC7: =SUM(NC8+NC12+NC17) -> 0 | ND7: =SUM(ND8+ND12+ND17) -> 0 | NE7: =SUM(NE8+NE12+NE17) -> 0 | NF7: =SUM(NF8+NF12+NF17) -> 0 | ... NL7: =SUM(NL8+NL12+NL17) -> 0 | NN7: =SUM(NN8+NN12+NN17) -> 0 | NO7: =SUM(NO8+NO12+NO17) -> 0 | NP7: =SUM(NP8+NP12+NP17) -> 0 | NQ7: =SUM(NQ8+NQ12+NQ17) -> 0 | NR7: =SUM(NR8+NR12+NR17) -> 0 | NS7: =SUM(NS8+NS12+NS17) -> 0 | NT7: =SUM(NT8+NT12+NT17) -> 0 | NU7: =SUM(NU8+NU12+NU17) -> 0 | ... OA7: =SUM(OA8+OA12+OA17) -> 0 | OC7: =SUM(OC8+OC12+OC17) -> 0 | OD7: =SUM(OD8+OD12+OD17) -> 0 | OE7: =SUM(OE8+OE12+OE17) -> 0 | OF7: =SUM(OF8+OF12+OF17) -> 0 | OG7: =SUM(OG8+OG12+OG17) -> 0 | OH7: =SUM(OH8+OH12+OH17) -> 0 | OI7: =SUM(OI8+OI12+OI17) -> 0 | OJ7: =SUM(OJ8+OJ12+OJ17) -> 0 | ... OP7: =SUM(OP8+OP12+OP17) -> 0 | OR7: =SUM(OR8+OR12+OR17) -> 0 | OS7: =SUM(OS8+OS12+OS17) -> 0 | OT7: =SUM(OT8+OT12+OT17) -> 0 | OU7: =SUM(OU8+OU12+OU17) -> 0 | OV7: =SUM(OV8+OV12+OV17) -> 0 | OW7: =SUM(OW8+OW12+OW17) -> 0 | OX7: =SUM(OX8+OX12+OX17) -> 0 | OY7: =SUM(OY8+OY12+OY17) -> 0 | ... PE7: =SUM(PE8+PE12+PE17) -> 0 | PG7: =SUM(PG8+PG12+PG17) -> 0 | PH7: =SUM(PH8+PH12+PH17) -> 0 | PI7: =SUM(PI8+PI12+PI17) -> 0 | PJ7: =SUM(PJ8+PJ12+PJ17) -> 0 | PK7: =SUM(PK8+PK12+PK17) -> 0 | PL7: =SUM(PL8+PL12+PL17) -> 0 | PM7: =SUM(PM8+PM12+PM17) -> 0 | PN7: =SUM(PN8+PN12+PN17) -> 0 | ... PT7: =SUM(PT8+PT12+PT17) -> 0 | PV7: =SUM(PV8+PV12+PV17) -> 0 | PW7: =SUM(PW8+PW12+PW17) -> 0 | PX7: =SUM(PX8+PX12+PX17) -> 0 | PY7: =SUM(PY8+PY12+PY17) -> 0 | PZ7: =SUM(PZ8+PZ12+PZ17) -> 0 | QA7: =SUM(QA8+QA12+QA17) -> 0 | QB7: =SUM(QB8+QB12+QB17) -> 0 | QC7: =SUM(QC8+QC12+QC17) -> 0 | ... QI7: =SUM(QI8+QI12+QI17) -> 0 | QK7: =SUM(QK8+QK12+QK17) -> 0 | QL7: =SUM(QL8+QL12+QL17) -> 0 | QM7: =SUM(QM8+QM12+QM17) -> 0 | QN7: =SUM(QN8+QN12+QN17) -> 0 | QO7: =SUM(QO8+QO12+QO17) -> 0 | QP7: =SUM(QP8+QP12+QP17) -> 0 | QQ7: =SUM(QQ8+QQ12+QQ17) -> 0 | QR7: =SUM(QR8+QR12+QR17) -> 0 | ... QX7: =SUM(QX8+QX12+QX17) -> 0 | QZ7: =SUM(QZ8+QZ12+QZ17) -> 0 | RA7: =SUM(RA8+RA12+RA17) -> 0 | RB7: =SUM(RB8+RB12+RB17) -> 0 | RC7: =SUM(RC8+RC12+RC17) -> 0 | RD7: =SUM(RD8+RD12+RD17) -> 0 | RE7: =SUM(RE8+RE12+RE17) -> 0 | RF7: =SUM(RF8+RF12+RF17) -> 0 | RG7: =SUM(RG8+RG12+RG17) -> 0 | ... RM7: =SUM(RM8+RM12+RM17) -> 0 | RO7: =SUM(RO8+RO12+RO17) -> 0 | RP7: =SUM(RP8+RP12+RP17) -> 0 | RQ7: =SUM(RQ8+RQ12+RQ17) -> 0 | RR7: =SUM(RR8+RR12+RR17) -> 0 | RS7: =SUM(RS8+RS12+RS17) -> 0 | RT7: =SUM(RT8+RT12+RT17) -> 0 | RU7: =SUM(RU8+RU12+RU17) -> 0 | RV7: =SUM(RV8+RV12+RV17) -> 0 | ... SB7: =SUM(SB8+SB12+SB17) -> 0 | SD7: =SUM(SD8+SD12+SD17) -> 0 | SE7: =SUM(SE8+SE12+SE17) -> 0 | SF7: =SUM(SF8+SF12+SF17) -> 0 | SG7: =SUM(SG8+SG12+SG17) -> 0 | SH7: =SUM(SH8+SH12+SH17) -> 0 | SI7: =SUM(SI8+SI12+SI17) -> 0 | SJ7: =SUM(SJ8+SJ12+SJ17) -> 0 | SK7: =SUM(SK8+SK12+SK17) -> 0 | ... SQ7: =SUM(SQ8+SQ12+SQ17) -> 0 | SS7: =SUM(SS8+SS12+SS17) -> 0 | ST7: =SUM(ST8+ST12+ST17) -> 0 | SU7: =SUM(SU8+SU12+SU17) -> 0 | SV7: =SUM(SV8+SV12+SV17) -> 0 | SW7: =SUM(SW8+SW12+SW17) -> 0 | SX7: =SUM(SX8+SX12+SX17) -> 0 | SY7: =SUM(SY8+SY12+SY17) -> 0 | SZ7: =SUM(SZ8+SZ12+SZ17) -> 0 | ... TF7: =SUM(TF8+TF12+TF17) -> 0 | TH7: =SUM(TH8+TH12+TH17) -> 0 | TI7: =SUM(TI8+TI12+TI17) -> 0 | TJ7: =SUM(TJ8+TJ12+TJ17) -> 0 | TK7: =SUM(TK8+TK12+TK17) -> 0 | TL7: =SUM(TL8+TL12+TL17) -> 0 | TM7: =SUM(TM8+TM12+TM17) -> 0 | TN7: =SUM(TN8+TN12+TN17) -> 0 | TO7: =SUM(TO8+TO12+TO17) -> 0 | ... TU7: =SUM(TU8+TU12+TU17) -> 0 | TW7: =SUM(TW8+TW12+TW17) -> 0 | TX7: =SUM(TX8+TX12+TX17) -> 0 | TY7: =SUM(TY8+TY12+TY17) -> 0 | TZ7: =SUM(TZ8+TZ12+TZ17) -> 0 | UA7: =SUM(UA8+UA12+UA17) -> 0 | UB7: =SUM(UB8+UB12+UB17) -> 0 | UC7: =SUM(UC8+UC12+UC17) -> 0 | UD7: =SUM(UD8+UD12+UD17) -> 0 | ... UJ7: =SUM(UJ8+UJ12+UJ17) -> 0 | UL7: =SUM(UL8+UL12+UL17) -> 0 | UM7: =SUM(UM8+UM12+UM17) -> 0 | UN7: =SUM(UN8+UN12+UN17) -> 0 | UO7: =SUM(UO8+UO12+UO17) -> 0 | UP7: =SUM(UP8+UP12+UP17) -> 0 | UQ7: =SUM(UQ8+UQ12+UQ17) -> 0 | UR7: =SUM(UR8+UR12+UR17) -> 0 | US7: =SUM(US8+US12+US17) -> 0 | ... UY7: =SUM(UY8+UY12+UY17) -> 0 | VA7: =SUM(VA8+VA12+VA17) -> 0 | VB7: =SUM(VB8+VB12+VB17) -> 0 | VC7: =SUM(VC8+VC12+VC17) -> 0 | VD7: =SUM(VD8+VD12+VD17) -> 0 | VE7: =SUM(VE8+VE12+VE17) -> 0 | VF7: =SUM(VF8+VF12+VF17) -> 0 | VG7: =SUM(VG8+VG12+VG17) -> 0 | VH7: =SUM(VH8+VH12+VH17) -> 0 | ... VN7: =SUM(VN8+VN12+VN17) -> 0 | VP7: =SUM(VP8+VP12+VP17) -> 0 | VQ7: =SUM(VQ8+VQ12+VQ17) -> 0 | VR7: =SUM(VR8+VR12+VR17) -> 0 | VS7: =SUM(VS8+VS12+VS17) -> 0 | VT7: =SUM(VT8+VT12+VT17) -> 0 | VU7: =SUM(VU8+VU12+VU17) -> 0 | VV7: =SUM(VV8+VV12+VV17) -> 0 | VW7: =SUM(VW8+VW12+VW17) -> 0 | ... WC7: =SUM(WC8+WC12+WC17) -> 0 | WE7: =SUM(WE8+WE12+WE17) -> 0 | WF7: =SUM(WF8+WF12+WF17) -> 0 | WG7: =SUM(WG8+WG12+WG17) -> 0 | WH7: =SUM(WH8+WH12+WH17) -> 0 | WI7: =SUM(WI8+WI12+WI17) -> 0 | WJ7: =SUM(WJ8+WJ12+WJ17) -> 0 | WK7: =SUM(WK8+WK12+WK17) -> 0 | WL7: =SUM(WL8+WL12+WL17) -> 0 | ... WR7: =SUM(WR8+WR12+WR17) -> 0 | WT7: =SUM(WT8+WT12+WT17) -> 0 | WU7: =SUM(WU8+WU12+WU17) -> 0 | WV7: =SUM(WV8+WV12+WV17) -> 0 | WW7: =SUM(WW8+WW12+WW17) -> 0 | WX7: =SUM(WX8+WX12+WX17) -> 0 | WY7: =SUM(WY8+WY12+WY17) -> 0 | WZ7: =SUM(WZ8+WZ12+WZ17) -> 0 | XA7: =SUM(XA8+XA12+XA17) -> 0 | ... XG7: =SUM(XG8+XG12+XG17) -> 0 | XI7: =SUM(XI8+XI12+XI17) -> 0 | XJ7: =SUM(XJ8+XJ12+XJ17) -> 0 | XK7: =SUM(XK8+XK12+XK17) -> 0 | XL7: =SUM(XL8+XL12+XL17) -> 0 | XM7: =SUM(XM8+XM12+XM17) -> 0 | XN7: =SUM(XN8+XN12+XN17) -> 0 | XO7: =SUM(XO8+XO12+XO17) -> 0 | XP7: =SUM(XP8+XP12+XP17) -> 0 | ... XV7: =SUM(XV8+XV12+XV17) -> 0 | XX7: =SUM(XX8+XX12+XX17) -> 0 | XY7: =SUM(XY8+XY12+XY17) -> 0 | XZ7: =SUM(XZ8+XZ12+XZ17) -> 0 | YA7: =SUM(YA8+YA12+YA17) -> 0 | YB7: =SUM(YB8+YB12+YB17) -> 0 | YC7: =SUM(YC8+YC12+YC17) -> 0 | YD7: =SUM(YD8+YD12+YD17) -> 0 | YE7: =SUM(YE8+YE12+YE17) -> 0 | ... YK7: =SUM(YK8+YK12+YK17) -> 0 | YM7: =SUM(YM8+YM12+YM17) -> 0 | YN7: =SUM(YN8+YN12+YN17) -> 0 | YO7: =SUM(YO8+YO12+YO17) -> 0 | YP7: =SUM(YP8+YP12+YP17) -> 0 | YQ7: =SUM(YQ8+YQ12+YQ17) -> 0 | YR7: =SUM(YR8+YR12+YR17) -> 0 | YS7: =SUM(YS8+YS12+YS17) -> 0 | YT7: =SUM(YT8+YT12+YT17) -> 0 | ... YZ7: =SUM(YZ8+YZ12+YZ17) -> 0 | ZB7: =SUM(ZB8+ZB12+ZB17) -> 0 | ZC7: =SUM(ZC8+ZC12+ZC17) -> 0 | ZD7: =SUM(ZD8+ZD12+ZD17) -> 0 | ZE7: =SUM(ZE8+ZE12+ZE17) -> 0 | ZF7: =SUM(ZF8+ZF12+ZF17) -> 0 | ZG7: =SUM(ZG8+ZG12+ZG17) -> 0 | ZH7: =SUM(ZH8+ZH12+ZH17) -> 0 | ZI7: =SUM(ZI8+ZI12+ZI17) -> 0 | ... ZO7: =SUM(ZO8+ZO12+ZO17) -> 0 | ZQ7: =SUM(ZQ8+ZQ12+ZQ17) -> 0 | ZR7: =SUM(ZR8+ZR12+ZR17) -> 0 | ZS7: =SUM(ZS8+ZS12+ZS17) -> 0 | ZT7: =SUM(ZT8+ZT12+ZT17) -> 0 | ZU7: =SUM(ZU8+ZU12+ZU17) -> 0 | ZV7: =SUM(ZV8+ZV12+ZV17) -> 0 | ZW7: =SUM(ZW8+ZW12+ZW17) -> 0 | ZX7: =SUM(ZX8+ZX12+ZX17) -> 0 | ... AAD7: =SUM(AAD8+AAD12+AAD17) -> 0 | AAF7: =SUM(AAF8+AAF12+AAF17) -> 0 | AAG7: =SUM(AAG8+AAG12+AAG17) -> 0 | AAH7: =SUM(AAH8+AAH12+AAH17) -> 0 | AAI7: =SUM(AAI8+AAI12+AAI17) -> 0 | AAJ7: =SUM(AAJ8+AAJ12+AAJ17) -> 0 | AAK7: =SUM(AAK8+AAK12+AAK17) -> 0 | AAL7: =SUM(AAL8+AAL12+AAL17) -> 0 | AAM7: =SUM(AAM8+AAM12+AAM17) -> 0 | ... AAS7: =SUM(AAS8+AAS12+AAS17) -> 0 | AAU7: =SUM(AAU8+AAU12+AAU17) -> 0 | AAV7: =SUM(AAV8+AAV12+AAV17) -> 0 | AAW7: =SUM(AAW8+AAW12+AAW17) -> 0 | AAX7: =SUM(AAX8+AAX12+AAX17) -> 0 | AAY7: =SUM(AAY8+AAY12+AAY17) -> 0 | AAZ7: =SUM(AAZ8+AAZ12+AAZ17) -> 0 | ABA7: =SUM(ABA8+ABA12+ABA17) -> 0 | ABB7: =SUM(ABB8+ABB12+ABB17) -> 0 | ... ABH7: =SUM(ABH8+ABH12+ABH17) -> 0 | ABJ7: =SUM(ABJ8+ABJ12+ABJ17) -> 0 | ABK7: =SUM(ABK8+ABK12+ABK17) -> 0 | ABL7: =SUM(ABL8+ABL12+ABL17) -> 0 | ABM7: =SUM(ABM8+ABM12+ABM17) -> 0 | ABN7: =SUM(ABN8+ABN12+ABN17) -> 0 | ABO7: =SUM(ABO8+ABO12+ABO17) -> 0 | ABP7: =SUM(ABP8+ABP12+ABP17) -> 0 | ABQ7: =SUM(ABQ8+ABQ12+ABQ17) -> 0 | ... ABW7: =SUM(ABW8+ABW12+ABW17) -> 0 | ABY7: =SUM(ABY8+ABY12+ABY17) -> 0 | ABZ7: =SUM(ABZ8+ABZ12+ABZ17) -> 0 | ACA7: =SUM(ACA8+ACA12+ACA17) -> 0 | ACB7: =SUM(ACB8+ACB12+ACB17) -> 0 | ACC7: =SUM(ACC8+ACC12+ACC17) -> 0 | ACD7: =SUM(ACD8+ACD12+ACD17) -> 0 | ACE7: =SUM(ACE8+ACE12+ACE17) -> 0 | ACF7: =SUM(ACF8+ACF12+ACF17) -> 0 | ... ACL7: =SUM(ACL8+ACL12+ACL17) -> 0 | ACN7: =SUM(ACN8+ACN12+ACN17) -> 0 | ACO7: =SUM(ACO8+ACO12+ACO17) -> 0 | ACP7: =SUM(ACP8+ACP12+ACP17) -> 0 | ACQ7: =SUM(ACQ8+ACQ12+ACQ17) -> 0 | ACR7: =SUM(ACR8+ACR12+ACR17) -> 0 | ACS7: =SUM(ACS8+ACS12+ACS17) -> 0 | ACT7: =SUM(ACT8+ACT12+ACT17) -> 0 | ACU7: =SUM(ACU8+ACU12+ACU17) -> 0 | ... ADA7: =SUM(ADA8+ADA12+ADA17) -> 0 | ADC7: =SUM(ADC8+ADC12+ADC17) -> 0 | ADD7: =SUM(ADD8+ADD12+ADD17) -> 0 | ADE7: =SUM(ADE8+ADE12+ADE17) -> 0 | ADF7: =SUM(ADF8+ADF12+ADF17) -> 0 | ADG7: =SUM(ADG8+ADG12+ADG17) -> 0 | ADH7: =SUM(ADH8+ADH12+ADH17) -> 0 | ADI7: =SUM(ADI8+ADI12+ADI17) -> 0 | ADJ7: =SUM(ADJ8+ADJ12+ADJ17) -> 0 | ... ADP7: =SUM(ADP8+ADP12+ADP17) -> 0 | ADR7: =SUM(ADR8+ADR12+ADR17) -> 0 | ADS7: =SUM(ADS8+ADS12+ADS17) -> 0 | ADT7: =SUM(ADT8+ADT12+ADT17) -> 0 | ADU7: =SUM(ADU8+ADU12+ADU17) -> 0 | ADV7: =SUM(ADV8+ADV12+ADV17) -> 0 | ADW7: =SUM(ADW8+ADW12+ADW17) -> 0 | ADX7: =SUM(ADX8+ADX12+ADX17) -> 0 | ADY7: =SUM(ADY8+ADY12+ADY17) -> 0 | ... AEE7: =SUM(AEE8+AEE12+AEE17) -> 0 | AEG7: =SUM(AEG8+AEG12+AEG17) -> 0 | AEH7: =SUM(AEH8+AEH12+AEH17) -> 0 | AEI7: =SUM(AEI8+AEI12+AEI17) -> 0 | AEJ7: =SUM(AEJ8+AEJ12+AEJ17) -> 0 | AEK7: =SUM(AEK8+AEK12+AEK17) -> 0 | AEL7: =SUM(AEL8+AEL12+AEL17) -> 0 | AEM7: =SUM(AEM8+AEM12+AEM17) -> 0 | AEN7: =SUM(AEN8+AEN12+AEN17) -> 0 | ... AET7: =SUM(AET8+AET12+AET17) -> 0 | AEV7: =SUM(AEV8+AEV12+AEV17) -> 0 | AEW7: =SUM(AEW8+AEW12+AEW17) -> 0 | AEX7: =SUM(AEX8+AEX12+AEX17) -> 0 | AEY7: =SUM(AEY8+AEY12+AEY17) -> 0 | AEZ7: =SUM(AEZ8+AEZ12+AEZ17) -> 0 | AFA7: =SUM(AFA8+AFA12+AFA17) -> 0 | AFB7: =SUM(AFB8+AFB12+AFB17) -> 0 | AFC7: =SUM(AFC8+AFC12+AFC17) -> 0 | ... AFI7: =SUM(AFI8+AFI12+AFI17) -> 0 | AFK7: =SUM(AFK8+AFK12+AFK17) -> 0 | AFL7: =SUM(AFL8+AFL12+AFL17) -> 0 | AFM7: =SUM(AFM8+AFM12+AFM17) -> 0 | AFN7: =SUM(AFN8+AFN12+AFN17) -> 0 | AFO7: =SUM(AFO8+AFO12+AFO17) -> 0 | AFP7: =SUM(AFP8+AFP12+AFP17) -> 0 | AFQ7: =SUM(AFQ8+AFQ12+AFQ17) -> 0 | AFR7: =SUM(AFR8+AFR12+AFR17) -> 0 | ... AFX7: =SUM(AFX8+AFX12+AFX17) -> 0 | AFZ7: =SUM(AFZ8+AFZ12+AFZ17) -> 0 | AGA7: =SUM(AGA8+AGA12+AGA17) -> 0 | AGB7: =SUM(AGB8+AGB12+AGB17) -> 0 | AGC7: =SUM(AGC8+AGC12+AGC17) -> 0 | AGD7: =SUM(AGD8+AGD12+AGD17) -> 0 | AGE7: =SUM(AGE8+AGE12+AGE17) -> 0 | AGF7: =SUM(AGF8+AGF12+AGF17) -> 0 | AGG7: =SUM(AGG8+AGG12+AGG17) -> 0 | ... AGM7: =SUM(AGM8+AGM12+AGM17) -> 0 | AGO7: =SUM(AGO8+AGO12+AGO17) -> 0 | AGP7: =SUM(AGP8+AGP12+AGP17) -> 0 | AGQ7: =SUM(AGQ8+AGQ12+AGQ17) -> 0 | AGR7: =SUM(AGR8+AGR12+AGR17) -> 0 | AGS7: =SUM(AGS8+AGS12+AGS17) -> 0 | AGT7: =SUM(AGT8+AGT12+AGT17) -> 0 | AGU7: =SUM(AGU8+AGU12+AGU17) -> 0 | AGV7: =SUM(AGV8+AGV12+AGV17) -> 0 | ... AHB7: =SUM(AHB8+AHB12+AHB17) -> 0 | AHD7: =SUM(AHD8+AHD12+AHD17) -> 0 | AHE7: =SUM(AHE8+AHE12+AHE17) -> 0 | AHF7: =SUM(AHF8+AHF12+AHF17) -> 0 | AHG7: =SUM(AHG8+AHG12+AHG17) -> 0 | AHH7: =SUM(AHH8+AHH12+AHH17) -> 0 | AHI7: =SUM(AHI8+AHI12+AHI17) -> 0 | AHJ7: =SUM(AHJ8+AHJ12+AHJ17) -> 0 | AHK7: =SUM(AHK8+AHK12+AHK17) -> 0 | ... AHQ7: =SUM(AHQ8+AHQ12+AHQ17) -> 0 | AHS7: =SUM(AHS8+AHS12+AHS17) -> 0 | AHT7: =SUM(AHT8+AHT12+AHT17) -> 0 | AHU7: =SUM(AHU8+AHU12+AHU17) -> 0 | AHV7: =SUM(AHV8+AHV12+AHV17) -> 0 | AHW7: =SUM(AHW8+AHW12+AHW17) -> 0 | AHX7: =SUM(AHX8+AHX12+AHX17) -> 0 | AHY7: =SUM(AHY8+AHY12+AHY17) -> 0 | AHZ7: =SUM(AHZ8+AHZ12+AHZ17) -> 0 | ... AIF7: =SUM(AIF8+AIF12+AIF17) -> 0 | AIH7: =SUM(AIH8+AIH12+AIH17) -> 0 | AII7: =SUM(AII8+AII12+AII17) -> 0 | AIJ7: =SUM(AIJ8+AIJ12+AIJ17) -> 0 | AIK7: =SUM(AIK8+AIK12+AIK17) -> 0 | AIL7: =SUM(AIL8+AIL12+AIL17) -> 0 | AIM7: =SUM(AIM8+AIM12+AIM17) -> 0 | AIN7: =SUM(AIN8+AIN12+AIN17) -> 0 | AIO7: =SUM(AIO8+AIO12+AIO17) -> 0 | ... AIU7: =SUM(AIU8+AIU12+AIU17) -> 0 | AIW7: =SUM(AIW8+AIW12+AIW17) -> 0 | AIX7: =SUM(AIX8+AIX12+AIX17) -> 0 | AIY7: =SUM(AIY8+AIY12+AIY17) -> 0 | AIZ7: =SUM(AIZ8+AIZ12+AIZ17) -> 0 | AJA7: =SUM(AJA8+AJA12+AJA17) -> 0 | AJB7: =SUM(AJB8+AJB12+AJB17) -> 0 | AJC7: =SUM(AJC8+AJC12+AJC17) -> 0 | AJD7: =SUM(AJD8+AJD12+AJD17) -> 0 | ... AJJ7: =SUM(AJJ8+AJJ12+AJJ17) -> 0 | AJL7: =SUM(AJL8+AJL12+AJL17) -> 0 | AJM7: =SUM(AJM8+AJM12+AJM17) -> 0 | AJN7: =SUM(AJN8+AJN12+AJN17) -> 0 | AJO7: =SUM(AJO8+AJO12+AJO17) -> 0 | AJP7: =SUM(AJP8+AJP12+AJP17) -> 0 | AJQ7: =SUM(AJQ8+AJQ12+AJQ17) -> 0 | AJR7: =SUM(AJR8+AJR12+AJR17) -> 0 | AJS7: =SUM(AJS8+AJS12+AJS17) -> 0 | ... AJY7: =SUM(AJY8+AJY12+AJY17) -> 0 | AKA7: =SUM(AKA8+AKA12+AKA17) -> 0 | AKB7: =SUM(AKB8+AKB12+AKB17) -> 0 | AKC7: =SUM(AKC8+AKC12+AKC17) -> 0 | AKD7: =SUM(AKD8+AKD12+AKD17) -> 0 | AKE7: =SUM(AKE8+AKE12+AKE17) -> 0 | AKF7: =SUM(AKF8+AKF12+AKF17) -> 0 | AKG7: =SUM(AKG8+AKG12+AKG17) -> 0 | AKH7: =SUM(AKH8+AKH12+AKH17) -> 0 | ... AKN7: =SUM(AKN8+AKN12+AKN17) -> 0 | AKP7: =SUM(AKP8+AKP12+AKP17) -> 0 | AKQ7: =SUM(AKQ8+AKQ12+AKQ17) -> 0 | AKR7: =SUM(AKR8+AKR12+AKR17) -> 0 | AKS7: =SUM(AKS8+AKS12+AKS17) -> 0 | AKT7: =SUM(AKT8+AKT12+AKT17) -> 0 | AKU7: =SUM(AKU8+AKU12+AKU17) -> 0 | AKV7: =SUM(AKV8+AKV12+AKV17) -> 0 | AKW7: =SUM(AKW8+AKW12+AKW17) -> 0 | ... ALC7: =SUM(ALC8+ALC12+ALC17) -> 0 | ALE7: =SUM(ALE8+ALE12+ALE17) -> 0 | ALF7: =SUM(ALF8+ALF12+ALF17) -> 0 | ALG7: =SUM(ALG8+ALG12+ALG17) -> 0 | ALH7: =SUM(ALH8+ALH12+ALH17) -> 0 | ALI7: =SUM(ALI8+ALI12+ALI17) -> 0 | ALJ7: =SUM(ALJ8+ALJ12+ALJ17) -> 0 | ALK7: =SUM(ALK8+ALK12+ALK17) -> 0 | ALL7: =SUM(ALL8+ALL12+ALL17) -> 0 | ... ALR7: =SUM(ALR8+ALR12+ALR17) -> 0 | ALT7: =SUM(ALT8+ALT12+ALT17) -> 0 | ALU7: =SUM(ALU8+ALU12+ALU17) -> 0 | ALV7: =SUM(ALV8+ALV12+ALV17) -> 0 | ALW7: =SUM(ALW8+ALW12+ALW17) -> 0 | ALX7: =SUM(ALX8+ALX12+ALX17) -> 0 | ALY7: =SUM(ALY8+ALY12+ALY17) -> 0 | ALZ7: =SUM(ALZ8+ALZ12+ALZ17) -> 0 | AMA7: =SUM(AMA8+AMA12+AMA17) -> 0 | ... AMG7: =SUM(AMG8+AMG12+AMG17) -> 0 | AMI7: =SUM(AMI8+AMI12+AMI17) -> 0 | AMJ7: =SUM(AMJ8+AMJ12+AMJ17) -> 0 | AMK7: =SUM(AMK8+AMK12+AMK17) -> 0 | AML7: =SUM(AML8+AML12+AML17) -> 0 | AMM7: =SUM(AMM8+AMM12+AMM17) -> 0 | AMN7: =SUM(AMN8+AMN12+AMN17) -> 0 | AMO7: =SUM(AMO8+AMO12+AMO17) -> 0 | AMP7: =SUM(AMP8+AMP12+AMP17) -> 0 | ... AMV7: =SUM(AMV8+AMV12+AMV17) -> 0 | AMX7: =SUM(AMX8+AMX12+AMX17) -> 0 | AMY7: =SUM(AMY8+AMY12+AMY17) -> 0 | AMZ7: =SUM(AMZ8+AMZ12+AMZ17) -> 0 | ANA7: =SUM(ANA8+ANA12+ANA17) -> 0 | ANB7: =SUM(ANB8+ANB12+ANB17) -> 0 | ANC7: =SUM(ANC8+ANC12+ANC17) -> 0 | AND7: =SUM(AND8+AND12+AND17) -> 0 | ANE7: =SUM(ANE8+ANE12+ANE17) -> 0 | ... ANK7: =SUM(ANK8+ANK12+ANK17) -> 0 | ANM7: =SUM(ANM8+ANM12+ANM17) -> 0 | ANN7: =SUM(ANN8+ANN12+ANN17) -> 0 | ANO7: =SUM(ANO8+ANO12+ANO17) -> 0 | ANP7: =SUM(ANP8+ANP12+ANP17) -> 0 | ANQ7: =SUM(ANQ8+ANQ12+ANQ17) -> 0 | ANR7: =SUM(ANR8+ANR12+ANR17) -> 0 | ANS7: =SUM(ANS8+ANS12+ANS17) -> 0 | ANT7: =SUM(ANT8+ANT12+ANT17) -> 0 | ... ANZ7: =SUM(ANZ8+ANZ12+ANZ17) -> 0 | AOB7: =SUM(AOB8+AOB12+AOB17) -> 0 | AOC7: =SUM(AOC8+AOC12+AOC17) -> 0 | AOD7: =SUM(AOD8+AOD12+AOD17) -> 0 | AOE7: =SUM(AOE8+AOE12+AOE17) -> 0 | AOF7: =SUM(AOF8+AOF12+AOF17) -> 0 | AOG7: =SUM(AOG8+AOG12+AOG17) -> 0 | AOH7: =SUM(AOH8+AOH12+AOH17) -> 0 | AOI7: =SUM(AOI8+AOI12+AOI17) -> 0 | ... AOO7: =SUM(AOO8+AOO12+AOO17) -> 0 | AOQ7: =SUM(AOQ8+AOQ12+AOQ17) -> 0 | AOR7: =SUM(AOR8+AOR12+AOR17) -> 0 | AOS7: =SUM(AOS8+AOS12+AOS17) -> 0 | AOT7: =SUM(AOT8+AOT12+AOT17) -> 0 | AOU7: =SUM(AOU8+AOU12+AOU17) -> 0 | AOV7: =SUM(AOV8+AOV12+AOV17) -> 0 | AOW7: =SUM(AOW8+AOW12+AOW17) -> 0 | AOX7: =SUM(AOX8+AOX12+AOX17) -> 0 | ... APD7: =SUM(APD8+APD12+APD17) -> 0 | APF7: =SUM(APF8+APF12+APF17) -> 0 | APG7: =SUM(APG8+APG12+APG17) -> 0 | APH7: =SUM(APH8+APH12+APH17) -> 0 | API7: =SUM(API8+API12+API17) -> 0 | APJ7: =SUM(APJ8+APJ12+APJ17) -> 0 | APK7: =SUM(APK8+APK12+APK17) -> 0 | APL7: =SUM(APL8+APL12+APL17) -> 0 | APM7: =SUM(APM8+APM12+APM17) -> 0 | ... APS7: =SUM(APS8+APS12+APS17) -> 0 | APU7: =SUM(APU8+APU12+APU17) -> 0 | APV7: =SUM(APV8+APV12+APV17) -> 0 | APW7: =SUM(APW8+APW12+APW17) -> 0 | APX7: =SUM(APX8+APX12+APX17) -> 0 | APY7: =SUM(APY8+APY12+APY17) -> 0 | APZ7: =SUM(APZ8+APZ12+APZ17) -> 0 | AQA7: =SUM(AQA8+AQA12+AQA17) -> 0 | AQB7: =SUM(AQB8+AQB12+AQB17) -> 0 | ... AQH7: =SUM(AQH8+AQH12+AQH17) -> 0 | AQJ7: =SUM(AQJ8+AQJ12+AQJ17) -> 0 | AQK7: =SUM(AQK8+AQK12+AQK17) -> 0 | AQL7: =SUM(AQL8+AQL12+AQL17) -> 0 | AQM7: =SUM(AQM8+AQM12+AQM17) -> 0 | AQN7: =SUM(AQN8+AQN12+AQN17) -> 0 | AQO7: =SUM(AQO8+AQO12+AQO17) -> 0 | AQP7: =SUM(AQP8+AQP12+AQP17) -> 0 | AQQ7: =SUM(AQQ8+AQQ12+AQQ17) -> 0 | ... AQW7: =SUM(AQW8+AQW12+AQW17) -> 0 | AQY7: =SUM(AQY8+AQY12+AQY17) -> 0 | AQZ7: =SUM(AQZ8+AQZ12+AQZ17) -> 0 | ARA7: =SUM(ARA8+ARA12+ARA17) -> 0 | ARB7: =SUM(ARB8+ARB12+ARB17) -> 0 | ARC7: =SUM(ARC8+ARC12+ARC17) -> 0 | ARD7: =SUM(ARD8+ARD12+ARD17) -> 0 | ARE7: =SUM(ARE8+ARE12+ARE17) -> 0 | ARF7: =SUM(ARF8+ARF12+ARF17) -> 0 | ... ARL7: =SUM(ARL8+ARL12+ARL17) -> 0 | ARN7: =SUM(ARN8+ARN12+ARN17) -> 0 | ARO7: =SUM(ARO8+ARO12+ARO17) -> 0 | ARP7: =SUM(ARP8+ARP12+ARP17) -> 0 | ARQ7: =SUM(ARQ8+ARQ12+ARQ17) -> 0 | ARR7: =SUM(ARR8+ARR12+ARR17) -> 0 | ARS7: =SUM(ARS8+ARS12+ARS17) -> 0 | ART7: =SUM(ART8+ART12+ART17) -> 0 | ARU7: =SUM(ARU8+ARU12+ARU17) -> 0 | ... ASA7: =SUM(ASA8+ASA12+ASA17) -> 0 | ASC7: =SUM(ASC8+ASC12+ASC17) -> 0 | ASD7: =SUM(ASD8+ASD12+ASD17) -> 0 | ASE7: =SUM(ASE8+ASE12+ASE17) -> 0 | ASF7: =SUM(ASF8+ASF12+ASF17) -> 0 | ASG7: =SUM(ASG8+ASG12+ASG17) -> 0 | ASH7: =SUM(ASH8+ASH12+ASH17) -> 0 | ASI7: =SUM(ASI8+ASI12+ASI17) -> 0 | ASJ7: =SUM(ASJ8+ASJ12+ASJ17) -> 0 | ... ASP7: =SUM(ASP8+ASP12+ASP17) -> 0 | ASR7: =SUM(ASR8+ASR12+ASR17) -> 0 | ASS7: =SUM(ASS8+ASS12+ASS17) -> 0 | AST7: =SUM(AST8+AST12+AST17) -> 0 | ASU7: =SUM(ASU8+ASU12+ASU17) -> 0 | ASV7: =SUM(ASV8+ASV12+ASV17) -> 0 | ASW7: =SUM(ASW8+ASW12+ASW17) -> 0 | ASX7: =SUM(ASX8+ASX12+ASX17) -> 0 | ASY7: =SUM(ASY8+ASY12+ASY17) -> 0 | ... ATE7: =SUM(ATE8+ATE12+ATE17) -> 0 | ATG7: =SUM(ATG8+ATG12+ATG17) -> 0 | ATH7: =SUM(ATH8+ATH12+ATH17) -> 0 | ATI7: =SUM(ATI8+ATI12+ATI17) -> 0 | ATJ7: =SUM(ATJ8+ATJ12+ATJ17) -> 0 | ATK7: =SUM(ATK8+ATK12+ATK17) -> 0 | ATL7: =SUM(ATL8+ATL12+ATL17) -> 0 | ATM7: =SUM(ATM8+ATM12+ATM17) -> 0 | ATN7: =SUM(ATN8+ATN12+ATN17) -> 0 | ... ATT7: =SUM(ATT8+ATT12+ATT17) -> 0 | ATV7: =SUM(ATV8+ATV12+ATV17) -> 0 | ATW7: =SUM(ATW8+ATW12+ATW17) -> 0 | ATX7: =SUM(ATX8+ATX12+ATX17) -> 0 | ATY7: =SUM(ATY8+ATY12+ATY17) -> 0 | ATZ7: =SUM(ATZ8+ATZ12+ATZ17) -> 0 | AUA7: =SUM(AUA8+AUA12+AUA17) -> 0 | AUB7: =SUM(AUB8+AUB12+AUB17) -> 0 | AUC7: =SUM(AUC8+AUC12+AUC17) -> 0 | ... AUI7: =SUM(AUI8+AUI12+AUI17) -> 0 | AUK7: =SUM(AUK8+AUK12+AUK17) -> 0 | AUL7: =SUM(AUL8+AUL12+AUL17) -> 0 | AUM7: =SUM(AUM8+AUM12+AUM17) -> 0 | AUN7: =SUM(AUN8+AUN12+AUN17) -> 0 | AUO7: =SUM(AUO8+AUO12+AUO17) -> 0 | AUP7: =SUM(AUP8+AUP12+AUP17) -> 0 | AUQ7: =SUM(AUQ8+AUQ12+AUQ17) -> 0 | AUR7: =SUM(AUR8+AUR12+AUR17) -> 0 | ... AUX7: =SUM(AUX8+AUX12+AUX17) -> 0 | AUZ7: =SUM(AUZ8+AUZ12+AUZ17) -> 0 | AVA7: =SUM(AVA8+AVA12+AVA17) -> 0 | AVB7: =SUM(AVB8+AVB12+AVB17) -> 0 | AVC7: =SUM(AVC8+AVC12+AVC17) -> 0 | AVD7: =SUM(AVD8+AVD12+AVD17) -> 0 | AVE7: =SUM(AVE8+AVE12+AVE17) -> 0 | AVF7: =SUM(AVF8+AVF12+AVF17) -> 0 | AVG7: =SUM(AVG8+AVG12+AVG17) -> 0 | ... AVM7: =SUM(AVM8+AVM12+AVM17) -> 0 | AVO7: =SUM(AVO8+AVO12+AVO17) -> 0 | AVP7: =SUM(AVP8+AVP12+AVP17) -> 0 | AVQ7: =SUM(AVQ8+AVQ12+AVQ17) -> 0 | AVR7: =SUM(AVR8+AVR12+AVR17) -> 0 | AVS7: =SUM(AVS8+AVS12+AVS17) -> 0 | AVT7: =SUM(AVT8+AVT12+AVT17) -> 0 | AVU7: =SUM(AVU8+AVU12+AVU17) -> 0 | AVV7: =SUM(AVV8+AVV12+AVV17) -> 0 | ... AWB7: =SUM(AWB8+AWB12+AWB17) -> 0 | AWD7: =SUM(AWD8+AWD12+AWD17) -> 0 | AWE7: =SUM(AWE8+AWE12+AWE17) -> 0 | AWF7: =SUM(AWF8+AWF12+AWF17) -> 0 | AWG7: =SUM(AWG8+AWG12+AWG17) -> 0 | AWH7: =SUM(AWH8+AWH12+AWH17) -> 0 | AWI7: =SUM(AWI8+AWI12+AWI17) -> 0 | AWJ7: =SUM(AWJ8+AWJ12+AWJ17) -> 0 | AWK7: =SUM(AWK8+AWK12+AWK17) -> 0 | ... AWQ7: =SUM(AWQ8+AWQ12+AWQ17) -> 0 | AWS7: =SUM(AWS8+AWS12+AWS17) -> 0 | AWT7: =SUM(AWT8+AWT12+AWT17) -> 0 | AWU7: =SUM(AWU8+AWU12+AWU17) -> 0 | AWV7: =SUM(AWV8+AWV12+AWV17) -> 0 | AWW7: =SUM(AWW8+AWW12+AWW17) -> 0 | AWX7: =SUM(AWX8+AWX12+AWX17) -> 0 | AWY7: =SUM(AWY8+AWY12+AWY17) -> 0 | AWZ7: =SUM(AWZ8+AWZ12+AWZ17) -> 0 | ... AXF7: =SUM(AXF8+AXF12+AXF17) -> 0 | AXH7: =SUM(AXH8+AXH12+AXH17) -> 0 | AXI7: =SUM(AXI8+AXI12+AXI17) -> 0 | AXJ7: =SUM(AXJ8+AXJ12+AXJ17) -> 0 | AXK7: =SUM(AXK8+AXK12+AXK17) -> 0 | AXL7: =SUM(AXL8+AXL12+AXL17) -> 0 | AXM7: =SUM(AXM8+AXM12+AXM17) -> 0 | AXN7: =SUM(AXN8+AXN12+AXN17) -> 0 | AXO7: =SUM(AXO8+AXO12+AXO17) -> 0 | ... AXU7: =SUM(AXU8+AXU12+AXU17) -> 0 | AXW7: =SUM(AXW8+AXW12+AXW17) -> 0 | AXX7: =SUM(AXX8+AXX12+AXX17) -> 0 | AXY7: =SUM(AXY8+AXY12+AXY17) -> 0 | AXZ7: =SUM(AXZ8+AXZ12+AXZ17) -> 0 | AYA7: =SUM(AYA8+AYA12+AYA17) -> 0 | AYB7: =SUM(AYB8+AYB12+AYB17) -> 0 | AYC7: =SUM(AYC8+AYC12+AYC17) -> 0 | AYD7: =SUM(AYD8+AYD12+AYD17) -> 0 | ... AYJ7: =SUM(AYJ8+AYJ12+AYJ17) -> 0 | AYL7: =SUM(AYL8+AYL12+AYL17) -> 0 | AYM7: =SUM(AYM8+AYM12+AYM17) -> 0 | AYN7: =SUM(AYN8+AYN12+AYN17) -> 0 | AYO7: =SUM(AYO8+AYO12+AYO17) -> 0 | AYP7: =SUM(AYP8+AYP12+AYP17) -> 0 | AYQ7: =SUM(AYQ8+AYQ12+AYQ17) -> 0 | AYR7: =SUM(AYR8+AYR12+AYR17) -> 0 | AYS7: =SUM(AYS8+AYS12+AYS17) -> 0 | ... AYY7: =SUM(AYY8+AYY12+AYY17) -> 0 | AZA7: =SUM(AZA8+AZA12+AZA17) -> 0 | AZB7: =SUM(AZB8+AZB12+AZB17) -> 0 | AZC7: =SUM(AZC8+AZC12+AZC17) -> 0 | AZD7: =SUM(AZD8+AZD12+AZD17) -> 0 | AZE7: =SUM(AZE8+AZE12+AZE17) -> 0 | AZF7: =SUM(AZF8+AZF12+AZF17) -> 0 | AZG7: =SUM(AZG8+AZG12+AZG17) -> 0 | AZH7: =SUM(AZH8+AZH12+AZH17) -> 0 | ... AZN7: =SUM(AZN8+AZN12+AZN17) -> 0 | AZP7: =SUM(AZP8+AZP12+AZP17) -> 0 | AZQ7: =SUM(AZQ8+AZQ12+AZQ17) -> 0 | AZR7: =SUM(AZR8+AZR12+AZR17) -> 0 | AZS7: =SUM(AZS8+AZS12+AZS17) -> 0 | AZT7: =SUM(AZT8+AZT12+AZT17) -> 0 | AZU7: =SUM(AZU8+AZU12+AZU17) -> 0 | AZV7: =SUM(AZV8+AZV12+AZV17) -> 0 | AZW7: =SUM(AZW8+AZW12+AZW17) -> 0 | ... BAC7: =SUM(BAC8+BAC12+BAC17) -> 0 | BAE7: =SUM(BAE8+BAE12+BAE17) -> 0 | BAF7: =SUM(BAF8+BAF12+BAF17) -> 0 | BAG7: =SUM(BAG8+BAG12+BAG17) -> 0 | BAH7: =SUM(BAH8+BAH12+BAH17) -> 0 | BAI7: =SUM(BAI8+BAI12+BAI17) -> 0 | BAJ7: =SUM(BAJ8+BAJ12+BAJ17) -> 0 | BAK7: =SUM(BAK8+BAK12+BAK17) -> 0 | BAL7: =SUM(BAL8+BAL12+BAL17) -> 0 | ... BAR7: =SUM(BAR8+BAR12+BAR17) -> 0 | BAT7: =SUM(BAT8+BAT12+BAT17) -> 0 | BAU7: =SUM(BAU8+BAU12+BAU17) -> 0 | BAV7: =SUM(BAV8+BAV12+BAV17) -> 0 | BAW7: =SUM(BAW8+BAW12+BAW17) -> 0 | BAX7: =SUM(BAX8+BAX12+BAX17) -> 0 | BAY7: =SUM(BAY8+BAY12+BAY17) -> 0 | BAZ7: =SUM(BAZ8+BAZ12+BAZ17) -> 0 | BBA7: =SUM(BBA8+BBA12+BBA17) -> 0 | ... BBG7: =SUM(BBG8+BBG12+BBG17) -> 0 | BBI7: =SUM(BBI8+BBI12+BBI17) -> 0 | BBJ7: =SUM(BBJ8+BBJ12+BBJ17) -> 0 | BBK7: =SUM(BBK8+BBK12+BBK17) -> 0 | BBL7: =SUM(BBL8+BBL12+BBL17) -> 0 | BBM7: =SUM(BBM8+BBM12+BBM17) -> 0 | BBN7: =SUM(BBN8+BBN12+BBN17) -> 0 | BBO7: =SUM(BBO8+BBO12+BBO17) -> 0 | BBP7: =SUM(BBP8+BBP12+BBP17) -> 0 | ... BBV7: =SUM(BBV8+BBV12+BBV17) -> 0 | BBX7: =SUM(BBX8+BBX12+BBX17) -> 0 | BBY7: =SUM(BBY8+BBY12+BBY17) -> 0 | BBZ7: =SUM(BBZ8+BBZ12+BBZ17) -> 0 | BCA7: =SUM(BCA8+BCA12+BCA17) -> 0 | BCB7: =SUM(BCB8+BCB12+BCB17) -> 0 | BCC7: =SUM(BCC8+BCC12+BCC17) -> 0 | BCD7: =SUM(BCD8+BCD12+BCD17) -> 0 | BCE7: =SUM(BCE8+BCE12+BCE17) -> 0 | ... BCK7: =SUM(BCK8+BCK12+BCK17) -> 0 | BCM7: =SUM(BCM8+BCM12+BCM17) -> 0 | BCN7: =SUM(BCN8+BCN12+BCN17) -> 0 | BCO7: =SUM(BCO8+BCO12+BCO17) -> 0 | BCP7: =SUM(BCP8+BCP12+BCP17) -> 0 | BCQ7: =SUM(BCQ8+BCQ12+BCQ17) -> 0 | BCR7: =SUM(BCR8+BCR12+BCR17) -> 0 | BCS7: =SUM(BCS8+BCS12+BCS17) -> 0 | BCT7: =SUM(BCT8+BCT12+BCT17) -> 0 | ... BCZ7: =SUM(BCZ8+BCZ12+BCZ17) -> 0 | BDB7: =SUM(BDB8+BDB12+BDB17) -> 0 | BDC7: =SUM(BDC8+BDC12+BDC17) -> 0 | BDD7: =SUM(BDD8+BDD12+BDD17) -> 0 | BDE7: =SUM(BDE8+BDE12+BDE17) -> 0 | BDF7: =SUM(BDF8+BDF12+BDF17) -> 0 | BDG7: =SUM(BDG8+BDG12+BDG17) -> 0 | BDH7: =SUM(BDH8+BDH12+BDH17) -> 0 | BDI7: =SUM(BDI8+BDI12+BDI17) -> 0 | ... BDO7: =SUM(BDO8+BDO12+BDO17) -> 0 | BDQ7: =SUM(BDQ8+BDQ12+BDQ17) -> 0 | BDR7: =SUM(BDR8+BDR12+BDR17) -> 0 | BDS7: =SUM(BDS8+BDS12+BDS17) -> 0 | BDT7: =SUM(BDT8+BDT12+BDT17) -> 0 | BDU7: =SUM(BDU8+BDU12+BDU17) -> 0 | BDV7: =SUM(BDV8+BDV12+BDV17) -> 0 | BDW7: =SUM(BDW8+BDW12+BDW17) -> 0 | BDX7: =SUM(BDX8+BDX12+BDX17) -> 0 | ... BED7: =SUM(BED8+BED12+BED17) -> 0 | BEF7: =SUM(BEF8+BEF12+BEF17) -> 0 | BEG7: =SUM(BEG8+BEG12+BEG17) -> 0 | BEH7: =SUM(BEH8+BEH12+BEH17) -> 0 | BEI7: =SUM(BEI8+BEI12+BEI17) -> 0 | BEJ7: =SUM(BEJ8+BEJ12+BEJ17) -> 0 | BEK7: =SUM(BEK8+BEK12+BEK17) -> 0 | BEL7: =SUM(BEL8+BEL12+BEL17) -> 0 | BEM7: =SUM(BEM8+BEM12+BEM17) -> 0 | ... BES7: =SUM(BES8+BES12+BES17) -> 0 | BEU7: =SUM(BEU8+BEU12+BEU17) -> 0 | BEV7: =SUM(BEV8+BEV12+BEV17) -> 0 | BEW7: =SUM(BEW8+BEW12+BEW17) -> 0 | BEX7: =SUM(BEX8+BEX12+BEX17) -> 0 | BEY7: =SUM(BEY8+BEY12+BEY17) -> 0 | BEZ7: =SUM(BEZ8+BEZ12+BEZ17) -> 0 | BFA7: =SUM(BFA8+BFA12+BFA17) -> 0 | BFB7: =SUM(BFB8+BFB12+BFB17) -> 0 | ... BFH7: =SUM(BFH8+BFH12+BFH17) -> 0 | BFJ7: =SUM(BFJ8+BFJ12+BFJ17) -> 0 | BFK7: =SUM(BFK8+BFK12+BFK17) -> 0 | BFL7: =SUM(BFL8+BFL12+BFL17) -> 0 | BFM7: =SUM(BFM8+BFM12+BFM17) -> 0 | BFN7: =SUM(BFN8+BFN12+BFN17) -> 0 | BFO7: =SUM(BFO8+BFO12+BFO17) -> 0 | BFP7: =SUM(BFP8+BFP12+BFP17) -> 0 | BFQ7: =SUM(BFQ8+BFQ12+BFQ17) -> 0 | ... BFW7: =SUM(BFW8+BFW12+BFW17) -> 0 | BFY7: =SUM(BFY8+BFY12+BFY17) -> 0 | BFZ7: =SUM(BFZ8+BFZ12+BFZ17) -> 0 | BGA7: =SUM(BGA8+BGA12+BGA17) -> 0 | BGB7: =SUM(BGB8+BGB12+BGB17) -> 0 | BGC7: =SUM(BGC8+BGC12+BGC17) -> 0 | BGD7: =SUM(BGD8+BGD12+BGD17) -> 0 | BGE7: =SUM(BGE8+BGE12+BGE17) -> 0 | BGF7: =SUM(BGF8+BGF12+BGF17) -> 0 | ... BGL7: =SUM(BGL8+BGL12+BGL17) -> 0 | BGN7: =SUM(BGN8+BGN12+BGN17) -> 0 | BGO7: =SUM(BGO8+BGO12+BGO17) -> 0 | BGP7: =SUM(BGP8+BGP12+BGP17) -> 0 | BGQ7: =SUM(BGQ8+BGQ12+BGQ17) -> 0 | BGR7: =SUM(BGR8+BGR12+BGR17) -> 0 | BGS7: =SUM(BGS8+BGS12+BGS17) -> 0 | BGT7: =SUM(BGT8+BGT12+BGT17) -> 0 | BGU7: =SUM(BGU8+BGU12+BGU17) -> 0 | ... BHA7: =SUM(BHA8+BHA12+BHA17) -> 0 | BHC7: =SUM(BHC8+BHC12+BHC17) -> 0 | BHD7: =SUM(BHD8+BHD12+BHD17) -> 0 | BHE7: =SUM(BHE8+BHE12+BHE17) -> 0 | BHF7: =SUM(BHF8+BHF12+BHF17) -> 0 | BHG7: =SUM(BHG8+BHG12+BHG17) -> 0 | BHH7: =SUM(BHH8+BHH12+BHH17) -> 0 | BHI7: =SUM(BHI8+BHI12+BHI17) -> 0 | BHJ7: =SUM(BHJ8+BHJ12+BHJ17) -> 0 | ... BHP7: =SUM(BHP8+BHP12+BHP17) -> 0 | BHR7: =SUM(BHR8+BHR12+BHR17) -> 0 | BHS7: =SUM(BHS8+BHS12+BHS17) -> 0 | BHT7: =SUM(BHT8+BHT12+BHT17) -> 0 | BHU7: =SUM(BHU8+BHU12+BHU17) -> 0 | BHV7: =SUM(BHV8+BHV12+BHV17) -> 0 | BHW7: =SUM(BHW8+BHW12+BHW17) -> 0 | BHX7: =SUM(BHX8+BHX12+BHX17) -> 0 | BHY7: =SUM(BHY8+BHY12+BHY17) -> 0 | ... BIE7: =SUM(BIE8+BIE12+BIE17) -> 0 | BIG7: =SUM(BIG8+BIG12+BIG17) -> 0 | BIH7: =SUM(BIH8+BIH12+BIH17) -> 0 | BII7: =SUM(BII8+BII12+BII17) -> 0 | BIJ7: =SUM(BIJ8+BIJ12+BIJ17) -> 0 | BIK7: =SUM(BIK8+BIK12+BIK17) -> 0 | BIL7: =SUM(BIL8+BIL12+BIL17) -> 0 | BIM7: =SUM(BIM8+BIM12+BIM17) -> 0 | BIN7: =SUM(BIN8+BIN12+BIN17) -> 0 | ... BIT7: =SUM(BIT8+BIT12+BIT17) -> 0 | BIV7: =SUM(BIV8+BIV12+BIV17) -> 0 | BIW7: =SUM(BIW8+BIW12+BIW17) -> 0 | BIX7: =SUM(BIX8+BIX12+BIX17) -> 0 | BIY7: =SUM(BIY8+BIY12+BIY17) -> 0 | BIZ7: =SUM(BIZ8+BIZ12+BIZ17) -> 0 | BJA7: =SUM(BJA8+BJA12+BJA17) -> 0 | BJB7: =SUM(BJB8+BJB12+BJB17) -> 0 | BJC7: =SUM(BJC8+BJC12+BJC17) -> 0 | ... BJI7: =SUM(BJI8+BJI12+BJI17) -> 0 | BJK7: =SUM(BJK8+BJK12+BJK17) -> 0 | BJL7: =SUM(BJL8+BJL12+BJL17) -> 0 | BJM7: =SUM(BJM8+BJM12+BJM17) -> 0 | BJN7: =SUM(BJN8+BJN12+BJN17) -> 0 | BJO7: =SUM(BJO8+BJO12+BJO17) -> 0 | BJP7: =SUM(BJP8+BJP12+BJP17) -> 0 | BJQ7: =SUM(BJQ8+BJQ12+BJQ17) -> 0 | BJR7: =SUM(BJR8+BJR12+BJR17) -> 0 | ... BJX7: =SUM(BJX8+BJX12+BJX17) -> 0 | BJZ7: =SUM(BJZ8+BJZ12+BJZ17) -> 0 | BKA7: =SUM(BKA8+BKA12+BKA17) -> 0 | BKB7: =SUM(BKB8+BKB12+BKB17) -> 0 | BKC7: =SUM(BKC8+BKC12+BKC17) -> 0 | BKD7: =SUM(BKD8+BKD12+BKD17) -> 0 | BKE7: =SUM(BKE8+BKE12+BKE17) -> 0 | BKF7: =SUM(BKF8+BKF12+BKF17) -> 0 | BKG7: =SUM(BKG8+BKG12+BKG17) -> 0 | ... BKM7: =SUM(BKM8+BKM12+BKM17) -> 0 | BKO7: =SUM(BKO8+BKO12+BKO17) -> 0 | BKP7: =SUM(BKP8+BKP12+BKP17) -> 0 | BKQ7: =SUM(BKQ8+BKQ12+BKQ17) -> 0 | BKR7: =SUM(BKR8+BKR12+BKR17) -> 0 | BKS7: =SUM(BKS8+BKS12+BKS17) -> 0 | BKT7: =SUM(BKT8+BKT12+BKT17) -> 0 | BKU7: =SUM(BKU8+BKU12+BKU17) -> 0 | BKV7: =SUM(BKV8+BKV12+BKV17) -> 0 | ... BLB7: =SUM(BLB8+BLB12+BLB17) -> 0 | BLD7: =SUM(BLD8+BLD12+BLD17) -> 0 | BLE7: =SUM(BLE8+BLE12+BLE17) -> 0 | BLF7: =SUM(BLF8+BLF12+BLF17) -> 0 | BLG7: =SUM(BLG8+BLG12+BLG17) -> 0 | BLH7: =SUM(BLH8+BLH12+BLH17) -> 0 | BLI7: =SUM(BLI8+BLI12+BLI17) -> 0 | BLJ7: =SUM(BLJ8+BLJ12+BLJ17) -> 0 | BLK7: =SUM(BLK8+BLK12+BLK17) -> 0 | ... BLQ7: =SUM(BLQ8+BLQ12+BLQ17) -> 0 | BLS7: =SUM(BLS8+BLS12+BLS17) -> 0 | BLT7: =SUM(BLT8+BLT12+BLT17) -> 0 | BLU7: =SUM(BLU8+BLU12+BLU17) -> 0 | BLV7: =SUM(BLV8+BLV12+BLV17) -> 0 | BLW7: =SUM(BLW8+BLW12+BLW17) -> 0 | BLX7: =SUM(BLX8+BLX12+BLX17) -> 0 | BLY7: =SUM(BLY8+BLY12+BLY17) -> 0 | BLZ7: =SUM(BLZ8+BLZ12+BLZ17) -> 0 | ... BMF7: =SUM(BMF8+BMF12+BMF17) -> 0 | BMH7: =SUM(BMH8+BMH12+BMH17) -> 0 | BMI7: =SUM(BMI8+BMI12+BMI17) -> 0 | BMJ7: =SUM(BMJ8+BMJ12+BMJ17) -> 0 | BMK7: =SUM(BMK8+BMK12+BMK17) -> 0 | BML7: =SUM(BML8+BML12+BML17) -> 0 | BMM7: =SUM(BMM8+BMM12+BMM17) -> 0 | BMN7: =SUM(BMN8+BMN12+BMN17) -> 0 | BMO7: =SUM(BMO8+BMO12+BMO17) -> 0 | ... BMU7: =SUM(BMU8+BMU12+BMU17) -> 0 | BMW7: =SUM(BMW8+BMW12+BMW17) -> 0 | BMX7: =SUM(BMX8+BMX12+BMX17) -> 0 | BMY7: =SUM(BMY8+BMY12+BMY17) -> 0 | BMZ7: =SUM(BMZ8+BMZ12+BMZ17) -> 0 | BNA7: =SUM(BNA8+BNA12+BNA17) -> 0 | BNB7: =SUM(BNB8+BNB12+BNB17) -> 0 | BNC7: =SUM(BNC8+BNC12+BNC17) -> 0 | BND7: =SUM(BND8+BND12+BND17) -> 0 | ... BNJ7: =SUM(BNJ8+BNJ12+BNJ17) -> 0 | BNL7: =SUM(BNL8+BNL12+BNL17) -> 0 | BNM7: =SUM(BNM8+BNM12+BNM17) -> 0 | BNN7: =SUM(BNN8+BNN12+BNN17) -> 0 | BNO7: =SUM(BNO8+BNO12+BNO17) -> 0 | BNP7: =SUM(BNP8+BNP12+BNP17) -> 0 | BNQ7: =SUM(BNQ8+BNQ12+BNQ17) -> 0 | BNR7: =SUM(BNR8+BNR12+BNR17) -> 0 | BNS7: =SUM(BNS8+BNS12+BNS17) -> 0 | ... BNY7: =SUM(BNY8+BNY12+BNY17) -> 0 | BOA7: =SUM(BOA8+BOA12+BOA17) -> 0 | BOB7: =SUM(BOB8+BOB12+BOB17) -> 0 | BOC7: =SUM(BOC8+BOC12+BOC17) -> 0 | BOD7: =SUM(BOD8+BOD12+BOD17) -> 0 | BOE7: =SUM(BOE8+BOE12+BOE17) -> 0 | BOF7: =SUM(BOF8+BOF12+BOF17) -> 0 | BOG7: =SUM(BOG8+BOG12+BOG17) -> 0 | BOH7: =SUM(BOH8+BOH12+BOH17) -> 0 | ... BON7: =SUM(BON8+BON12+BON17) -> 0 | BOP7: =SUM(BOP8+BOP12+BOP17) -> 0 | BOQ7: =SUM(BOQ8+BOQ12+BOQ17) -> 0 | BOR7: =SUM(BOR8+BOR12+BOR17) -> 0 | BOS7: =SUM(BOS8+BOS12+BOS17) -> 0 | BOT7: =SUM(BOT8+BOT12+BOT17) -> 0 | BOU7: =SUM(BOU8+BOU12+BOU17) -> 0 | BOV7: =SUM(BOV8+BOV12+BOV17) -> 0 | BOW7: =SUM(BOW8+BOW12+BOW17) -> 0 | ... BPC7: =SUM(BPC8+BPC12+BPC17) -> 0 | BPE7: =SUM(BPE8+BPE12+BPE17) -> 0 | BPF7: =SUM(BPF8+BPF12+BPF17) -> 0 | BPG7: =SUM(BPG8+BPG12+BPG17) -> 0 | BPH7: =SUM(BPH8+BPH12+BPH17) -> 0 | BPI7: =SUM(BPI8+BPI12+BPI17) -> 0 | BPJ7: =SUM(BPJ8+BPJ12+BPJ17) -> 0 | BPK7: =SUM(BPK8+BPK12+BPK17) -> 0 | BPL7: =SUM(BPL8+BPL12+BPL17) -> 0 | ... BPR7: =SUM(BPR8+BPR12+BPR17) -> 0 | BPT7: =SUM(BPT8+BPT12+BPT17) -> 0 | BPU7: =SUM(BPU8+BPU12+BPU17) -> 0 | BPV7: =SUM(BPV8+BPV12+BPV17) -> 0 | BPW7: =SUM(BPW8+BPW12+BPW17) -> 0 | BPX7: =SUM(BPX8+BPX12+BPX17) -> 0 | BPY7: =SUM(BPY8+BPY12+BPY17) -> 0 | BPZ7: =SUM(BPZ8+BPZ12+BPZ17) -> 0 | BQA7: =SUM(BQA8+BQA12+BQA17) -> 0 | ... BQG7: =SUM(BQG8+BQG12+BQG17) -> 0 | BQI7: =SUM(BQI8+BQI12+BQI17) -> 0 | BQJ7: =SUM(BQJ8+BQJ12+BQJ17) -> 0 | BQK7: =SUM(BQK8+BQK12+BQK17) -> 0 | BQL7: =SUM(BQL8+BQL12+BQL17) -> 0 | BQM7: =SUM(BQM8+BQM12+BQM17) -> 0 | BQN7: =SUM(BQN8+BQN12+BQN17) -> 0 | BQO7: =SUM(BQO8+BQO12+BQO17) -> 0 | BQP7: =SUM(BQP8+BQP12+BQP17) -> 0 | ... BQV7: =SUM(BQV8+BQV12+BQV17) -> 0 | BQX7: =SUM(BQX8+BQX12+BQX17) -> 0 | BQY7: =SUM(BQY8+BQY12+BQY17) -> 0 | BQZ7: =SUM(BQZ8+BQZ12+BQZ17) -> 0 | BRA7: =SUM(BRA8+BRA12+BRA17) -> 0 | BRB7: =SUM(BRB8+BRB12+BRB17) -> 0 | BRC7: =SUM(BRC8+BRC12+BRC17) -> 0 | BRD7: =SUM(BRD8+BRD12+BRD17) -> 0 | BRE7: =SUM(BRE8+BRE12+BRE17) -> 0 | ... BRK7: =SUM(BRK8+BRK12+BRK17) -> 0 | BRM7: =SUM(BRM8+BRM12+BRM17) -> 0 | BRN7: =SUM(BRN8+BRN12+BRN17) -> 0 | BRO7: =SUM(BRO8+BRO12+BRO17) -> 0 | BRP7: =SUM(BRP8+BRP12+BRP17) -> 0 | BRQ7: =SUM(BRQ8+BRQ12+BRQ17) -> 0 | BRR7: =SUM(BRR8+BRR12+BRR17) -> 0 | BRS7: =SUM(BRS8+BRS12+BRS17) -> 0 | BRT7: =SUM(BRT8+BRT12+BRT17) -> 0 | ... BRZ7: =SUM(BRZ8+BRZ12+BRZ17) -> 0 | BSB7: =SUM(BSB8+BSB12+BSB17) -> 0 | BSC7: =SUM(BSC8+BSC12+BSC17) -> 0 | BSD7: =SUM(BSD8+BSD12+BSD17) -> 0 | BSE7: =SUM(BSE8+BSE12+BSE17) -> 0 | BSF7: =SUM(BSF8+BSF12+BSF17) -> 0 | BSG7: =SUM(BSG8+BSG12+BSG17) -> 0 | BSH7: =SUM(BSH8+BSH12+BSH17) -> 0 | BSI7: =SUM(BSI8+BSI12+BSI17) -> 0 | ... BSO7: =SUM(BSO8+BSO12+BSO17) -> 0 | BSQ7: =SUM(BSQ8+BSQ12+BSQ17) -> 0 | BSR7: =SUM(BSR8+BSR12+BSR17) -> 0 | BSS7: =SUM(BSS8+BSS12+BSS17) -> 0 | BST7: =SUM(BST8+BST12+BST17) -> 0 | BSU7: =SUM(BSU8+BSU12+BSU17) -> 0 | BSV7: =SUM(BSV8+BSV12+BSV17) -> 0 | BSW7: =SUM(BSW8+BSW12+BSW17) -> 0 | BSX7: =SUM(BSX8+BSX12+BSX17) -> 0 | ... BTD7: =SUM(BTD8+BTD12+BTD17) -> 0 | BTF7: =SUM(BTF8+BTF12+BTF17) -> 0 | BTG7: =SUM(BTG8+BTG12+BTG17) -> 0 | BTH7: =SUM(BTH8+BTH12+BTH17) -> 0 | BTI7: =SUM(BTI8+BTI12+BTI17) -> 0 | BTJ7: =SUM(BTJ8+BTJ12+BTJ17) -> 0 | BTK7: =SUM(BTK8+BTK12+BTK17) -> 0 | BTL7: =SUM(BTL8+BTL12+BTL17) -> 0 | BTM7: =SUM(BTM8+BTM12+BTM17) -> 0 | ... BTS7: =SUM(BTS8+BTS12+BTS17) -> 0 | BTU7: =SUM(BTU8+BTU12+BTU17) -> 0 | BTV7: =SUM(BTV8+BTV12+BTV17) -> 0 | BTW7: =SUM(BTW8+BTW12+BTW17) -> 0 | BTX7: =SUM(BTX8+BTX12+BTX17) -> 0 | BTY7: =SUM(BTY8+BTY12+BTY17) -> 0 | BTZ7: =SUM(BTZ8+BTZ12+BTZ17) -> 0 | BUA7: =SUM(BUA8+BUA12+BUA17) -> 0 | BUB7: =SUM(BUB8+BUB12+BUB17) -> 0 | ... BUH7: =SUM(BUH8+BUH12+BUH17) -> 0 | BUJ7: =SUM(BUJ8+BUJ12+BUJ17) -> 0 | BUK7: =SUM(BUK8+BUK12+BUK17) -> 0 | BUL7: =SUM(BUL8+BUL12+BUL17) -> 0 | BUM7: =SUM(BUM8+BUM12+BUM17) -> 0 | BUN7: =SUM(BUN8+BUN12+BUN17) -> 0 | BUO7: =SUM(BUO8+BUO12+BUO17) -> 0 | BUP7: =SUM(BUP8+BUP12+BUP17) -> 0 | BUQ7: =SUM(BUQ8+BUQ12+BUQ17) -> 0 | ... BUW7: =SUM(BUW8+BUW12+BUW17) -> 0 | BUY7: =SUM(BUY8+BUY12+BUY17) -> 0 | BUZ7: =SUM(BUZ8+BUZ12+BUZ17) -> 0 | BVA7: =SUM(BVA8+BVA12+BVA17) -> 0 | BVB7: =SUM(BVB8+BVB12+BVB17) -> 0 | BVC7: =SUM(BVC8+BVC12+BVC17) -> 0 | BVD7: =SUM(BVD8+BVD12+BVD17) -> 0 | BVE7: =SUM(BVE8+BVE12+BVE17) -> 0 | BVF7: =SUM(BVF8+BVF12+BVF17) -> 0 | ... BVL7: =SUM(BVL8+BVL12+BVL17) -> 0 | BVN7: =SUM(BVN8+BVN12+BVN17) -> 0 | BVO7: =SUM(BVO8+BVO12+BVO17) -> 0 | BVP7: =SUM(BVP8+BVP12+BVP17) -> 0 | BVQ7: =SUM(BVQ8+BVQ12+BVQ17) -> 0 | BVR7: =SUM(BVR8+BVR12+BVR17) -> 0 | BVS7: =SUM(BVS8+BVS12+BVS17) -> 0 | BVT7: =SUM(BVT8+BVT12+BVT17) -> 0 | BVU7: =SUM(BVU8+BVU12+BVU17) -> 0 | ... BWA7: =SUM(BWA8+BWA12+BWA17) -> 0
